Workbook

Sheet DATA SUFF MATH TRACKER
G6: Pct of Total Qs Answered
AB7: =AB$11/SUM($AB$11:$BO$11) -> 0.1032967 | AC7: =AC$11/SUM($AB$11:$BO$11) -> 0.12087912 | AD7: =AD$11/SUM($AB$11:$BO$11) -> 0.03956044 | AE7: =AE$11/SUM($AB$11:$BO$11) -> 0.032967033 | AF7: =AF$11/SUM($AB$11:$BO$11) -> 0.037362637 | AG7: =AG$11/SUM($AB$11:$BO$11) -> 0.035164835 | AH7: =AH$11/SUM($AB$11:$BO$11) -> 0.026373626 | AI7: =AI$11/SUM($AB$11:$BO$11) -> 0.024175824 | AM7: =AM$11/SUM($AB$11:$BO$11) -> 0.01978022 | AN7: =AN$11/SUM($AB$11:$BO$11) -> 0.030769231 | AO7: =AO$11/SUM($AB$11:$BO$11) -> 0.015384615 | AP7: =AP$11/SUM($AB$11:$BO$11) -> 0.021978022 | AQ7: =AQ$11/SUM($AB$11:$BO$11) -> 0.01978022 | AR7: =AR$11/SUM($AB$11:$BO$11) -> 0.0087912088 | AS7: =AS$11/SUM($AB$11:$BO$11) -> 0.0065934066 | AT7: =AT$11/SUM($AB$11:$BO$11) -> 0.10549451 | ... BK7: =BK$11/SUM($AB$11:$BO$11) -> 0.013186813 | BM7: =BM$11/SUM($AB$11:$BO$11) -> 0.043956044 | BN7: =BN$11/SUM($AB$11:$BO$11) -> 0.0021978022 | BO7: =BO$11/SUM($AB$11:$BO$11) -> 0.021978022
B8: DATA SUFFICENCY GMAT QUANT TRACKER | AB8: =IFERROR(AB11/SUM($AB$11:$BO$11),"NA") -> 0.1032967 | AC8: =IFERROR(AC11/SUM($AB$11:$BO$11),"NA") -> 0.12087912 | AD8: =IFERROR(AD11/SUM($AB$11:$BO$11),"NA") -> 0.03956044 | AE8: =IFERROR(AE11/SUM($AB$11:$BO$11),"NA") -> 0.032967033 | AF8: =IFERROR(AF11/SUM($AB$11:$BO$11),"NA") -> 0.037362637 | AG8: =IFERROR(AG11/SUM($AB$11:$BO$11),"NA") -> 0.035164835 | AH8: =IFERROR(AH11/SUM($AB$11:$BO$11),"NA") -> 0.026373626 | AI8: =IFERROR(AI11/SUM($AB$11:$BO$11),"NA") -> 0.024175824 | ... BK8: =IFERROR(BK11/SUM($AB$11:$BO$11),"NA") -> 0.013186813 | BM8: =IFERROR(BM11/SUM($AB$11:$BO$11),"NA") -> 0.043956044 | BN8: =IFERROR(BN11/SUM($AB$11:$BO$11),"NA") -> 0.0021978022 | BO8: =IFERROR(BO11/SUM($AB$11:$BO$11),"NA") -> 0.021978022
E9: 31 | G9: Question Type | R9: IF BETWEEN C & E = CHOOSE C | AB9: Algebra | AC9: Algebra | AD9: Algebra | AE9: Algebra | AF9: Algebra | AG9: Fractions / Decimals / PCT | AH9: SETS | AI9: STATISTICS | AJ9: Number Properties | AK9: Number Properties | AL9: Number Properties | AM9: Number Properties | AN9: Number Properties | AO9: Number Properties | AP9: Number Properties | AQ9: Number Properties | AR9: PRIMES | AS9: Word Problem | AT9: Word Problem | AU9: Word Problem | AV9: Word Problem | AW9: Word Problem | AX9: Word Problem | AY9: Word Problem | AZ9: Word Problem | BA9: Word Problem | BB9: Word Problem | BC9: Word Problem | BD9: Combinotronics | BE9: Combinotronics | BF9: Coordinate Plane | BG9: Coordinate Plane | BH9: 3D GEOMETRY | BI9: 3D GEOMETRY | BJ9: 3D GEOMETRY | BK9: 2D GEOMETRY | BL9: 2D GEOMETRY | BM9: 2D GEOMETRY | BN9: 2D GEOMETRY | BO9: 2D GEOMETRY
E10: =E9*2 -> 62 | F10: =E10*1.5 -> 93 | R10: IF I DON'T TEST CASES & CHECK - 9/10 - MARK IT WRONG | AB10: Algebra | AC10: Inequalities | AD10: Absolute Value | AE10: Roots | AF10: Exponents | AG10: Fractions / Decimals / PCT | AH10: Sets | AI10: Statistics | AJ10: DIGITS | AK10: Factorials | AL10: Number Properties | AM10: Factors | AN10: Divisibility | AO10: Remainders | AP10: EVEN / ODD | AQ10: Primes | AR10: POS / NEG | AS10: Ratio | AT10: Word Problem | AU10: Profit | AV10: Discount | AW10: Rate / Distance | AX10: Work | AY10: Interest | AZ10: Growth Rates | BA10: MAX / MIN | BB10: Weighted Avg | BC10: Overlapping Sets | BD10: Probability | BE10: Combinotronics | BF10: Functions / Graphs | BG10: Coordinate Plane | BH10: Cylinders | BI10: Spheres | BJ10: Cubes/ Prisms | BK10: Circles | BL10: Lines & Angles | BM10: Quadrilaterals | BN10: Polygons | BO10: Triangles
D11: Time Limit | R11: A SQUARED NUMBER HAS + And - ROOTS / A SQRT # IS ONLY THE + ROOT | AB11: =COUNTA(AB26:AB$47900) -> 47 | AC11: =COUNTA(AC26:AC$47900) -> 55 | AD11: =COUNTA(AD26:AD$47900) -> 18 | AE11: =COUNTA(AE26:AE$47900) -> 15 | AF11: =COUNTA(AF26:AF$47900) -> 17 | AG11: =COUNTA(AG26:AG$47900) -> 16 | AH11: =COUNTA(AH26:AH$47900) -> 12 | AI11: =COUNTA(AI26:AI$47900) -> 11 | ... BO11: =COUNTA(BO26:BO$47900) -> 10
B12: LEVEL | C12: Minutes | D12: 1.5x | E12: Regular | F12: Total Qs by Diff | G12: PCt Correct | R12: MAKE SURE TO TEST DISTINCT CASES!!!!!!!!!!!!!! | AB12: =IFERROR(COUNTIF(AB26:AB$47900,"1C"),"NA") -> 28 | AC12: =IFERROR(COUNTIF(AC26:AC$47900,"1C"),"NA") -> 39 | AD12: =IFERROR(COUNTIF(AD26:AD$47900,"1C"),"NA") -> 10 | AE12: =IFERROR(COUNTIF(AE26:AE$47900,"1C"),"NA") -> 10 | AF12: =IFERROR(COUNTIF(AF26:AF$47900,"1C"),"NA") -> 8 | AG12: =IFERROR(COUNTIF(AG26:AG$47900,"1C"),"NA") -> 10 | AH12: =IFERROR(COUNTIF(AH26:AH$47900,"1C"),"NA") -> 10 | AI12: =IFERROR(COUNTIF(AI26:AI$47900,"1C"),"NA") -> 10 | ... BO12: =IFERROR(COUNTIF(BO26:BO$47900,"1C"),"NA") -> 6
B13: 700 | C13: =IFERROR(AVERAGEIF($C$26:$C$580,B13,$D$26:$D$580),"NA") -> 3.2481907 | D13: =(E13*1) -> 2 | E13: 2 | F13: =COUNTIF($C$26:$C$707,$B13) -> 118 | G13: =COUNTIFS($C$26:$C$707,$B13,$F$26:$F$707,"C")/F13 -> 0.41525424 | U13: (start & b or d) | V13: Work backwards | AB13: =IFERROR(COUNTIF(AB26:AB561,"1W"),"NA") -> 19 | AC13: =IFERROR(COUNTIF(AC26:AC561,"1W"),"NA") -> 16 | AD13: =IFERROR(COUNTIF(AD26:AD561,"1W"),"NA") -> 8 | AE13: =IFERROR(COUNTIF(AE26:AE561,"1W"),"NA") -> 5 | AF13: =IFERROR(COUNTIF(AF26:AF561,"1W"),"NA") -> 9 | AG13: =IFERROR(COUNTIF(AG26:AG561,"1W"),"NA") -> 6 | AH13: =IFERROR(COUNTIF(AH26:AH561,"1W"),"NA") -> 2 | AI13: =IFERROR(COUNTIF(AI26:AI561,"1W"),"NA") -> 1 | ... BO13: =IFERROR(COUNTIF(BO26:BO561,"1W"),"NA") -> 4
B14: 600-700 | C14: =IFERROR(AVERAGEIF($C$26:$C$580,B14,$D$26:$D$580),"NA") -> 2.6315926 | D14: =(E14*1) -> 2 | E14: 2 | F14: =COUNTIF($C$26:$C$707,$B14) -> 348 | G14: =COUNTIFS($C$26:$C$707,$B14,$F$26:$F$707,"C")/F14 -> 0.67816092 | R14: DO OPERATIONS WITH EVEN/ ODD Qs | V14: Smart Numbers
B15: sub-600 | C15: =IFERROR(AVERAGEIF($C$26:$C$580,B15,$D$26:$D$580),"NA") -> 1.4215 | D15: =(E15*1) -> 2 | E15: 2 | F15: =COUNTIF($C$26:$C$707,$B15) -> 41 | G15: =COUNTIFS($C$26:$C$707,$B15,$F$26:$F$707,"C")/F15 -> 0.92682927 | V15: Logic It out | AB15: =IFERROR(AB12/AB11,"NA") -> 0.59574468 | AC15: =IFERROR(AC12/AC11,"NA") -> 0.70909091 | AD15: =IFERROR(AD12/AD11,"NA") -> 0.55555556 | AE15: =IFERROR(AE12/AE11,"NA") -> 0.66666667 | AF15: =IFERROR(AF12/AF11,"NA") -> 0.47058824 | AG15: =IFERROR(AG12/AG11,"NA") -> 0.625 | AH15: =IFERROR(AH12/AH11,"NA") -> 0.83333333 | AI15: =IFERROR(AI12/AI11,"NA") -> 0.90909091 | ... BO15: =IFERROR(BO12/BO11,"NA") -> 0.6
P16: REMEMBER, THIS IS A TEST OF LOGICAL REASONING | AB16: =IFERROR(AB13/AB$5,"NA") -> NA | AC16: =IFERROR(AC13/AC$5,"NA") -> NA | AD16: =IFERROR(AD13/AD$5,"NA") -> NA | AE16: =IFERROR(AE13/AE$5,"NA") -> NA | AF16: =IFERROR(AF13/AF$5,"NA") -> NA | AG16: =IFERROR(AG13/AG$5,"NA") -> NA | AH16: =IFERROR(AH13/AH$5,"NA") -> NA | AI16: =IFERROR(AI13/AI$5,"NA") -> NA | ... BO16: =IFERROR(BO13/BO$5,"NA") -> NA | CP16: sub-600 | CQ16: 600-700 | CR16: 700
P17: NOT MATH ABILITIES!!!!! LOGIC FIRST, THEN USE MATH
B18: Cut off Time: | G18: ="PCT of "&B13&" Lvl Q correct" -> PCT of 700 Lvl Q correct | AB18: =IFERROR(COUNTIFS(AB$26:AB$47900,"1C",$C$26:$C$47900,$B13)/(COUNTIFS(AB$26:AB$47900,"1C",$C$26:$C$47900,$B13)+COUNTIFS(AB$26:AB$47900,"1W",$C$26:$C$47900,$B13)),"NA") -> 0.42857143 | AC18: =IFERROR(COUNTIFS(AC$26:AC$47900,"1C",$C$26:$C$47900,$B13)/(COUNTIFS(AC$26:AC$47900,"1C",$C$26:$C$47900,$B13)+COUNTIFS(AC$26:AC$47900,"1W",$C$26:$C$47900,$B13)),"NA") -> 0.4 | AD18: =IFERROR(COUNTIFS(AD$26:AD$47900,"1C",$C$26:$C$47900,$B13)/(COUNTIFS(AD$26:AD$47900,"1C",$C$26:$C$47900,$B13)+COUNTIFS(AD$26:AD$47900,"1W",$C$26:$C$47900,$B13)),"NA") -> 0.16666667 | AE18: =IFERROR(COUNTIFS(AE$26:AE$47900,"1C",$C$26:$C$47900,$B13)/(COUNTIFS(AE$26:AE$47900,"1C",$C$26:$C$47900,$B13)+COUNTIFS(AE$26:AE$47900,"1W",$C$26:$C$47900,$B13)),"NA") -> NA | AF18: =IFERROR(COUNTIFS(AF$26:AF$47900,"1C",$C$26:$C$47900,$B13)/(COUNTIFS(AF$26:AF$47900,"1C",$C$26:$C$47900,$B13)+COUNTIFS(AF$26:AF$47900,"1W",$C$26:$C$47900,$B13)),"NA") -> 0 | AG18: =IFERROR(COUNTIFS(AG$26:AG$47900,"1C",$C$26:$C$47900,$B13)/(COUNTIFS(AG$26:AG$47900,"1C",$C$26:$C$47900,$B13)+COUNTIFS(AG$26:AG$47900,"1W",$C$26:$C$47900,$B13)),"NA") -> 0.5 | AH18: =IFERROR(COUNTIFS(AH$26:AH$47900,"1C",$C$26:$C$47900,$B13)/(COUNTIFS(AH$26:AH$47900,"1C",$C$26:$C$47900,$B13)+COUNTIFS(AH$26:AH$47900,"1W",$C$26:$C$47900,$B13)),"NA") -> 1 | AI18: =IFERROR(COUNTIFS(AI$26:AI$47900,"1C",$C$26:$C$47900,$B13)/(COUNTIFS(AI$26:AI$47900,"1C",$C$26:$C$47900,$B13)+COUNTIFS(AI$26:AI$47900,"1W",$C$26:$C$47900,$B13)),"NA") -> 0 | ... BO18: =IFERROR(COUNTIFS(BO$26:BO$47900,"1C",$C$26:$C$47900,$B13)/(COUNTIFS(BO$26:BO$47900,"1C",$C$26:$C$47900,$B13)+COUNTIFS(BO$26:BO$47900,"1W",$C$26:$C$47900,$B13)),"NA") -> 0.5
B19: pct of time correct if take longer than [ ] Minutes | G19: ="PCT of "&B14&" Lvl Q correct" -> PCT of 600-700 Lvl Q correct | AB19: =IFERROR(COUNTIFS(AB$26:AB$47900,"1C",$C$26:$C$47900,$B14)/(COUNTIFS(AB$26:AB$47900,"1C",$C$26:$C$47900,$B14)+COUNTIFS(AB$26:AB$47900,"1W",$C$26:$C$47900,$B14)),"NA") -> 0.62162162 | AC19: =IFERROR(COUNTIFS(AC$26:AC$47900,"1C",$C$26:$C$47900,$B14)/(COUNTIFS(AC$26:AC$47900,"1C",$C$26:$C$47900,$B14)+COUNTIFS(AC$26:AC$47900,"1W",$C$26:$C$47900,$B14)),"NA") -> 0.64285714 | AD19: =IFERROR(COUNTIFS(AD$26:AD$47900,"1C",$C$26:$C$47900,$B14)/(COUNTIFS(AD$26:AD$47900,"1C",$C$26:$C$47900,$B14)+COUNTIFS(AD$26:AD$47900,"1W",$C$26:$C$47900,$B14)),"NA") -> 0.66666667 | AE19: =IFERROR(COUNTIFS(AE$26:AE$47900,"1C",$C$26:$C$47900,$B14)/(COUNTIFS(AE$26:AE$47900,"1C",$C$26:$C$47900,$B14)+COUNTIFS(AE$26:AE$47900,"1W",$C$26:$C$47900,$B14)),"NA") -> 0.5 | AF19: =IFERROR(COUNTIFS(AF$26:AF$47900,"1C",$C$26:$C$47900,$B14)/(COUNTIFS(AF$26:AF$47900,"1C",$C$26:$C$47900,$B14)+COUNTIFS(AF$26:AF$47900,"1W",$C$26:$C$47900,$B14)),"NA") -> 0.5 | AG19: =IFERROR(COUNTIFS(AG$26:AG$47900,"1C",$C$26:$C$47900,$B14)/(COUNTIFS(AG$26:AG$47900,"1C",$C$26:$C$47900,$B14)+COUNTIFS(AG$26:AG$47900,"1W",$C$26:$C$47900,$B14)),"NA") -> 0.63636364 | AH19: =IFERROR(COUNTIFS(AH$26:AH$47900,"1C",$C$26:$C$47900,$B14)/(COUNTIFS(AH$26:AH$47900,"1C",$C$26:$C$47900,$B14)+COUNTIFS(AH$26:AH$47900,"1W",$C$26:$C$47900,$B14)),"NA") -> 0.8 | AI19: =IFERROR(COUNTIFS(AI$26:AI$47900,"1C",$C$26:$C$47900,$B14)/(COUNTIFS(AI$26:AI$47900,"1C",$C$26:$C$47900,$B14)+COUNTIFS(AI$26:AI$47900,"1W",$C$26:$C$47900,$B14)),"NA") -> 1 | ... BO19: =IFERROR(COUNTIFS(BO$26:BO$47900,"1C",$C$26:$C$47900,$B14)/(COUNTIFS(BO$26:BO$47900,"1C",$C$26:$C$47900,$B14)+COUNTIFS(BO$26:BO$47900,"1W",$C$26:$C$47900,$B14)),"NA") -> 0.66666667 | CO19: 0.025 | CP19: =IFERROR(COUNTIFS($C$26:$C$48400,CP$16,$D$26:$D$48400,">="&$CO19,$F$26:$F$48400,"C")/COUNTIFS($C$26:$C$48400,CP$16,$D$26:$D$48400,">="&$CO19),"NA") -> 0.95 | CQ19: =IFERROR(COUNTIFS($C$26:$C$48400,CQ$16,$D$26:$D$48400,">="&$CO19,$F$26:$F$48400,"C")/COUNTIFS($C$26:$C$48400,CQ$16,$D$26:$D$48400,">="&$CO19),"NA") -> 0.68115942 | CR19: =IFERROR(COUNTIFS($C$26:$C$48400,CR$16,$D$26:$D$48400,">="&$CO19,$F$26:$F$48400,"C")/COUNTIFS($C$26:$C$48400,CR$16,$D$26:$D$48400,">="&$CO19),"NA") -> 0.41025641
B20: (mins) / level | C20: =B13 -> 700 | D20: =B14 -> 600-700 | E20: =B15 -> sub-600 | G20: ="PCT of "&B15&" Lvl Q correct" -> PCT of sub-600 Lvl Q correct | AB20: =IFERROR(COUNTIFS(AB$26:AB$47900,"1C",$C$26:$C$47900,$B15)/(COUNTIFS(AB$26:AB$47900,"1C",$C$26:$C$47900,$B15)+COUNTIFS(AB$26:AB$47900,"1W",$C$26:$C$47900,$B15)),"NA") -> 0.5 | AC20: =IFERROR(COUNTIFS(AC$26:AC$47900,"1C",$C$26:$C$47900,$B15)/(COUNTIFS(AC$26:AC$47900,"1C",$C$26:$C$47900,$B15)+COUNTIFS(AC$26:AC$47900,"1W",$C$26:$C$47900,$B15)),"NA") -> 1 | AD20: =IFERROR(COUNTIFS(AD$26:AD$47900,"1C",$C$26:$C$47900,$B15)/(COUNTIFS(AD$26:AD$47900,"1C",$C$26:$C$47900,$B15)+COUNTIFS(AD$26:AD$47900,"1W",$C$26:$C$47900,$B15)),"NA") -> 0.83333333 | AE20: =IFERROR(COUNTIFS(AE$26:AE$47900,"1C",$C$26:$C$47900,$B15)/(COUNTIFS(AE$26:AE$47900,"1C",$C$26:$C$47900,$B15)+COUNTIFS(AE$26:AE$47900,"1W",$C$26:$C$47900,$B15)),"NA") -> 1 | AF20: =IFERROR(COUNTIFS(AF$26:AF$47900,"1C",$C$26:$C$47900,$B15)/(COUNTIFS(AF$26:AF$47900,"1C",$C$26:$C$47900,$B15)+COUNTIFS(AF$26:AF$47900,"1W",$C$26:$C$47900,$B15)),"NA") -> NA | AG20: =IFERROR(COUNTIFS(AG$26:AG$47900,"1C",$C$26:$C$47900,$B15)/(COUNTIFS(AG$26:AG$47900,"1C",$C$26:$C$47900,$B15)+COUNTIFS(AG$26:AG$47900,"1W",$C$26:$C$47900,$B15)),"NA") -> 1 | AH20: =IFERROR(COUNTIFS(AH$26:AH$47900,"1C",$C$26:$C$47900,$B15)/(COUNTIFS(AH$26:AH$47900,"1C",$C$26:$C$47900,$B15)+COUNTIFS(AH$26:AH$47900,"1W",$C$26:$C$47900,$B15)),"NA") -> NA | AI20: =IFERROR(COUNTIFS(AI$26:AI$47900,"1C",$C$26:$C$47900,$B15)/(COUNTIFS(AI$26:AI$47900,"1C",$C$26:$C$47900,$B15)+COUNTIFS(AI$26:AI$47900,"1W",$C$26:$C$47900,$B15)),"NA") -> NA | ... BO20: =IFERROR(COUNTIFS(BO$26:BO$47900,"1C",$C$26:$C$47900,$B15)/(COUNTIFS(BO$26:BO$47900,"1C",$C$26:$C$47900,$B15)+COUNTIFS(BO$26:BO$47900,"1W",$C$26:$C$47900,$B15)),"NA") -> NA | BU20: PCT CORRECT | BV20: Y AXIS | CO20: =CO19+0.25 -> 0.275 | CP20: =IFERROR(COUNTIFS($C$26:$C$48400,CP$16,$D$26:$D$48400,">="&$CO20,$F$26:$F$48400,"C")/COUNTIFS($C$26:$C$48400,CP$16,$D$26:$D$48400,">="&$CO20),"NA") -> 0.94736842 | CQ20: =IFERROR(COUNTIFS($C$26:$C$48400,CQ$16,$D$26:$D$48400,">="&$CO20,$F$26:$F$48400,"C")/COUNTIFS($C$26:$C$48400,CQ$16,$D$26:$D$48400,">="&$CO20),"NA") -> 0.69117647 | CR20: =IFERROR(COUNTIFS($C$26:$C$48400,CR$16,$D$26:$D$48400,">="&$CO20,$F$26:$F$48400,"C")/COUNTIFS($C$26:$C$48400,CR$16,$D$26:$D$48400,">="&$CO20),"NA") -> 0.4173913
B21: 1 | C21: =IFERROR(COUNTIFS($C$26:$C$47900,C$20,$D$26:$D$47900,">="&$B21,$F$26:$F$47900,"C")/COUNTIFS($C$26:$C$47900,C$20,$D$26:$D$47900,">="&$B21),"NA") -> 0.4122807 | D21: =IFERROR(COUNTIFS($C$26:$C$47900,D$20,$D$26:$D$47900,">="&$B21,$F$26:$F$47900,"C")/COUNTIFS($C$26:$C$47900,D$20,$D$26:$D$47900,">="&$B21),"NA") -> 0.7037037 | E21: =IFERROR(COUNTIFS($C$26:$C$47900,E$20,$D$26:$D$47900,">="&$B21,$F$26:$F$47900,"C")/COUNTIFS($C$26:$C$47900,E$20,$D$26:$D$47900,">="&$B21),"NA") -> 0.92857143 | BU21: AVERAGE TIME | BV21: x AXIS | CO21: =CO20+0.25 -> 0.525 | CP21: =IFERROR(COUNTIFS($C$26:$C$48400,CP$16,$D$26:$D$48400,">="&$CO21,$F$26:$F$48400,"C")/COUNTIFS($C$26:$C$48400,CP$16,$D$26:$D$48400,">="&$CO21),"NA") -> 0.94444444 | CQ21: =IFERROR(COUNTIFS($C$26:$C$48400,CQ$16,$D$26:$D$48400,">="&$CO21,$F$26:$F$48400,"C")/COUNTIFS($C$26:$C$48400,CQ$16,$D$26:$D$48400,">="&$CO21),"NA") -> 0.69642857 | CR21: =IFERROR(COUNTIFS($C$26:$C$48400,CR$16,$D$26:$D$48400,">="&$CO21,$F$26:$F$48400,"C")/COUNTIFS($C$26:$C$48400,CR$16,$D$26:$D$48400,">="&$CO21),"NA") -> 0.4173913
B22: =B21+0.5 -> 1.5 | C22: =IFERROR(COUNTIFS($C$26:$C$47900,C$20,$D$26:$D$47900,">="&$B22,$F$26:$F$47900,"C")/COUNTIFS($C$26:$C$47900,C$20,$D$26:$D$47900,">="&$B22),"NA") -> 0.39047619 | D22: =IFERROR(COUNTIFS($C$26:$C$47900,D$20,$D$26:$D$47900,">="&$B22,$F$26:$F$47900,"C")/COUNTIFS($C$26:$C$47900,D$20,$D$26:$D$47900,">="&$B22),"NA") -> 0.70318021 | E22: =IFERROR(COUNTIFS($C$26:$C$47900,E$20,$D$26:$D$47900,">="&$B22,$F$26:$F$47900,"C")/COUNTIFS($C$26:$C$47900,E$20,$D$26:$D$47900,">="&$B22),"NA") -> 0.93333333 | G22: Average Time Per Q | Y22: METHOD | Z22: WHY WRONG | AB22: =IFERROR(AVERAGEIF($E$26:$E$1008,AB$25,$D$26:$D$1008),"NA") -> 2.6225157 | AC22: =IFERROR(AVERAGEIF($E$26:$E$1008,AC$25,$D$26:$D$1008),"NA") -> 2.1794444 | AD22: =IFERROR(AVERAGEIF($E$26:$E$1008,AD$25,$D$26:$D$1008),"NA") -> 2.364325 | AE22: =IFERROR(AVERAGEIF($E$26:$E$1008,AE$25,$D$26:$D$1008),"NA") -> 1.9451111 | AF22: =IFERROR(AVERAGEIF($E$26:$E$1008,AF$25,$D$26:$D$1008),"NA") -> 3.2303922 | AG22: =IFERROR(AVERAGEIF($E$26:$E$1008,AG$25,$D$26:$D$1008),"NA") -> 2.7283333 | AH22: =IFERROR(AVERAGEIF($E$26:$E$1008,AH$25,$D$26:$D$1008),"NA") -> 2.8822222 | AI22: =IFERROR(AVERAGEIF($E$26:$E$1008,AI$25,$D$26:$D$1008),"NA") -> 2.4333333 | ... BO22: =IFERROR(AVERAGEIF($E$26:$E$1008,BO$25,$D$26:$D$1008),"NA") -> 3.67 | BU22: PCT OF TOTAL QS | BV22: BUBBLE SIZE | CO22: =CO21+0.25 -> 0.775 | CP22: =IFERROR(COUNTIFS($C$26:$C$48400,CP$16,$D$26:$D$48400,">="&$CO22,$F$26:$F$48400,"C")/COUNTIFS($C$26:$C$48400,CP$16,$D$26:$D$48400,">="&$CO22),"NA") -> 0.9375 | CQ22: =IFERROR(COUNTIFS($C$26:$C$48400,CQ$16,$D$26:$D$48400,">="&$CO22,$F$26:$F$48400,"C")/COUNTIFS($C$26:$C$48400,CQ$16,$D$26:$D$48400,">="&$CO22),"NA") -> 0.7030303 | CR22: =IFERROR(COUNTIFS($C$26:$C$48400,CR$16,$D$26:$D$48400,">="&$CO22,$F$26:$F$48400,"C")/COUNTIFS($C$26:$C$48400,CR$16,$D$26:$D$48400,">="&$CO22),"NA") -> 0.4173913
B23: =B22+0.5 -> 2 | C23: =IFERROR(COUNTIFS($C$26:$C$47900,C$20,$D$26:$D$47900,">="&$B23,$F$26:$F$47900,"C")/COUNTIFS($C$26:$C$47900,C$20,$D$26:$D$47900,">="&$B23),"NA") -> 0.37373737 | D23: =IFERROR(COUNTIFS($C$26:$C$47900,D$20,$D$26:$D$47900,">="&$B23,$F$26:$F$47900,"C")/COUNTIFS($C$26:$C$47900,D$20,$D$26:$D$47900,">="&$B23),"NA") -> 0.68722467 | E23: =IFERROR(COUNTIFS($C$26:$C$47900,E$20,$D$26:$D$47900,">="&$B23,$F$26:$F$47900,"C")/COUNTIFS($C$26:$C$47900,E$20,$D$26:$D$47900,">="&$B23),"NA") -> 0.9 | G23: Avg time if C | J23: REWRITE | K23: IDENTIFY | L23: READ | M23: Write Down | N23: SIMPLY/ | O23: LOGIC OUT THE Q | P23: TEST | Q23: Talk out Q | R23: PAUSE & REASSESS | S23: IF C or E | T23: Draw | U23: Check | V23: EMPLOY | W23: CONFIRM | X23: CHECK | Y23: EMPLOYED? | Z23: / WHAT IS | AB23: =IFERROR(AVERAGEIFS($D$26:$D$1008,$E$26:$E$1008,AB$25,$F$26:$F$1008,"C"),"NA") -> 2.2244792 | AC23: =IFERROR(AVERAGEIFS($D$26:$D$1008,$E$26:$E$1008,AC$25,$F$26:$F$1008,"C"),"NA") -> 2.1077236 | AD23: =IFERROR(AVERAGEIFS($D$26:$D$1008,$E$26:$E$1008,AD$25,$F$26:$F$1008,"C"),"NA") -> 1.8863636 | AE23: =IFERROR(AVERAGEIFS($D$26:$D$1008,$E$26:$E$1008,AE$25,$F$26:$F$1008,"C"),"NA") -> 1.6243333 | AF23: =IFERROR(AVERAGEIFS($D$26:$D$1008,$E$26:$E$1008,AF$25,$F$26:$F$1008,"C"),"NA") -> 2.7703704 | AG23: =IFERROR(AVERAGEIFS($D$26:$D$1008,$E$26:$E$1008,AG$25,$F$26:$F$1008,"C"),"NA") -> 2.402381 | AH23: =IFERROR(AVERAGEIFS($D$26:$D$1008,$E$26:$E$1008,AH$25,$F$26:$F$1008,"C"),"NA") -> 3.0296296 | AI23: =IFERROR(AVERAGEIFS($D$26:$D$1008,$E$26:$E$1008,AI$25,$F$26:$F$1008,"C"),"NA") -> 2.3833333 | ... BO23: =IFERROR(AVERAGEIFS($D$26:$D$1008,$E$26:$E$1008,BO$25,$F$26:$F$1008,"C"),"NA") -> 3.5694444 | CO23: =CO22+0.25 -> 1.025 | CP23: =IFERROR(COUNTIFS($C$26:$C$48400,CP$16,$D$26:$D$48400,">="&$CO23,$F$26:$F$48400,"C")/COUNTIFS($C$26:$C$48400,CP$16,$D$26:$D$48400,">="&$CO23),"NA") -> 0.92 | CQ23: =IFERROR(COUNTIFS($C$26:$C$48400,CQ$16,$D$26:$D$48400,">="&$CO23,$F$26:$F$48400,"C")/COUNTIFS($C$26:$C$48400,CQ$16,$D$26:$D$48400,">="&$CO23),"NA") -> 0.70404984 | CR23: =IFERROR(COUNTIFS($C$26:$C$48400,CR$16,$D$26:$D$48400,">="&$CO23,$F$26:$F$48400,"C")/COUNTIFS($C$26:$C$48400,CR$16,$D$26:$D$48400,">="&$CO23),"NA") -> 0.40707965
B24: =B23+0.5 -> 2.5 | C24: =IFERROR(COUNTIFS($C$26:$C$47900,C$20,$D$26:$D$47900,">="&$B24,$F$26:$F$47900,"C")/COUNTIFS($C$26:$C$47900,C$20,$D$26:$D$47900,">="&$B24),"NA") -> 0.35294118 | D24: =IFERROR(COUNTIFS($C$26:$C$47900,D$20,$D$26:$D$47900,">="&$B24,$F$26:$F$47900,"C")/COUNTIFS($C$26:$C$47900,D$20,$D$26:$D$47900,">="&$B24),"NA") -> 0.63276836 | E24: =IFERROR(COUNTIFS($C$26:$C$47900,E$20,$D$26:$D$47900,">="&$B24,$F$26:$F$47900,"C")/COUNTIFS($C$26:$C$47900,E$20,$D$26:$D$47900,">="&$B24),"NA") -> 0.8 | G24: Avg time if W | J24: QUESTION | K24: TOPIC? | L24: FULL | M24: Given | N24: REDUCE | O24: LOGIC OUT THE Q | P24: CASES | Q24: & Steps Needed | R24: GIVEN & 1&2 INFO | S24: WORK OUT C | T24: Diagram | U24: Units | V24: TEST | W24: ANSWERING | X24: MATH | Z24: LESSON | AB24: =IFERROR(AVERAGEIFS($D$26:$D$1008,$E$26:$E$1008,AB$25,$F$26:$F$1008,"W"),"NA") -> 3.2290476 | AC24: =IFERROR(AVERAGEIFS($D$26:$D$1008,$E$26:$E$1008,AC$25,$F$26:$F$1008,"W"),"NA") -> 2.3342105 | AD24: =IFERROR(AVERAGEIFS($D$26:$D$1008,$E$26:$E$1008,AD$25,$F$26:$F$1008,"W"),"NA") -> 2.9485 | AE24: =IFERROR(AVERAGEIFS($D$26:$D$1008,$E$26:$E$1008,AE$25,$F$26:$F$1008,"W"),"NA") -> 2.5866667 | AF24: =IFERROR(AVERAGEIFS($D$26:$D$1008,$E$26:$E$1008,AF$25,$F$26:$F$1008,"W"),"NA") -> 3.7479167 | AG24: =IFERROR(AVERAGEIFS($D$26:$D$1008,$E$26:$E$1008,AG$25,$F$26:$F$1008,"W"),"NA") -> 3.4888889 | AH24: =IFERROR(AVERAGEIFS($D$26:$D$1008,$E$26:$E$1008,AH$25,$F$26:$F$1008,"W"),"NA") -> 2.44 | AI24: =IFERROR(AVERAGEIFS($D$26:$D$1008,$E$26:$E$1008,AI$25,$F$26:$F$1008,"W"),"NA") -> 2.9333333 | ... BO24: =IFERROR(AVERAGEIFS($D$26:$D$1008,$E$26:$E$1008,BO$25,$F$26:$F$1008,"W"),"NA") -> 3.8208333 | CO24: =CO23+0.25 -> 1.275 | CP24: =IFERROR(COUNTIFS($C$26:$C$48400,CP$16,$D$26:$D$48400,">="&$CO24,$F$26:$F$48400,"C")/COUNTIFS($C$26:$C$48400,CP$16,$D$26:$D$48400,">="&$CO24),"NA") -> 0.94117647 | CQ24: =IFERROR(COUNTIFS($C$26:$C$48400,CQ$16,$D$26:$D$48400,">="&$CO24,$F$26:$F$48400,"C")/COUNTIFS($C$26:$C$48400,CQ$16,$D$26:$D$48400,">="&$CO24),"NA") -> 0.6996587 | CR24: =IFERROR(COUNTIFS($C$26:$C$48400,CR$16,$D$26:$D$48400,">="&$CO24,$F$26:$F$48400,"C")/COUNTIFS($C$26:$C$48400,CR$16,$D$26:$D$48400,">="&$CO24),"NA") -> 0.39814815
B25: Date | C25: Level | D25: Time (mins) | E25: TOPIC | F25: CORRECT/ WRONG | G25: link | L25: PROMPT | M25: Info | N25: GIVEN INFO | O25: LOGIC OUT THE Q | P25: FULLY?? | Q25: To Answer | R25: BEFORE C&E | S25: FULLY? | T25: If needed | U25: If needed | V25: STRAT | W25: RIGHT Q | X25: IS RIGHT | Z25: LEARNEd | AB25: =AB10 -> Algebra | AC25: =AC10 -> Inequalities | AD25: =AD10 -> Absolute Value | AE25: =AE10 -> Roots | AF25: =AF10 -> Exponents | AG25: =AG10 -> Fractions / Decimals / PCT | AH25: =AH10 -> Sets | AI25: =AI10 -> Statistics | ... BO25: =BO10 -> Triangles | CO25: =CO24+0.25 -> 1.525 | CP25: =IFERROR(COUNTIFS($C$26:$C$48400,CP$16,$D$26:$D$48400,">="&$CO25,$F$26:$F$48400,"C")/COUNTIFS($C$26:$C$48400,CP$16,$D$26:$D$48400,">="&$CO25),"NA") -> 0.93333333 | CQ25: =IFERROR(COUNTIFS($C$26:$C$48400,CQ$16,$D$26:$D$48400,">="&$CO25,$F$26:$F$48400,"C")/COUNTIFS($C$26:$C$48400,CQ$16,$D$26:$D$48400,">="&$CO25),"NA") -> 0.69927536 | CR25: =IFERROR(COUNTIFS($C$26:$C$48400,CR$16,$D$26:$D$48400,">="&$CO25,$F$26:$F$48400,"C")/COUNTIFS($C$26:$C$48400,CR$16,$D$26:$D$48400,">="&$CO25),"NA") -> 0.38461538
B26: 44488 | C26: sub-600 | D26: 1 | E26: Roots | F26: C | G26: Is n > 6? : Data Sufficiency (DS) (gmatclub.com) | J26: Y | K26: Y | L26: Y | M26: Y | N26: Y | O26: Y | Q26: Y | T26: Y | U26: Y | V26: Y | W26: Y | Y26: Paused after given to undstand what was asked, saw how to get answer via 1 & 2, solved | AE26: 1C | BR26: =IF(COUNTA(AB26:BO26)=1,"CORRECT","EMPTY") -> CORRECT | CO26: =CO25+0.25 -> 1.775 | CP26: =IFERROR(COUNTIFS($C$26:$C$48400,CP$16,$D$26:$D$48400,">="&$CO26,$F$26:$F$48400,"C")/COUNTIFS($C$26:$C$48400,CP$16,$D$26:$D$48400,">="&$CO26),"NA") -> 0.91666667 | CQ26: =IFERROR(COUNTIFS($C$26:$C$48400,CQ$16,$D$26:$D$48400,">="&$CO26,$F$26:$F$48400,"C")/COUNTIFS($C$26:$C$48400,CQ$16,$D$26:$D$48400,">="&$CO26),"NA") -> 0.71084337 | CR26: =IFERROR(COUNTIFS($C$26:$C$48400,CR$16,$D$26:$D$48400,">="&$CO26,$F$26:$F$48400,"C")/COUNTIFS($C$26:$C$48400,CR$16,$D$26:$D$48400,">="&$CO26),"NA") -> 0.37623762
B27: 44488 | C27: sub-600 | D27: 2 | E27: Roots | F27: C | G27: Is the nth root of n greater than the cube root of 3? : Data Sufficiency (DS) (gmatclub.com) | J27: Y | K27: Y | L27: Y | M27: Y | N27: Y | O27: Y | Q27: Y | T27: Y | U27: Y | V27: Y | W27: Y | Y27: Used logic to identify what a higher order root would be compared to a lower one | AE27: 1C | BR27: =IF(COUNTA(AB27:BO27)=1,"CORRECT","EMPTY") -> CORRECT | CO27: =CO26+0.25 -> 2.025 | CP27: =IFERROR(COUNTIFS($C$26:$C$48400,CP$16,$D$26:$D$48400,">="&$CO27,$F$26:$F$48400,"C")/COUNTIFS($C$26:$C$48400,CP$16,$D$26:$D$48400,">="&$CO27),"NA") -> 0.88888889 | CQ27: =IFERROR(COUNTIFS($C$26:$C$48400,CQ$16,$D$26:$D$48400,">="&$CO27,$F$26:$F$48400,"C")/COUNTIFS($C$26:$C$48400,CQ$16,$D$26:$D$48400,">="&$CO27),"NA") -> 0.68544601 | CR27: =IFERROR(COUNTIFS($C$26:$C$48400,CR$16,$D$26:$D$48400,">="&$CO27,$F$26:$F$48400,"C")/COUNTIFS($C$26:$C$48400,CR$16,$D$26:$D$48400,">="&$CO27),"NA") -> 0.37234043
B28: 44488 | C28: sub-600 | D28: =2/6 -> 0.33333333 | E28: Roots | F28: C | G28: What is the value of q ? (1) q = 9^(1/2) (2) |q| = 3 : Data Sufficiency (DS) (gmatclub.com) | J28: Y | K28: Y | L28: Y | M28: Y | N28: Y | O28: Y | Q28: Y | T28: Y | U28: Y | V28: Y | W28: Y | Y28: Understood sqrt of a positive 9 = positive root 3, and abs value could be + or - | AE28: 1C | BR28: =IF(COUNTA(AB28:BO28)=1,"CORRECT","EMPTY") -> CORRECT | CO28: =CO27+0.25 -> 2.275 | CP28: =IFERROR(COUNTIFS($C$26:$C$48400,CP$16,$D$26:$D$48400,">="&$CO28,$F$26:$F$48400,"C")/COUNTIFS($C$26:$C$48400,CP$16,$D$26:$D$48400,">="&$CO28),"NA") -> 0.85714286 | CQ28: =IFERROR(COUNTIFS($C$26:$C$48400,CQ$16,$D$26:$D$48400,">="&$CO28,$F$26:$F$48400,"C")/COUNTIFS($C$26:$C$48400,CQ$16,$D$26:$D$48400,">="&$CO28),"NA") -> 0.64893617 | CR28: =IFERROR(COUNTIFS($C$26:$C$48400,CR$16,$D$26:$D$48400,">="&$CO28,$F$26:$F$48400,"C")/COUNTIFS($C$26:$C$48400,CR$16,$D$26:$D$48400,">="&$CO28),"NA") -> 0.36781609
B29: 44488 | C29: sub-600 | D29: 1 | E29: Roots | F29: C | G29: Is 7 < n^(1/2) < 8? : Data Sufficiency (DS) (gmatclub.com) | J29: Y | K29: Y | L29: Y | M29: Y | N29: Y | O29: Y | Q29: Y | T29: Y | U29: Y | V29: Y | W29: Y | Y29: squared all parts of the inequality and solved for just N | AE29: 1C | BR29: =IF(COUNTA(AB29:BO29)=1,"CORRECT","EMPTY") -> CORRECT | CO29: =CO28+0.25 -> 2.525 | CP29: =IFERROR(COUNTIFS($C$26:$C$48400,CP$16,$D$26:$D$48400,">="&$CO29,$F$26:$F$48400,"C")/COUNTIFS($C$26:$C$48400,CP$16,$D$26:$D$48400,">="&$CO29),"NA") -> 0.75 | CQ29: =IFERROR(COUNTIFS($C$26:$C$48400,CQ$16,$D$26:$D$48400,">="&$CO29,$F$26:$F$48400,"C")/COUNTIFS($C$26:$C$48400,CQ$16,$D$26:$D$48400,">="&$CO29),"NA") -> 0.6300578 | CR29: =IFERROR(COUNTIFS($C$26:$C$48400,CR$16,$D$26:$D$48400,">="&$CO29,$F$26:$F$48400,"C")/COUNTIFS($C$26:$C$48400,CR$16,$D$26:$D$48400,">="&$CO29),"NA") -> 0.35714286
B30: 44488 | C30: sub-600 | D30: 1.66 | E30: Roots | F30: C | G30: If m and n are positive integers, is root(m)^n an integer? : Data Sufficiency (DS) (gmatclub.com) | J30: Y | K30: Y | L30: Y | M30: Y | N30: Y | O30: Y | Q30: Y | T30: Y | U30: Y | V30: Y | W30: Y | Y30: an int x int = int, but a fraction to an int (could be a int or a fraction) | AE30: 1C | BR30: =IF(COUNTA(AB30:BO30)=1,"CORRECT","EMPTY") -> CORRECT | CO30: =CO29+0.25 -> 2.775 | CP30: =IFERROR(COUNTIFS($C$26:$C$48400,CP$16,$D$26:$D$48400,">="&$CO30,$F$26:$F$48400,"C")/COUNTIFS($C$26:$C$48400,CP$16,$D$26:$D$48400,">="&$CO30),"NA") -> 0.66666667 | CQ30: =IFERROR(COUNTIFS($C$26:$C$48400,CQ$16,$D$26:$D$48400,">="&$CO30,$F$26:$F$48400,"C")/COUNTIFS($C$26:$C$48400,CQ$16,$D$26:$D$48400,">="&$CO30),"NA") -> 0.62179487 | CR30: =IFERROR(COUNTIFS($C$26:$C$48400,CR$16,$D$26:$D$48400,">="&$CO30,$F$26:$F$48400,"C")/COUNTIFS($C$26:$C$48400,CR$16,$D$26:$D$48400,">="&$CO30),"NA") -> 0.32835821
B31: 44488 | C31: 600-700 | D31: 5 | E31: Roots | F31: W | G31: If x is a positive integer, x = ? : Data Sufficiency (DS) (gmatclub.com) | J31: Y | K31: Y | L31: Y | M31: Y | N31: N | O31: N | Q31: N | T31: N | U31: N | V31: N | W31: N | Y31: Tried to solve the quadratic - got stuck | Z31: Tied to solve via quadratic & finding the roots, however, by simply analyzing the (x+5)(x-5) > 100, could've shown me that it X would have been too large | AE31: 1W | BR31: =IF(COUNTA(AB31:BO31)=1,"CORRECT","EMPTY") -> CORRECT | CO31: =CO30+0.25 -> 3.025 | CP31: =IFERROR(COUNTIFS($C$26:$C$48400,CP$16,$D$26:$D$48400,">="&$CO31,$F$26:$F$48400,"C")/COUNTIFS($C$26:$C$48400,CP$16,$D$26:$D$48400,">="&$CO31),"NA") -> 0.5 | CQ31: =IFERROR(COUNTIFS($C$26:$C$48400,CQ$16,$D$26:$D$48400,">="&$CO31,$F$26:$F$48400,"C")/COUNTIFS($C$26:$C$48400,CQ$16,$D$26:$D$48400,">="&$CO31),"NA") -> 0.60504202 | CR31: =IFERROR(COUNTIFS($C$26:$C$48400,CR$16,$D$26:$D$48400,">="&$CO31,$F$26:$F$48400,"C")/COUNTIFS($C$26:$C$48400,CR$16,$D$26:$D$48400,">="&$CO31),"NA") -> 0.36363636
B32: 44488 | C32: 600-700 | D32: =5/6 -> 0.83333333 | E32: Roots | F32: C | G32: What is the cube root of w? : Data Sufficiency (DS) (gmatclub.com) | J32: Y | K32: Y | L32: Y | M32: Y | N32: Y | O32: Y | Q32: Y | T32: Y | U32: Y | V32: Y | W32: Y | Y32: Logic - if a certain root of a number is a specific number, that means the whole number is a specific number | AE32: 1C | BR32: =IF(COUNTA(AB32:BO32)=1,"CORRECT","EMPTY") -> CORRECT | CO32: =CO31+0.25 -> 3.275 | CP32: =IFERROR(COUNTIFS($C$26:$C$48400,CP$16,$D$26:$D$48400,">="&$CO32,$F$26:$F$48400,"C")/COUNTIFS($C$26:$C$48400,CP$16,$D$26:$D$48400,">="&$CO32),"NA") -> NA | CQ32: =IFERROR(COUNTIFS($C$26:$C$48400,CQ$16,$D$26:$D$48400,">="&$CO32,$F$26:$F$48400,"C")/COUNTIFS($C$26:$C$48400,CQ$16,$D$26:$D$48400,">="&$CO32),"NA") -> 0.61165049 | CR32: =IFERROR(COUNTIFS($C$26:$C$48400,CR$16,$D$26:$D$48400,">="&$CO32,$F$26:$F$48400,"C")/COUNTIFS($C$26:$C$48400,CR$16,$D$26:$D$48400,">="&$CO32),"NA") -> 0.33333333
B33: 44488 | C33: 600-700 | D33: =5/6 -> 0.83333333 | E33: Roots | F33: W | G33: What is the cube root of y? (1) The 7th root of y is 8*2^(1/7). (2) : Data Sufficiency (DS) (gmatclub.com) | J33: Y | K33: Y | L33: Y | M33: Y | N33: Y | O33: Y | Q33: Y | T33: Y | U33: Y | V33: Y | W33: Y | Y33: the EVEN root in 1 confsed me | Z33: A ROOT ON THE GMAT = THE POSTIVE ROOT | AE33: 1W | BR33: =IF(COUNTA(AB33:BO33)=1,"CORRECT","EMPTY") -> CORRECT | CO33: =CO32+0.25 -> 3.525 | CP33: =IFERROR(COUNTIFS($C$26:$C$48400,CP$16,$D$26:$D$48400,">="&$CO33,$F$26:$F$48400,"C")/COUNTIFS($C$26:$C$48400,CP$16,$D$26:$D$48400,">="&$CO33),"NA") -> NA | CQ33: =IFERROR(COUNTIFS($C$26:$C$48400,CQ$16,$D$26:$D$48400,">="&$CO33,$F$26:$F$48400,"C")/COUNTIFS($C$26:$C$48400,CQ$16,$D$26:$D$48400,">="&$CO33),"NA") -> 0.6125 | CR33: =IFERROR(COUNTIFS($C$26:$C$48400,CR$16,$D$26:$D$48400,">="&$CO33,$F$26:$F$48400,"C")/COUNTIFS($C$26:$C$48400,CR$16,$D$26:$D$48400,">="&$CO33),"NA") -> 0.275
B34: 44488 | C34: 600-700 | D34: =2+(5/6) -> 2.8333333 | E34: Roots | F34: C | G34: If xy ≠ 0 and (xy/3)^(1/2) = x, what is y ? (1) x/y = 1/3 (2) x = 3 : Data Sufficiency (DS) (gmatclub.com) | J34: Y | K34: Y | L34: Y | M34: Y | N34: Y | O34: Y | Q34: Y | T34: Y | U34: Y | V34: Y | W34: Y | Y34: simplified given to get y = 3x. Used that with 2 & checked with given - suff. Moved to 1 - which gave same as given. N/S (relationship to X only, no value) | AE34: 1C | BR34: =IF(COUNTA(AB34:BO34)=1,"CORRECT","EMPTY") -> CORRECT | CO34: =CO33+0.25 -> 3.775 | CP34: =IFERROR(COUNTIFS($C$26:$C$48400,CP$16,$D$26:$D$48400,">="&$CO34,$F$26:$F$48400,"C")/COUNTIFS($C$26:$C$48400,CP$16,$D$26:$D$48400,">="&$CO34),"NA") -> NA | CQ34: =IFERROR(COUNTIFS($C$26:$C$48400,CQ$16,$D$26:$D$48400,">="&$CO34,$F$26:$F$48400,"C")/COUNTIFS($C$26:$C$48400,CQ$16,$D$26:$D$48400,">="&$CO34),"NA") -> 0.6 | CR34: =IFERROR(COUNTIFS($C$26:$C$48400,CR$16,$D$26:$D$48400,">="&$CO34,$F$26:$F$48400,"C")/COUNTIFS($C$26:$C$48400,CR$16,$D$26:$D$48400,">="&$CO34),"NA") -> 0.24137931
B35: 44488 | C35: 600-700 | D35: 2.5 | E35: Roots | F35: W | G35: What is the product of the roots of the equation x^2-4x+k=3 : Data Sufficiency (DS) (gmatclub.com) | J35: Y | K35: Y | L35: Y | M35: Y | N35: Y | O35: Y | Q35: Y | T35: Y | U35: Y | V35: Y | W35: Y | Y35: CORRECTLY SOLVED B, BUT THE MISSING VARIABLE (K-3) GAVE ME TROUBLE | Z35: IF GIVEN A ROOT, and need to solve for a missing variable -->SUB THAT ROOT IN THE EQUATION | AE35: 1W | BR35: =IF(COUNTA(AB35:BO35)=1,"CORRECT","EMPTY") -> CORRECT | CO35: =CO34+0.25 -> 4.025 | CP35: =IFERROR(COUNTIFS($C$26:$C$48400,CP$16,$D$26:$D$48400,">="&$CO35,$F$26:$F$48400,"C")/COUNTIFS($C$26:$C$48400,CP$16,$D$26:$D$48400,">="&$CO35),"NA") -> NA | CQ35: =IFERROR(COUNTIFS($C$26:$C$48400,CQ$16,$D$26:$D$48400,">="&$CO35,$F$26:$F$48400,"C")/COUNTIFS($C$26:$C$48400,CQ$16,$D$26:$D$48400,">="&$CO35),"NA") -> 0.62790698 | CR35: =IFERROR(COUNTIFS($C$26:$C$48400,CR$16,$D$26:$D$48400,">="&$CO35,$F$26:$F$48400,"C")/COUNTIFS($C$26:$C$48400,CR$16,$D$26:$D$48400,">="&$CO35),"NA") -> 0.12
B36: 44488 | C36: 600-700 | D36: 1.6 | E36: Roots | F36: W | G36: What is the value of integer x? : Data Sufficiency (DS) (gmatclub.com) | J36: Y | K36: Y | L36: Y | M36: Y | N36: Y | O36: N | Q36: Y | T36: Y | U36: Y | V36: Y | W36: Y | Y36: Incorrectly ONLY LOOKED AT THE POSITIVE VALUE OF ABS(X) INSTEAD OF + And - | Z36: Regardless of the functions w/in the equation given --> treat like an algebra problem and it replace it with an Q or something --> if I get confused | AE36: 1W | BR36: =IF(COUNTA(AB36:BO36)=1,"CORRECT","EMPTY") -> CORRECT | CO36: =CO35+0.25 -> 4.275 | CP36: =IFERROR(COUNTIFS($C$26:$C$48400,CP$16,$D$26:$D$48400,">="&$CO36,$F$26:$F$48400,"C")/COUNTIFS($C$26:$C$48400,CP$16,$D$26:$D$48400,">="&$CO36),"NA") -> NA | CQ36: =IFERROR(COUNTIFS($C$26:$C$48400,CQ$16,$D$26:$D$48400,">="&$CO36,$F$26:$F$48400,"C")/COUNTIFS($C$26:$C$48400,CQ$16,$D$26:$D$48400,">="&$CO36),"NA") -> 0.66666667 | CR36: =IFERROR(COUNTIFS($C$26:$C$48400,CR$16,$D$26:$D$48400,">="&$CO36,$F$26:$F$48400,"C")/COUNTIFS($C$26:$C$48400,CR$16,$D$26:$D$48400,">="&$CO36),"NA") -> 0.14285714
B37: 44488 | C37: 600-700 | D37: 4 | E37: Exponents | F37: W | G37: If 0 < x < y, what is the value of (x + y)^2/(x- y)^2? : Data Sufficiency (DS) (gmatclub.com) | J37: Y | K37: Y | L37: Y | M37: Y | N37: Y | O37: Y | Q37: Y | T37: Y | U37: Y | V37: Y | W37: N | Y37: DON’T FUCKING ASSUME BRO | Z37: incorrectly said that we could know the value of X & Y --> I just put #s in it! | AF37: 1W | BR37: =IF(COUNTA(AB37:BO37)=1,"CORRECT","EMPTY") -> CORRECT | CO37: =CO36+0.25 -> 4.525 | CP37: =IFERROR(COUNTIFS($C$26:$C$48400,CP$16,$D$26:$D$48400,">="&$CO37,$F$26:$F$48400,"C")/COUNTIFS($C$26:$C$48400,CP$16,$D$26:$D$48400,">="&$CO37),"NA") -> NA | CQ37: =IFERROR(COUNTIFS($C$26:$C$48400,CQ$16,$D$26:$D$48400,">="&$CO37,$F$26:$F$48400,"C")/COUNTIFS($C$26:$C$48400,CQ$16,$D$26:$D$48400,">="&$CO37),"NA") -> 0.64 | CR37: =IFERROR(COUNTIFS($C$26:$C$48400,CR$16,$D$26:$D$48400,">="&$CO37,$F$26:$F$48400,"C")/COUNTIFS($C$26:$C$48400,CR$16,$D$26:$D$48400,">="&$CO37),"NA") -> 0.125
B38: 44488 | C38: 600-700 | D38: 5 | E38: Exponents | F38: W | G38: Is 4^(x + y) = 8^(10) ? (1) x - y = 9 (2) y/x = 1/4 : Data Sufficiency (DS) (gmatclub.com) | J38: Y | K38: Y | L38: Y | M38: Y | N38: Y | O38: Y | Q38: Y | T38: Y | U38: Y | V38: N | W38: N | Y38: IF NOT GIVEN 2 EQUATIONS - DON"T MAKE IT TWO EQUATIONS!! | AF38: 1W | BR38: =IF(COUNTA(AB38:BO38)=1,"CORRECT","EMPTY") -> CORRECT | CO38: =CO37+0.25 -> 4.775 | CP38: =IFERROR(COUNTIFS($C$26:$C$48400,CP$16,$D$26:$D$48400,">="&$CO38,$F$26:$F$48400,"C")/COUNTIFS($C$26:$C$48400,CP$16,$D$26:$D$48400,">="&$CO38),"NA") -> NA | CQ38: =IFERROR(COUNTIFS($C$26:$C$48400,CQ$16,$D$26:$D$48400,">="&$CO38,$F$26:$F$48400,"C")/COUNTIFS($C$26:$C$48400,CQ$16,$D$26:$D$48400,">="&$CO38),"NA") -> 0.55555556 | CR38: =IFERROR(COUNTIFS($C$26:$C$48400,CR$16,$D$26:$D$48400,">="&$CO38,$F$26:$F$48400,"C")/COUNTIFS($C$26:$C$48400,CR$16,$D$26:$D$48400,">="&$CO38),"NA") -> 0.13333333
B39: 44488 | C39: 600-700 | D39: 2.75 | E39: Exponents | F39: C | G39: If x is an integer, is 9^x + 9^(-x) = b ? (1) 3^x + 3^(-x) = (b + 2) : Data Sufficiency (DS) (gmatclub.com) | J39: Y | K39: Y | L39: Y | M39: Y | N39: Y | O39: Y | Q39: Y | T39: Y | U39: Y | V39: Y | W39: Y | Y39: GETTING MY DS HAT ON | AF39: 1C | BR39: =IF(COUNTA(AB39:BO39)=1,"CORRECT","EMPTY") -> CORRECT | CO39: =CO38+0.25 -> 5.025 | CP39: =IFERROR(COUNTIFS($C$26:$C$48400,CP$16,$D$26:$D$48400,">="&$CO39,$F$26:$F$48400,"C")/COUNTIFS($C$26:$C$48400,CP$16,$D$26:$D$48400,">="&$CO39),"NA") -> NA | CQ39: =IFERROR(COUNTIFS($C$26:$C$48400,CQ$16,$D$26:$D$48400,">="&$CO39,$F$26:$F$48400,"C")/COUNTIFS($C$26:$C$48400,CQ$16,$D$26:$D$48400,">="&$CO39),"NA") -> 0.72727273 | CR39: =IFERROR(COUNTIFS($C$26:$C$48400,CR$16,$D$26:$D$48400,">="&$CO39,$F$26:$F$48400,"C")/COUNTIFS($C$26:$C$48400,CR$16,$D$26:$D$48400,">="&$CO39),"NA") -> 0.18181818
B40: 44488 | C40: 600-700 | D40: 3.25 | E40: Exponents | F40: W | G40: If 2^(x + y) = 4^8, what is the value of y? : Data Sufficiency (DS) (gmatclub.com) | J40: Y | K40: Y | L40: Y | M40: Y | N40: Y | O40: Y | Q40: Y | T40: Y | U40: Y | V40: Y | W40: Y | Z40: DID NOT treat root of the number as a positive and negative | AF40: 1W | BR40: =IF(COUNTA(AB40:BO40)=1,"CORRECT","EMPTY") -> CORRECT | CO40: =CO39+0.25 -> 5.275 | CP40: =IFERROR(COUNTIFS($C$26:$C$48400,CP$16,$D$26:$D$48400,">="&$CO40,$F$26:$F$48400,"C")/COUNTIFS($C$26:$C$48400,CP$16,$D$26:$D$48400,">="&$CO40),"NA") -> NA | CQ40: =IFERROR(COUNTIFS($C$26:$C$48400,CQ$16,$D$26:$D$48400,">="&$CO40,$F$26:$F$48400,"C")/COUNTIFS($C$26:$C$48400,CQ$16,$D$26:$D$48400,">="&$CO40),"NA") -> 0.7 | CR40: =IFERROR(COUNTIFS($C$26:$C$48400,CR$16,$D$26:$D$48400,">="&$CO40,$F$26:$F$48400,"C")/COUNTIFS($C$26:$C$48400,CR$16,$D$26:$D$48400,">="&$CO40),"NA") -> 0.18181818
B41: 44488 | C41: 600-700 | D41: 2.2 | E41: Exponents | F41: C | G41: Is zp negative? : Data Sufficiency (DS) (gmatclub.com) | J41: Y | K41: Y | L41: Y | M41: Y | N41: Y | O41: Y | Q41: Y | T41: Y | U41: Y | V41: Y | W41: Y | Y41: GETTING MY DS HAT ON | AF41: 1C | BR41: =IF(COUNTA(AB41:BO41)=1,"CORRECT","EMPTY") -> CORRECT | CO41: =CO40+0.25 -> 5.525 | CP41: =IFERROR(COUNTIFS($C$26:$C$48400,CP$16,$D$26:$D$48400,">="&$CO41,$F$26:$F$48400,"C")/COUNTIFS($C$26:$C$48400,CP$16,$D$26:$D$48400,">="&$CO41),"NA") -> NA | CQ41: =IFERROR(COUNTIFS($C$26:$C$48400,CQ$16,$D$26:$D$48400,">="&$CO41,$F$26:$F$48400,"C")/COUNTIFS($C$26:$C$48400,CQ$16,$D$26:$D$48400,">="&$CO41),"NA") -> 0.77777778 | CR41: =IFERROR(COUNTIFS($C$26:$C$48400,CR$16,$D$26:$D$48400,">="&$CO41,$F$26:$F$48400,"C")/COUNTIFS($C$26:$C$48400,CR$16,$D$26:$D$48400,">="&$CO41),"NA") -> 0.11111111
B42: 44488 | C42: 600-700 | D42: 3.5 | E42: Exponents | F42: W | G42: If x and y are nonzero integers, is x^y < y^x ? (1) x = y^2 (2) y > 2 : Data Sufficiency (DS) (gmatclub.com) | J42: Y | K42: Y | L42: Y | M42: Y | N42: Y | O42: Y | Q42: Y | T42: Y | U42: Y | V42: Y | W42: Y | X42: N | Z42: CHOSE e - CORRECT WAS C | AF42: 1W | BR42: =IF(COUNTA(AB42:BO42)=1,"CORRECT","EMPTY") -> CORRECT | CO42: =CO41+0.25 -> 5.775 | CP42: =IFERROR(COUNTIFS($C$26:$C$48400,CP$16,$D$26:$D$48400,">="&$CO42,$F$26:$F$48400,"C")/COUNTIFS($C$26:$C$48400,CP$16,$D$26:$D$48400,">="&$CO42),"NA") -> NA | CQ42: =IFERROR(COUNTIFS($C$26:$C$48400,CQ$16,$D$26:$D$48400,">="&$CO42,$F$26:$F$48400,"C")/COUNTIFS($C$26:$C$48400,CQ$16,$D$26:$D$48400,">="&$CO42),"NA") -> 0.75 | CR42: =IFERROR(COUNTIFS($C$26:$C$48400,CR$16,$D$26:$D$48400,">="&$CO42,$F$26:$F$48400,"C")/COUNTIFS($C$26:$C$48400,CR$16,$D$26:$D$48400,">="&$CO42),"NA") -> 0.11111111
B43: 44489 | C43: 600-700 | D43: 3 | E43: Weighted Avg | F43: C | G43: A chef mixes P ounces of 60% sugar solution with Q ounces of a 10% sug : Data Sufficiency (DS) (gmatclub.com) | J43: Y | K43: Y | L43: Y | M43: Y | N43: Y | O43: Y | Q43: Y | T43: Y | U43: Y | V43: Y | W43: Y | X43: Y | Y43: WRITE OUT REVELEVANT FORMULA + LOGIC OUT | Z43: WRITE OUT THE RELEVANT FORMULA - HELPS TO VISUAL PIECES NEEDED | BB43: 1C | BR43: =IF(COUNTA(AB43:BO43)=1,"CORRECT","EMPTY") -> CORRECT | CO43: =CO42+0.25 -> 6.025 | CP43: =IFERROR(COUNTIFS($C$26:$C$48400,CP$16,$D$26:$D$48400,">="&$CO43,$F$26:$F$48400,"C")/COUNTIFS($C$26:$C$48400,CP$16,$D$26:$D$48400,">="&$CO43),"NA") -> NA | CQ43: =IFERROR(COUNTIFS($C$26:$C$48400,CQ$16,$D$26:$D$48400,">="&$CO43,$F$26:$F$48400,"C")/COUNTIFS($C$26:$C$48400,CQ$16,$D$26:$D$48400,">="&$CO43),"NA") -> 0.66666667 | CR43: =IFERROR(COUNTIFS($C$26:$C$48400,CR$16,$D$26:$D$48400,">="&$CO43,$F$26:$F$48400,"C")/COUNTIFS($C$26:$C$48400,CR$16,$D$26:$D$48400,">="&$CO43),"NA") -> 0.125
B44: 44489 | C44: 600-700 | D44: 3 | E44: Weighted Avg | F44: C | G44: A painter wishes to paint a house turquoise. To make the color, he sel : Data Sufficiency (DS) (gmatclub.com) | J44: Y | K44: Y | L44: Y | M44: Y | N44: Y | O44: Y | Q44: Y | T44: Y | U44: Y | V44: Y | W44: Y | X44: Y | Y44: WRITE OUT REVELEVANT FORMULA + LOGIC OUT | Z44: WRITE OUT THE RELEVANT FORMULA - HELPS TO VISUAL PIECES NEEDED | BB44: 1C | BR44: =IF(COUNTA(AB44:BO44)=1,"CORRECT","EMPTY") -> CORRECT | CO44: =CO43+0.25 -> 6.275 | CP44: =IFERROR(COUNTIFS($C$26:$C$48400,CP$16,$D$26:$D$48400,">="&$CO44,$F$26:$F$48400,"C")/COUNTIFS($C$26:$C$48400,CP$16,$D$26:$D$48400,">="&$CO44),"NA") -> NA | CQ44: =IFERROR(COUNTIFS($C$26:$C$48400,CQ$16,$D$26:$D$48400,">="&$CO44,$F$26:$F$48400,"C")/COUNTIFS($C$26:$C$48400,CQ$16,$D$26:$D$48400,">="&$CO44),"NA") -> 0.8 | CR44: =IFERROR(COUNTIFS($C$26:$C$48400,CR$16,$D$26:$D$48400,">="&$CO44,$F$26:$F$48400,"C")/COUNTIFS($C$26:$C$48400,CR$16,$D$26:$D$48400,">="&$CO44),"NA") -> 0.14285714
B45: 44489 | C45: 600-700 | D45: 3 | E45: Weighted Avg | F45: C | G45: A chemist combined 'a' milliliters of a solution that : Data Sufficiency (DS) (gmatclub.com) | J45: Y | K45: Y | L45: Y | M45: Y | N45: Y | O45: Y | Q45: Y | T45: Y | U45: Y | V45: Y | W45: Y | X45: Y | Y45: WRITE OUT REVELEVANT FORMULA + LOGIC OUT | Z45: WRITE OUT THE RELEVANT FORMULA - HELPS TO VISUAL PIECES NEEDED | BB45: 1C | BR45: =IF(COUNTA(AB45:BO45)=1,"CORRECT","EMPTY") -> CORRECT | CO45: =CO44+0.25 -> 6.525 | CP45: =IFERROR(COUNTIFS($C$26:$C$48400,CP$16,$D$26:$D$48400,">="&$CO45,$F$26:$F$48400,"C")/COUNTIFS($C$26:$C$48400,CP$16,$D$26:$D$48400,">="&$CO45),"NA") -> NA | CQ45: =IFERROR(COUNTIFS($C$26:$C$48400,CQ$16,$D$26:$D$48400,">="&$CO45,$F$26:$F$48400,"C")/COUNTIFS($C$26:$C$48400,CQ$16,$D$26:$D$48400,">="&$CO45),"NA") -> 0.75 | CR45: =IFERROR(COUNTIFS($C$26:$C$48400,CR$16,$D$26:$D$48400,">="&$CO45,$F$26:$F$48400,"C")/COUNTIFS($C$26:$C$48400,CR$16,$D$26:$D$48400,">="&$CO45),"NA") -> 0.16666667
B46: 44490 | C46: 600-700 | D46: 4 | E46: Quadrilaterals | F46: C | G46: If a rectangular region has perimeter P inches and area A sq : Data Sufficiency (DS) (gmatclub.com) | J46: Y | K46: Y | L46: Y | M46: Y | N46: Y | O46: Y | Q46: Y | T46: Y | U46: Y | V46: Y | W46: Y | X46: Y | Y46: AD/BCE | Z46: IF I GET TO PRETTY far down, and can't make it work - MOVE ON | BM46: 1C | BR46: =IF(COUNTA(AB46:BO46)=1,"CORRECT","EMPTY") -> CORRECT | CO46: =CO45+0.25 -> 6.775 | CP46: =IFERROR(COUNTIFS($C$26:$C$48400,CP$16,$D$26:$D$48400,">="&$CO46,$F$26:$F$48400,"C")/COUNTIFS($C$26:$C$48400,CP$16,$D$26:$D$48400,">="&$CO46),"NA") -> NA | CQ46: =IFERROR(COUNTIFS($C$26:$C$48400,CQ$16,$D$26:$D$48400,">="&$CO46,$F$26:$F$48400,"C")/COUNTIFS($C$26:$C$48400,CQ$16,$D$26:$D$48400,">="&$CO46),"NA") -> 0.75 | CR46: =IFERROR(COUNTIFS($C$26:$C$48400,CR$16,$D$26:$D$48400,">="&$CO46,$F$26:$F$48400,"C")/COUNTIFS($C$26:$C$48400,CR$16,$D$26:$D$48400,">="&$CO46),"NA") -> 0.2
B47: 44490 | C47: 600-700 | D47: 2 | E47: Quadrilaterals | F47: C | G47: In the figure shown, what is the area of triangular region PRT? : Data Sufficiency (DS) (gmatclub.com) | J47: Y | K47: Y | L47: Y | M47: Y | N47: Y | O47: Y | Q47: Y | T47: Y | U47: Y | V47: Y | W47: Y | X47: Y | Y47: AD/BCE | Z47: DRAW OUT DIAGRAM! | BM47: 1C | BR47: =IF(COUNTA(AB47:BO47)=1,"CORRECT","EMPTY") -> CORRECT | CO47: =CO46+0.25 -> 7.025 | CP47: =IFERROR(COUNTIFS($C$26:$C$48400,CP$16,$D$26:$D$48400,">="&$CO47,$F$26:$F$48400,"C")/COUNTIFS($C$26:$C$48400,CP$16,$D$26:$D$48400,">="&$CO47),"NA") -> NA | CQ47: =IFERROR(COUNTIFS($C$26:$C$48400,CQ$16,$D$26:$D$48400,">="&$CO47,$F$26:$F$48400,"C")/COUNTIFS($C$26:$C$48400,CQ$16,$D$26:$D$48400,">="&$CO47),"NA") -> 0 | CR47: =IFERROR(COUNTIFS($C$26:$C$48400,CR$16,$D$26:$D$48400,">="&$CO47,$F$26:$F$48400,"C")/COUNTIFS($C$26:$C$48400,CR$16,$D$26:$D$48400,">="&$CO47),"NA") -> 0.33333333
B48: 44490 | C48: 600-700 | D48: =1+57/60 -> 1.95 | E48: Quadrilaterals | F48: C | G48: In the figure above, what is the value of x + y ? : Data Sufficiency (DS) (gmatclub.com) | J48: Y | K48: Y | L48: Y | M48: Y | N48: Y | O48: Y | Q48: Y | T48: Y | U48: Y | V48: Y | W48: Y | X48: Y | Y48: AD/BCE | Z48: DRAW OUT DIAGRAM! | BM48: 1C | BR48: =IF(COUNTA(AB48:BO48)=1,"CORRECT","EMPTY") -> CORRECT | CO48: =CO47+0.25 -> 7.275 | CP48: =IFERROR(COUNTIFS($C$26:$C$48400,CP$16,$D$26:$D$48400,">="&$CO48,$F$26:$F$48400,"C")/COUNTIFS($C$26:$C$48400,CP$16,$D$26:$D$48400,">="&$CO48),"NA") -> NA | CQ48: =IFERROR(COUNTIFS($C$26:$C$48400,CQ$16,$D$26:$D$48400,">="&$CO48,$F$26:$F$48400,"C")/COUNTIFS($C$26:$C$48400,CQ$16,$D$26:$D$48400,">="&$CO48),"NA") -> 0 | CR48: =IFERROR(COUNTIFS($C$26:$C$48400,CR$16,$D$26:$D$48400,">="&$CO48,$F$26:$F$48400,"C")/COUNTIFS($C$26:$C$48400,CR$16,$D$26:$D$48400,">="&$CO48),"NA") -> 0.33333333
B49: 44490 | C49: 600-700 | D49: 3 | E49: Quadrilaterals | F49: C | G49: In the figure shown, quadrilateral ABCD is inscribed in a circle of : Data Sufficiency (DS) (gmatclub.com) | J49: Y | K49: Y | L49: Y | M49: Y | N49: Y | O49: Y | Q49: Y | T49: Y | U49: Y | V49: Y | W49: Y | X49: Y | Y49: inscribed circle Q | BM49: 1C | BR49: =IF(COUNTA(AB49:BO49)=1,"CORRECT","EMPTY") -> CORRECT | CO49: =CO48+0.25 -> 7.525 | CP49: =IFERROR(COUNTIFS($C$26:$C$48400,CP$16,$D$26:$D$48400,">="&$CO49,$F$26:$F$48400,"C")/COUNTIFS($C$26:$C$48400,CP$16,$D$26:$D$48400,">="&$CO49),"NA") -> NA | CQ49: =IFERROR(COUNTIFS($C$26:$C$48400,CQ$16,$D$26:$D$48400,">="&$CO49,$F$26:$F$48400,"C")/COUNTIFS($C$26:$C$48400,CQ$16,$D$26:$D$48400,">="&$CO49),"NA") -> 0 | CR49: =IFERROR(COUNTIFS($C$26:$C$48400,CR$16,$D$26:$D$48400,">="&$CO49,$F$26:$F$48400,"C")/COUNTIFS($C$26:$C$48400,CR$16,$D$26:$D$48400,">="&$CO49),"NA") -> 0.33333333
B50: 44490 | C50: 600-700 | D50: 3.25 | E50: Lines & Angles | F50: W | G50: What is the value of x + y in the figure above? : Data Sufficiency (DS) (gmatclub.com) | J50: Y | K50: N | L50: Y | M50: Y | N50: Y | O50: Y | Q50: Y | T50: Y | U50: Y | V50: N | W50: Y | X50: Y | Y50: Logic, drew it | Z50: USE SUM OF INTERIOR ANGLES TO LOGIC THROUGH IT! | BL50: 1W | BR50: =IF(COUNTA(AB50:BO50)=1,"CORRECT","EMPTY") -> CORRECT | CO50: =CO49+0.25 -> 7.775 | CP50: =IFERROR(COUNTIFS($C$26:$C$48400,CP$16,$D$26:$D$48400,">="&$CO50,$F$26:$F$48400,"C")/COUNTIFS($C$26:$C$48400,CP$16,$D$26:$D$48400,">="&$CO50),"NA") -> NA | CQ50: =IFERROR(COUNTIFS($C$26:$C$48400,CQ$16,$D$26:$D$48400,">="&$CO50,$F$26:$F$48400,"C")/COUNTIFS($C$26:$C$48400,CQ$16,$D$26:$D$48400,">="&$CO50),"NA") -> 0 | CR50: =IFERROR(COUNTIFS($C$26:$C$48400,CR$16,$D$26:$D$48400,">="&$CO50,$F$26:$F$48400,"C")/COUNTIFS($C$26:$C$48400,CR$16,$D$26:$D$48400,">="&$CO50),"NA") -> 0.33333333
B51: 44494 | C51: 600-700 | D51: 1.75 | E51: word problem | F51: W | G51: Pat bought 5 pounds of apples. How many pounds of pears could he have : Data Sufficiency (DS) (gmatclub.com) | J51: Y | K51: Y | L51: Y | M51: Y | N51: Y | O51: Y | Q51: Y | T51: Y | U51: Y | V51: N | W51: N | X51: N | Z51: DID NOT TAKE TIME TO SOLVE ALGEBRAICLY & USE TEST CASES | AT51: 1W | BR51: =IF(COUNTA(AB51:BO51)=1,"CORRECT","EMPTY") -> CORRECT | CO51: =CO50+0.25 -> 8.025 | CP51: =IFERROR(COUNTIFS($C$26:$C$48400,CP$16,$D$26:$D$48400,">="&$CO51,$F$26:$F$48400,"C")/COUNTIFS($C$26:$C$48400,CP$16,$D$26:$D$48400,">="&$CO51),"NA") -> NA | CQ51: =IFERROR(COUNTIFS($C$26:$C$48400,CQ$16,$D$26:$D$48400,">="&$CO51,$F$26:$F$48400,"C")/COUNTIFS($C$26:$C$48400,CQ$16,$D$26:$D$48400,">="&$CO51),"NA") -> NA | CR51: =IFERROR(COUNTIFS($C$26:$C$48400,CR$16,$D$26:$D$48400,">="&$CO51,$F$26:$F$48400,"C")/COUNTIFS($C$26:$C$48400,CR$16,$D$26:$D$48400,">="&$CO51),"NA") -> 0.33333333
B52: 44494 | C52: 600-700 | D52: 7 | E52: word problem | F52: C | G52: From Leland's gross pay of p dollars last week, t percent : Data Sufficiency (DS) (gmatclub.com) | J52: Y | K52: Y | L52: Y | M52: Y | N52: Y | O52: Y | Q52: Y | T52: Y | U52: Y | V52: N | W52: Y | X52: Y | AT52: 1C | BR52: =IF(COUNTA(AB52:BO52)=1,"CORRECT","EMPTY") -> CORRECT | CO52: =CO51+0.25 -> 8.275 | CP52: =IFERROR(COUNTIFS($C$26:$C$48400,CP$16,$D$26:$D$48400,">="&$CO52,$F$26:$F$48400,"C")/COUNTIFS($C$26:$C$48400,CP$16,$D$26:$D$48400,">="&$CO52),"NA") -> NA | CQ52: =IFERROR(COUNTIFS($C$26:$C$48400,CQ$16,$D$26:$D$48400,">="&$CO52,$F$26:$F$48400,"C")/COUNTIFS($C$26:$C$48400,CQ$16,$D$26:$D$48400,">="&$CO52),"NA") -> NA | CR52: =IFERROR(COUNTIFS($C$26:$C$48400,CR$16,$D$26:$D$48400,">="&$CO52,$F$26:$F$48400,"C")/COUNTIFS($C$26:$C$48400,CR$16,$D$26:$D$48400,">="&$CO52),"NA") -> 0.33333333
B53: 44494 | C53: 600-700 | D53: 5 | E53: word problem | F53: W | G53: On a certain sight-seeing tour, the ratio of the number of women to th : Data Sufficiency (DS) (gmatclub.com) | J53: Y | K53: Y | L53: Y | M53: Y | N53: Y | O53: N | Q53: N | T53: N | U53: N | V53: N | W53: N | X53: N | Z53: lazily assumed E was correct | AT53: 1W | BR53: =IF(COUNTA(AB53:BO53)=1,"CORRECT","EMPTY") -> CORRECT | CO53: =CO52+0.25 -> 8.525 | CP53: =IFERROR(COUNTIFS($C$26:$C$48400,CP$16,$D$26:$D$48400,">="&$CO53,$F$26:$F$48400,"C")/COUNTIFS($C$26:$C$48400,CP$16,$D$26:$D$48400,">="&$CO53),"NA") -> NA | CQ53: =IFERROR(COUNTIFS($C$26:$C$48400,CQ$16,$D$26:$D$48400,">="&$CO53,$F$26:$F$48400,"C")/COUNTIFS($C$26:$C$48400,CQ$16,$D$26:$D$48400,">="&$CO53),"NA") -> NA | CR53: =IFERROR(COUNTIFS($C$26:$C$48400,CR$16,$D$26:$D$48400,">="&$CO53,$F$26:$F$48400,"C")/COUNTIFS($C$26:$C$48400,CR$16,$D$26:$D$48400,">="&$CO53),"NA") -> 0.5
B54: 44494 | C54: 600-700 | D54: 2.5 | E54: word problem | F54: C | G54: In a certain business, production index p is directly proportional to : Data Sufficiency (DS) (gmatclub.com) | J54: Y | K54: Y | L54: Y | M54: Y | N54: Y | O54: Y | Q54: Y | T54: Y | U54: Y | V54: Y | W54: Y | X54: Y | Y54: wrote formula, plugged in scenario variables and logic! | AT54: 1C | BR54: =IF(COUNTA(AB54:BO54)=1,"CORRECT","EMPTY") -> CORRECT | CO54: =CO53+0.25 -> 8.775 | CP54: =IFERROR(COUNTIFS($C$26:$C$48400,CP$16,$D$26:$D$48400,">="&$CO54,$F$26:$F$48400,"C")/COUNTIFS($C$26:$C$48400,CP$16,$D$26:$D$48400,">="&$CO54),"NA") -> NA | CQ54: =IFERROR(COUNTIFS($C$26:$C$48400,CQ$16,$D$26:$D$48400,">="&$CO54,$F$26:$F$48400,"C")/COUNTIFS($C$26:$C$48400,CQ$16,$D$26:$D$48400,">="&$CO54),"NA") -> NA | CR54: =IFERROR(COUNTIFS($C$26:$C$48400,CR$16,$D$26:$D$48400,">="&$CO54,$F$26:$F$48400,"C")/COUNTIFS($C$26:$C$48400,CR$16,$D$26:$D$48400,">="&$CO54),"NA") -> 0.5
B55: 44494 | C55: 600-700 | D55: 3 | E55: word problem | F55: W | G55: There were 2 apples and 5 bananas in a basket. After : Data Sufficiency (DS) (gmatclub.com) | J55: Y | K55: Y | L55: Y | M55: Y | N55: Y | O55: Y | Q55: Y | T55: Y | U55: Y | V55: N | W55: Y | X55: Y | Z55: BECAUSE IT IS A CONSTANT RATIO, AND WE GET A SPECIFC VALUE (of the NUMERATOR IN THE RATIO) - WE CAN SAY THAT IS A SPECIFIC, UNIQUE ANSWER | AT55: 1W | BR55: =IF(COUNTA(AB55:BO55)=1,"CORRECT","EMPTY") -> CORRECT | CO55: =CO54+0.25 -> 9.025 | CP55: =IFERROR(COUNTIFS($C$26:$C$48400,CP$16,$D$26:$D$48400,">="&$CO55,$F$26:$F$48400,"C")/COUNTIFS($C$26:$C$48400,CP$16,$D$26:$D$48400,">="&$CO55),"NA") -> NA | CQ55: =IFERROR(COUNTIFS($C$26:$C$48400,CQ$16,$D$26:$D$48400,">="&$CO55,$F$26:$F$48400,"C")/COUNTIFS($C$26:$C$48400,CQ$16,$D$26:$D$48400,">="&$CO55),"NA") -> NA | CR55: =IFERROR(COUNTIFS($C$26:$C$48400,CR$16,$D$26:$D$48400,">="&$CO55,$F$26:$F$48400,"C")/COUNTIFS($C$26:$C$48400,CR$16,$D$26:$D$48400,">="&$CO55),"NA") -> 0.5
B56: 44494 | C56: 600-700 | D56: =2.2 -> 2.2 | E56: word problem | F56: C | G56: The cost of delivery for an order of desk chairs was $10.00 for the fi : Data Sufficiency (DS) (gmatclub.com) | J56: Y | K56: Y | L56: Y | M56: Y | N56: Y | O56: Y | Q56: Y | T56: Y | U56: Y | V56: Y | W56: Y | X56: Y | Y56: algrebraic | AT56: 1C | BR56: =IF(COUNTA(AB56:BO56)=1,"CORRECT","EMPTY") -> CORRECT | CO56: =CO55+0.25 -> 9.275 | CP56: =IFERROR(COUNTIFS($C$26:$C$48400,CP$16,$D$26:$D$48400,">="&$CO56,$F$26:$F$48400,"C")/COUNTIFS($C$26:$C$48400,CP$16,$D$26:$D$48400,">="&$CO56),"NA") -> NA | CQ56: =IFERROR(COUNTIFS($C$26:$C$48400,CQ$16,$D$26:$D$48400,">="&$CO56,$F$26:$F$48400,"C")/COUNTIFS($C$26:$C$48400,CQ$16,$D$26:$D$48400,">="&$CO56),"NA") -> NA | CR56: =IFERROR(COUNTIFS($C$26:$C$48400,CR$16,$D$26:$D$48400,">="&$CO56,$F$26:$F$48400,"C")/COUNTIFS($C$26:$C$48400,CR$16,$D$26:$D$48400,">="&$CO56),"NA") -> 0.5
B57: 44494 | C57: 600-700 | D57: 3.5 | E57: word problem | F57: C | G57: Martha bought several pencils. If each pencil was either a : Data Sufficiency (DS) (gmatclub.com) | J57: Y | K57: Y | L57: Y | M57: Y | N57: Y | O57: Y | Q57: Y | T57: Y | U57: Y | V57: Y | W57: Y | X57: Y | Y57: algrebraic | AT57: 1C | BR57: =IF(COUNTA(AB57:BO57)=1,"CORRECT","EMPTY") -> CORRECT | CO57: =CO56+0.25 -> 9.525 | CP57: =IFERROR(COUNTIFS($C$26:$C$48400,CP$16,$D$26:$D$48400,">="&$CO57,$F$26:$F$48400,"C")/COUNTIFS($C$26:$C$48400,CP$16,$D$26:$D$48400,">="&$CO57),"NA") -> NA | CQ57: =IFERROR(COUNTIFS($C$26:$C$48400,CQ$16,$D$26:$D$48400,">="&$CO57,$F$26:$F$48400,"C")/COUNTIFS($C$26:$C$48400,CQ$16,$D$26:$D$48400,">="&$CO57),"NA") -> NA | CR57: =IFERROR(COUNTIFS($C$26:$C$48400,CR$16,$D$26:$D$48400,">="&$CO57,$F$26:$F$48400,"C")/COUNTIFS($C$26:$C$48400,CR$16,$D$26:$D$48400,">="&$CO57),"NA") -> 0.5
B58: 44498 | C58: 600-700 | D58: =2+56/60 -> 2.9333333 | E58: Lines & Angles | F58: C | G58: The point A, B, C, and D are on the number line, not necessa : Data Sufficiency (DS) (gmatclub.com) | J58: Y | K58: Y | L58: Y | M58: Y | N58: Y | O58: Y | Q58: Y | T58: Y | U58: Y | V58: Y | W58: Y | X58: Y | BL58: 1C | BR58: =IF(COUNTA(AB58:BO58)=1,"CORRECT","EMPTY") -> CORRECT | CO58: =CO57+0.25 -> 9.775 | CP58: =IFERROR(COUNTIFS($C$26:$C$48400,CP$16,$D$26:$D$48400,">="&$CO58,$F$26:$F$48400,"C")/COUNTIFS($C$26:$C$48400,CP$16,$D$26:$D$48400,">="&$CO58),"NA") -> NA | CQ58: =IFERROR(COUNTIFS($C$26:$C$48400,CQ$16,$D$26:$D$48400,">="&$CO58,$F$26:$F$48400,"C")/COUNTIFS($C$26:$C$48400,CQ$16,$D$26:$D$48400,">="&$CO58),"NA") -> NA | CR58: =IFERROR(COUNTIFS($C$26:$C$48400,CR$16,$D$26:$D$48400,">="&$CO58,$F$26:$F$48400,"C")/COUNTIFS($C$26:$C$48400,CR$16,$D$26:$D$48400,">="&$CO58),"NA") -> 0.5
B59: 44498 | C59: 600-700 | D59: =1.5 -> 1.5 | E59: Triangles | F59: C | G59: In isosceles triangle RST what is the measure of angle R? : Data Sufficiency (DS) (gmatclub.com) | J59: Y | K59: Y | L59: Y | M59: Y | N59: Y | O59: Y | Q59: Y | T59: Y | U59: Y | V59: Y | W59: Y | X59: Y | BO59: 1C | BR59: =IF(COUNTA(AB59:BO59)=1,"CORRECT","EMPTY") -> CORRECT | CO59: =CO58+0.25 -> 10.025 | CP59: =IFERROR(COUNTIFS($C$26:$C$48400,CP$16,$D$26:$D$48400,">="&$CO59,$F$26:$F$48400,"C")/COUNTIFS($C$26:$C$48400,CP$16,$D$26:$D$48400,">="&$CO59),"NA") -> NA | CQ59: =IFERROR(COUNTIFS($C$26:$C$48400,CQ$16,$D$26:$D$48400,">="&$CO59,$F$26:$F$48400,"C")/COUNTIFS($C$26:$C$48400,CQ$16,$D$26:$D$48400,">="&$CO59),"NA") -> NA | CR59: =IFERROR(COUNTIFS($C$26:$C$48400,CR$16,$D$26:$D$48400,">="&$CO59,$F$26:$F$48400,"C")/COUNTIFS($C$26:$C$48400,CR$16,$D$26:$D$48400,">="&$CO59),"NA") -> 1
B60: 44498 | C60: 600-700 | D60: 3 | E60: Sets | F60: C | G60: Collection of 8 DS questions : Data Sufficiency (DS) (gmatclub.com) | J60: Y | K60: Y | L60: Y | M60: Y | N60: Y | O60: Y | Q60: Y | T60: Y | U60: Y | V60: Y | W60: Y | X60: Y | AH60: 1C | BR60: =IF(COUNTA(AB60:BO60)=1,"CORRECT","EMPTY") -> CORRECT | CO60: =CO59+0.25 -> 10.275 | CP60: =IFERROR(COUNTIFS($C$26:$C$48400,CP$16,$D$26:$D$48400,">="&$CO60,$F$26:$F$48400,"C")/COUNTIFS($C$26:$C$48400,CP$16,$D$26:$D$48400,">="&$CO60),"NA") -> NA | CQ60: =IFERROR(COUNTIFS($C$26:$C$48400,CQ$16,$D$26:$D$48400,">="&$CO60,$F$26:$F$48400,"C")/COUNTIFS($C$26:$C$48400,CQ$16,$D$26:$D$48400,">="&$CO60),"NA") -> NA | CR60: =IFERROR(COUNTIFS($C$26:$C$48400,CR$16,$D$26:$D$48400,">="&$CO60,$F$26:$F$48400,"C")/COUNTIFS($C$26:$C$48400,CR$16,$D$26:$D$48400,">="&$CO60),"NA") -> 1
B61: 44498 | C61: 600-700 | D61: 3 | E61: word problem | F61: C | G61: Collection of 8 DS questions : Data Sufficiency (DS) (gmatclub.com) | J61: Y | K61: Y | L61: Y | M61: Y | N61: Y | O61: Y | Q61: Y | T61: Y | U61: Y | V61: Y | W61: Y | X61: Y | AT61: 1C | BR61: =IF(COUNTA(AB61:BO61)=1,"CORRECT","EMPTY") -> CORRECT
B62: 44498 | C62: 600-700 | D62: 3 | E62: quadrilaterals | F62: W | G62: Collection of 8 DS questions : Data Sufficiency (DS) (gmatclub.com) | J62: Y | K62: Y | L62: Y | M62: Y | N62: Y | O62: Y | Q62: Y | T62: Y | U62: Y | V62: Y | W62: Y | X62: Y | Z62: Q DIDN’T SPECIFY WHICH angles of the quadrilateral prompt 2 applied | BM62: 1W | BR62: =IF(COUNTA(AB62:BO62)=1,"CORRECT","EMPTY") -> CORRECT
B63: 44498 | C63: 600-700 | D63: 3 | E63: primes | F63: C | G63: Collection of 8 DS questions : Data Sufficiency (DS) (gmatclub.com) | J63: Y | K63: Y | L63: Y | M63: Y | N63: Y | O63: Y | Q63: Y | T63: Y | U63: Y | V63: Y | W63: Y | X63: Y | AQ63: 1C | BR63: =IF(COUNTA(AB63:BO63)=1,"CORRECT","EMPTY") -> CORRECT
B64: 44498 | C64: 600-700 | D64: 3 | E64: roots | F64: W | G64: Collection of 8 DS questions : Data Sufficiency (DS) (gmatclub.com) | J64: Y | K64: Y | L64: Y | M64: Y | N64: Y | O64: Y | Q64: Y | T64: Y | U64: Y | V64: Y | W64: Y | X64: Y | Z64: PYTHAGOREAN TRIPLE MAKES THIS <> | AE64: 1W | BR64: =IF(COUNTA(AB64:BO64)=1,"CORRECT","EMPTY") -> CORRECT
B65: 44498 | C65: 600-700 | D65: 3 | E65: inequalities | F65: C | G65: Collection of 8 DS questions : Data Sufficiency (DS) (gmatclub.com) | J65: Y | K65: Y | L65: Y | M65: Y | N65: Y | O65: Y | Q65: Y | T65: Y | U65: Y | V65: Y | W65: Y | X65: Y | AC65: 1C | BR65: =IF(COUNTA(AB65:BO65)=1,"CORRECT","EMPTY") -> CORRECT
B66: 44498 | C66: 600-700 | D66: 3 | E66: word problem | F66: C | G66: Collection of 8 DS questions : Data Sufficiency (DS) (gmatclub.com) | J66: Y | K66: Y | L66: Y | M66: Y | N66: Y | O66: Y | Q66: Y | T66: Y | U66: Y | V66: Y | W66: Y | X66: Y | AT66: 1C | BR66: =IF(COUNTA(AB66:BO66)=1,"CORRECT","EMPTY") -> CORRECT
B67: 44498 | C67: 600-700 | D67: 3 | E67: word problem | F67: C | G67: Collection of 8 DS questions : Data Sufficiency (DS) (gmatclub.com) | J67: Y | K67: Y | L67: Y | M67: Y | N67: Y | O67: Y | Q67: Y | T67: Y | U67: Y | V67: Y | W67: Y | X67: Y | AT67: 1C | BR67: =IF(COUNTA(AB67:BO67)=1,"CORRECT","EMPTY") -> CORRECT
B68: 44498 | C68: 600-700 | D68: =1+18/60 -> 1.3 | E68: Quadrilaterals | F68: C | G68: Square ABCD is inscribed in circle O. What is the area of square regio : Data Sufficiency (DS) (gmatclub.com) | J68: Y | K68: Y | L68: Y | M68: Y | N68: Y | O68: Y | Q68: Y | T68: Y | U68: Y | V68: Y | W68: Y | X68: Y | BM68: 1C | BR68: =IF(COUNTA(AB68:BO68)=1,"CORRECT","EMPTY") -> CORRECT
B69: 44498 | C69: 600-700 | D69: 0.75 | E69: Triangles | F69: W | G69: What is the perimeter of isosceles triangle ABC? : Data Sufficiency (DS) (gmatclub.com) | J69: N | K69: N | L69: N | M69: N | N69: N | O69: Y | Q69: N | T69: N | U69: N | V69: N | W69: N | X69: N | Z69: IF I DO NOT FOLLOW THE PROCESS - I WILL BE WRONG | BO69: 1W | BR69: =IF(COUNTA(AB69:BO69)=1,"CORRECT","EMPTY") -> CORRECT
B70: 44498 | C70: 600-700 | D70: 6 | E70: circles | F70: C | G70: Circle 1, Circle 2 and Circle 3 have the same center, and have a radiu : Data Sufficiency (DS) (gmatclub.com) | J70: Y | K70: Y | L70: Y | M70: Y | N70: Y | O70: Y | Q70: Y | T70: Y | U70: Y | V70: Y | W70: Y | X70: Y | Y70: LOGIC PREVAILED | BK70: 1C | BR70: =IF(COUNTA(AB70:BO70)=1,"CORRECT","EMPTY") -> CORRECT
B71: 44500 | C71: 600-700 | D71: 1.2 | E71: word problem | F71: C | G71: In an experiment, half of the participants received only drug X, while : Data Sufficiency (DS) (gmatclub.com) | J71: Y | K71: Y | L71: Y | M71: Y | N71: Y | O71: Y | Q71: Y | T71: Y | U71: Y | V71: Y | W71: Y | X71: Y | AT71: 1C | BR71: =IF(COUNTA(AB71:BO71)=1,"CORRECT","EMPTY") -> CORRECT
B72: 44500 | C72: 600-700 | D72: 2 | E72: word problem | F72: C | G72: A certain medical insurance company sold two types of policies: indivi : Data Sufficiency (DS) (gmatclub.com) | J72: Y | K72: Y | L72: Y | M72: Y | N72: Y | O72: Y | Q72: Y | T72: Y | U72: Y | V72: Y | W72: Y | X72: Y | AT72: 1C | BR72: =IF(COUNTA(AB72:BO72)=1,"CORRECT","EMPTY") -> CORRECT
B73: 44500 | C73: 600-700 | D73: =52/60 -> 0.86666667 | E73: growth rates | F73: C | G73: The population of the town of Paxton continuously increased in the two : Data Sufficiency (DS) (gmatclub.com) | J73: Y | K73: Y | L73: Y | M73: Y | N73: Y | O73: Y | Q73: Y | T73: Y | U73: Y | V73: Y | W73: Y | X73: Y | AZ73: 1C | BR73: =IF(COUNTA(AB73:BO73)=1,"CORRECT","EMPTY") -> CORRECT
B74: 44500 | C74: 600-700 | D74: 2 | E74: word problem | F74: C | G74: The number of dogs stocked at a certain pet shop is k times the number : Data Sufficiency (DS) (gmatclub.com) | J74: Y | K74: Y | L74: Y | M74: Y | N74: Y | O74: Y | Q74: Y | T74: Y | U74: Y | V74: Y | W74: Y | X74: Y | AT74: 1C | BR74: =IF(COUNTA(AB74:BO74)=1,"CORRECT","EMPTY") -> CORRECT
B75: 44500 | C75: 600-700 | D75: 1 | E75: word problem | F75: C | G75: Vijay made a telephone call. If Vijay's total cost for the call was $1 : Data Sufficiency (DS) (gmatclub.com) | J75: Y | K75: Y | L75: Y | M75: Y | N75: Y | O75: Y | Q75: Y | T75: Y | U75: Y | V75: Y | W75: Y | X75: Y | AT75: 1C | BR75: =IF(COUNTA(AB75:BO75)=1,"CORRECT","EMPTY") -> CORRECT
B76: 44500 | C76: sub-600 | D76: =1/6 -> 0.16666667 | E76: inequalities | F76: C | G76: What is the value of x? (1) x < 3 (2) x > 1 : Data Sufficiency (DS) (gmatclub.com) | J76: Y | K76: Y | L76: Y | M76: Y | N76: Y | O76: Y | Q76: Y | T76: Y | U76: Y | V76: Y | W76: Y | X76: Y | AC76: 1C | BR76: =IF(COUNTA(AB76:BO76)=1,"CORRECT","EMPTY") -> CORRECT
B77: 44500 | C77: sub-600 | D77: =1+7/60 -> 1.1166667 | E77: inequalities | F77: C | G77: If x equals one of the numbers 1/54, 1/23, or 1/12, then (1) 1/55 < x : Data Sufficiency (DS) (gmatclub.com) | J77: Y | K77: Y | L77: Y | M77: Y | N77: Y | O77: Y | Q77: Y | T77: Y | U77: Y | V77: Y | W77: Y | X77: Y | AC77: 1C | BR77: =IF(COUNTA(AB77:BO77)=1,"CORRECT","EMPTY") -> CORRECT
B78: 44500 | C78: sub-600 | D78: =1.25 -> 1.25 | E78: cubes/ Prisms | F78: C | G78: What is the height of a rectangular tank? (1) The area of the base of : Data Sufficiency (DS) (gmatclub.com) | J78: Y | K78: Y | L78: Y | M78: Y | N78: Y | O78: Y | Q78: Y | T78: Y | U78: Y | V78: Y | W78: Y | X78: Y | BJ78: 1C | BR78: =IF(COUNTA(AB78:BO78)=1,"CORRECT","EMPTY") -> CORRECT
B79: 44500 | C79: sub-600 | D79: =1.25 -> 1.25 | E79: POS / NEG | F79: C | G79: Is kjm > 0? (1) k is positive. (2) j is negative : Data Sufficiency (DS) (gmatclub.com) | J79: Y | K79: Y | L79: Y | M79: Y | N79: Y | O79: Y | Q79: Y | T79: Y | U79: Y | V79: Y | W79: Y | X79: Y | AR79: 1C | BR79: =IF(COUNTA(AB79:BO79)=1,"CORRECT","EMPTY") -> CORRECT
B80: 44500 | C80: 600-700 | D80: =1.25 -> 1.25 | E80: cubes/ Prisms | F80: C | G80: The length and width of a rectangular box are 6 feet and 5 feet, respe : Data Sufficiency (DS) (gmatclub.com) | J80: Y | K80: Y | L80: Y | M80: Y | N80: Y | O80: Y | Q80: Y | T80: Y | U80: Y | V80: Y | W80: Y | X80: Y | BJ80: 1C | BR80: =IF(COUNTA(AB80:BO80)=1,"CORRECT","EMPTY") -> CORRECT
B81: 44501 | C81: 600-700 | D81: 1.75 | E81: Inequalities | F81: W | G81: Is 3^n > 2^k ? (1) k = n + 1 (2) n is a positive integer. : Data Sufficiency (DS) (gmatclub.com) | J81: Y | K81: Y | L81: Y | M81: Y | N81: Y | O81: Y | Q81: Y | T81: Y | U81: Y | V81: Y | W81: Y | X81: Y | Z81: DID NOT WORK THROUGH 1+2 --> RUSHEd | AC81: 1W | BR81: =IF(COUNTA(AB81:BO81)=1,"CORRECT","EMPTY") -> CORRECT
B82: 44501 | C82: 600-700 | D82: 2.25 | E82: Algebra | F82: C | G82: If u=v^4, what is the value of y/u? : Data Sufficiency (DS) (gmatclub.com) | J82: Y | K82: Y | L82: Y | M82: Y | N82: Y | O82: Y | Q82: Y | T82: Y | U82: Y | V82: Y | W82: Y | X82: Y | AB82: 1C | BR82: =IF(COUNTA(AB82:BO82)=1,"CORRECT","EMPTY") -> CORRECT
B83: 44501 | C83: 600-700 | D83: 5 | E83: Algebra | F83: W | G83: What is the value of x(1 - y)(1 +y) ? (1) x^2 = x (2) y^2 = x : Data Sufficiency (DS) (gmatclub.com) | J83: Y | K83: Y | L83: Y | M83: Y | N83: Y | O83: Y | Q83: Y | T83: Y | U83: Y | V83: Y | W83: Y | X83: Y | Z83: 1 ^2 and 0^2 equal 1 and 0 | AB83: 1W | BR83: =IF(COUNTA(AB83:BO83)=1,"CORRECT","EMPTY") -> CORRECT
B84: 44501 | C84: 600-700 | D84: 3 | E84: Algebra | F84: C | G84: If x = 3a and y − x = 4a, then what is the value of y ? : Data Sufficiency (DS) (gmatclub.com) | J84: Y | K84: Y | L84: Y | M84: Y | N84: Y | O84: Y | Q84: Y | T84: Y | U84: Y | V84: Y | W84: Y | X84: Y | AB84: 1C | BR84: =IF(COUNTA(AB84:BO84)=1,"CORRECT","EMPTY") -> CORRECT
B85: 44501 | C85: 600-700 | D85: =2+11/60 -> 2.1833333 | E85: Algebra | F85: C | G85: If x – y = z, what is the value of y? (1) x = 7 (2) z = x + 4 : Data Sufficiency (DS) (gmatclub.com) | J85: Y | K85: Y | L85: Y | M85: Y | N85: Y | O85: Y | Q85: Y | T85: Y | U85: Y | V85: Y | W85: Y | X85: Y | AB85: 1C | BR85: =IF(COUNTA(AB85:BO85)=1,"CORRECT","EMPTY") -> CORRECT
B86: 44501 | C86: 600-700 | D86: 4.25 | E86: Algebra | F86: W | G86: Is x/15 > y/25 ? (1) 5y + 3x > 8x + 2y (2) 6y + 5x > 10x + 3y : Data Sufficiency (DS) (gmatclub.com) | J86: Y | K86: Y | L86: Y | M86: Y | N86: Y | O86: Y | Q86: Y | T86: Y | U86: Y | V86: Y | W86: Y | X86: Y | Z86: you can subtract VARIABLES IN INEQUALITIES BUT NOT DIVIDE!!! (W/O KNOWING SIGN) | AB86: 1W | BR86: =IF(COUNTA(AB86:BO86)=1,"CORRECT","EMPTY") -> CORRECT
B87: 44501 | C87: 600-700 | D87: 3 | E87: Algebra | F87: W | G87: If x ≠ –1 and y ≠ ±1, then what is the value of (xy − x)/((x + 1)(y − : Data Sufficiency (DS) (gmatclub.com) | J87: Y | K87: Y | L87: Y | M87: Y | N87: Y | O87: Y | Q87: Y | T87: Y | U87: Y | V87: Y | W87: Y | X87: Y | Z87: did not break down formula (instead distributeD) | AB87: 1W | BR87: =IF(COUNTA(AB87:BO87)=1,"CORRECT","EMPTY") -> CORRECT
B88: 44501 | C88: 600-700 | D88: =1+57/60 -> 1.95 | E88: Algebra | F88: C | G88: If l denotes the thousandths digit in the decimal representation of n : Data Sufficiency (DS) (gmatclub.com) | J88: Y | K88: Y | L88: Y | M88: Y | N88: Y | O88: Y | Q88: Y | T88: Y | U88: Y | V88: Y | W88: Y | X88: Y | AB88: 1C | BR88: =IF(COUNTA(AB88:BO88)=1,"CORRECT","EMPTY") -> CORRECT
B89: 44501 | C89: 600-700 | D89: 2.5 | E89: word problem | F89: C | G89: Maria has $2.45 consisting of coins each worth either $0.05 or $0.25. : Data Sufficiency (DS) (gmatclub.com) | J89: Y | K89: Y | L89: Y | M89: Y | N89: Y | O89: Y | Q89: Y | T89: Y | U89: Y | V89: Y | W89: Y | X89: Y | AT89: 1C | BR89: =IF(COUNTA(AB89:BO89)=1,"CORRECT","EMPTY") -> CORRECT
B90: 44501 | C90: 600-700 | D90: 1.5 | E90: POS / NEG | F90: C | G90: Is x^3-x>0？ : Data Sufficiency (DS) (gmatclub.com) | J90: Y | K90: Y | L90: Y | M90: Y | N90: Y | O90: Y | Q90: Y | T90: Y | U90: Y | V90: Y | W90: Y | X90: Y | AR90: 1C | BR90: =IF(COUNTA(AB90:BO90)=1,"CORRECT","EMPTY") -> CORRECT
B91: 44501 | C91: 600-700 | D91: 2.5 | E91: Inequalities | F91: C | G91: If (x − a)(x − b) = 0, is b = s? (1) s < a (2) s is a root of x^2 − : Data Sufficiency (DS) (gmatclub.com) | J91: Y | K91: Y | L91: Y | M91: Y | N91: Y | O91: Y | Q91: Y | T91: Y | U91: Y | V91: Y | W91: Y | X91: Y | AC91: 1C | BR91: =IF(COUNTA(AB91:BO91)=1,"CORRECT","EMPTY") -> CORRECT
B92: 44502 | C92: 600-700 | D92: 4 | E92: overlapping sets | F92: C | G92: Sets M and N contain exactly m and n elements, respectively. : Data Sufficiency (DS) (gmatclub.com) | J92: Y | K92: Y | L92: Y | M92: Y | N92: Y | O92: Y | Q92: Y | T92: Y | U92: Y | V92: Y | W92: Y | X92: Y | BC92: 1C | BR92: =IF(COUNTA(AB92:BO92)=1,"CORRECT","EMPTY") -> CORRECT
B93: 44502 | C93: 600-700 | D93: 1.75 | E93: overlapping sets | F93: C | G93: What is the probability that a student randomly selected from a class : Data Sufficiency (DS) (gmatclub.com) | J93: Y | K93: Y | L93: Y | M93: Y | N93: Y | O93: Y | Q93: Y | T93: Y | U93: Y | V93: Y | W93: Y | X93: Y | BC93: 1C | BR93: =IF(COUNTA(AB93:BO93)=1,"CORRECT","EMPTY") -> CORRECT
B94: 44502 | C94: 600-700 | D94: 2 | E94: overlapping sets | F94: C | G94: Is the number of members of Club X greater than the number of members : Data Sufficiency (DS) (gmatclub.com) | J94: Y | K94: Y | L94: Y | M94: Y | N94: Y | O94: Y | Q94: Y | T94: Y | U94: Y | V94: Y | W94: Y | X94: Y | BC94: 1C | BR94: =IF(COUNTA(AB94:BO94)=1,"CORRECT","EMPTY") -> CORRECT
B95: 44502 | C95: 600-700 | D95: 1.75 | E95: overlapping sets | F95: C | G95: When 1,000 children were inoculated with a certain vaccine, : Data Sufficiency (DS) (gmatclub.com) | J95: Y | K95: Y | L95: Y | M95: Y | N95: Y | O95: Y | Q95: Y | T95: Y | U95: Y | V95: Y | W95: Y | X95: Y | BC95: 1C | BR95: =IF(COUNTA(AB95:BO95)=1,"CORRECT","EMPTY") -> CORRECT
B96: 44502 | C96: 600-700 | D96: 1.5 | E96: overlapping sets | F96: C | G96: At a two-day seminar, 90 percent of those registered attended the semi : Data Sufficiency (DS) (gmatclub.com) | J96: Y | K96: Y | L96: Y | M96: Y | N96: Y | O96: Y | Q96: Y | T96: Y | U96: Y | V96: Y | W96: Y | X96: Y | BC96: 1C | BR96: =IF(COUNTA(AB96:BO96)=1,"CORRECT","EMPTY") -> CORRECT
B97: 44502 | C97: 600-700 | D97: 1 | E97: overlapping sets | F97: C | G97: Of the 800 sweaters in a certain store, 150 are red. How : Data Sufficiency (DS) (gmatclub.com) | J97: Y | K97: Y | L97: Y | M97: Y | N97: Y | O97: Y | Q97: Y | T97: Y | U97: Y | V97: Y | W97: Y | X97: Y | BC97: 1C | BR97: =IF(COUNTA(AB97:BO97)=1,"CORRECT","EMPTY") -> CORRECT
B98: 44504 | C98: 600-700 | D98: =2+51/60 -> 2.85 | E98: probability | F98: C | G98: A fair six-sided dice was rolled n times. What is the value of n? : Data Sufficiency (DS) (gmatclub.com) | J98: Y | K98: Y | L98: Y | M98: Y | N98: Y | O98: Y | Q98: Y | T98: Y | U98: Y | V98: Y | W98: Y | X98: Y | Y98: wrote down formula, applied logic, and utilized rounding & approximations | BD98: 1C | BR98: =IF(COUNTA(AB98:BO98)=1,"CORRECT","EMPTY") -> CORRECT
B99: 44504 | C99: 600-700 | D99: 2 | E99: probability | F99: C | G99: Each of the 50 students participating in a workshop is either an under : Data Sufficiency (DS) (gmatclub.com) | J99: Y | K99: Y | L99: Y | M99: Y | N99: Y | O99: Y | Q99: Y | T99: Y | U99: Y | V99: Y | W99: Y | X99: Y | Y99: wrote down formula, applied logic, and utilized rounding & approximations | BD99: 1C | BR99: =IF(COUNTA(AB99:BO99)=1,"CORRECT","EMPTY") -> CORRECT
B100: 44504 | C100: 600-700 | D100: 3 | E100: combinotronics | F100: W | G100: A certain panel is to be composed of exactly three women and : Data Sufficiency (DS) (gmatclub.com) | J100: Y | K100: Y | L100: Y | M100: Y | N100: Y | O100: Y | Q100: Y | R100: N | S100: N | T100: Y | U100: Y | V100: Y | W100: Y | X100: Y | Z100: appropriate method - but after looking at prompt 2, I did not RE DIGEST THE COMBINED INFO | BE100: 1W | BR100: =IF(COUNTA(AB100:BO100)=1,"CORRECT","EMPTY") -> CORRECT
B101: 44504 | C101: 600-700 | D101: 1.75 | E101: probability | F101: C | G101: A jar contains 20 marbles, each of a single color: red, green, blue, o : Data Sufficiency (DS) (gmatclub.com) | J101: Y | K101: Y | L101: Y | M101: Y | N101: Y | O101: Y | Q101: Y | T101: Y | U101: Y | V101: Y | W101: Y | X101: Y | BD101: 1C | BR101: =IF(COUNTA(AB101:BO101)=1,"CORRECT","EMPTY") -> CORRECT
B102: 44504 | C102: 600-700 | D102: 2 | E102: combinotronics | F102: W | G102: From a group of J employees, K will be selected, at random, to sit in : Data Sufficiency (DS) (gmatclub.com) | J102: Y | K102: Y | L102: Y | M102: Y | N102: N | O102: N | Q102: N | R102: N | S102: N | T102: N | U102: N | V102: N | W102: N | X102: N | Z102: ERROR - the number of larger pool (selected from) was not given | BE102: 1W | BR102: =IF(COUNTA(AB102:BO102)=1,"CORRECT","EMPTY") -> CORRECT
B103: 44504 | C103: 600-700 | D103: =23/60 -> 0.38333333 | E103: probability | F103: C | G103: What is the probability that it will rain tomorrow ? : Data Sufficiency (DS) (gmatclub.com) | J103: Y | K103: Y | L103: Y | M103: N | N103: Y | O103: Y | Q103: Y | R103: N | S103: N | T103: Y | U103: Y | V103: Y | W103: Y | X103: Y | Y103: logic | BD103: 1C | BR103: =IF(COUNTA(AB103:BO103)=1,"CORRECT","EMPTY") -> CORRECT
B104: 44504 | C104: 600-700 | D104: =2+48/60 -> 2.8 | E104: probability | F104: C | G104: Terry holds 12 cards, each of which is red, white, green, or blue. If : Data Sufficiency (DS) (gmatclub.com) | J104: Y | K104: Y | L104: Y | N104: Y | O104: Y | Q104: Y | T104: Y | U104: Y | V104: Y | W104: Y | X104: Y | Y104: logic | BD104: 1C | BR104: =IF(COUNTA(AB104:BO104)=1,"CORRECT","EMPTY") -> CORRECT
B105: 44504 | C105: 600-700 | D105: 4 | E105: probability | F105: C | G105: A box of light bulbs contains exactly 3 light bulbs that are defective : Data Sufficiency (DS) (gmatclub.com) | J105: Y | K105: Y | L105: Y | M105: Y | N105: Y | O105: Y | Q105: Y | R105: Y | S105: Y | T105: Y | U105: Y | V105: Y | W105: Y | X105: Y | BD105: 1C | BR105: =IF(COUNTA(AB105:BO105)=1,"CORRECT","EMPTY") -> CORRECT
...

Sheet PROB SOLV MATH TRACKER
G6: Pct of Total Qs Answered
AC7: =AC$11/SUM($AC$11:$BP$11) -> 0.053435115 | AD7: =AD$11/SUM($AC$11:$BP$11) -> 0.027480916 | AE7: =AE$11/SUM($AC$11:$BP$11) -> 0.021374046 | AF7: =AF$11/SUM($AC$11:$BP$11) -> 0.022900763 | AG7: =AG$11/SUM($AC$11:$BP$11) -> 0.039694656 | AH7: =AH$11/SUM($AC$11:$BP$11) -> 0.041221374 | AI7: =AI$11/SUM($AC$11:$BP$11) -> 0.027480916 | AJ7: =AJ$11/SUM($AC$11:$BP$11) -> 0.01221374 | AN7: =AN$11/SUM($AC$11:$BP$11) -> 0.01221374 | AO7: =AO$11/SUM($AC$11:$BP$11) -> 0.025954198 | AP7: =AP$11/SUM($AC$11:$BP$11) -> 0.016793893 | AQ7: =AQ$11/SUM($AC$11:$BP$11) -> 0 | AR7: =AR$11/SUM($AC$11:$BP$11) -> 0.0015267176 | AS7: =AS$11/SUM($AC$11:$BP$11) -> 0.0076335878 | AT7: =AT$11/SUM($AC$11:$BP$11) -> 0.0076335878 | AU7: =AU$11/SUM($AC$11:$BP$11) -> 0.093129771 | ... BK7: =BK$11/SUM($AC$11:$BP$11) -> 0.013740458 | BM7: =BM$11/SUM($AC$11:$BP$11) -> 0.032061069 | BN7: =BN$11/SUM($AC$11:$BP$11) -> 0.035114504 | BO7: =BO$11/SUM($AC$11:$BP$11) -> 0.0061068702 | BP7: =BP$11/SUM($AC$11:$BP$11) -> 0.022900763
B8: PROBLEM SOLVING GMAT QUANT TRACKER | AC8: =AC11/SUM($AC$11:$BP$11) -> 0.053435115 | AD8: =AD11/SUM($AC$11:$BP$11) -> 0.027480916 | AE8: =AE11/SUM($AC$11:$BP$11) -> 0.021374046 | AF8: =AF11/SUM($AC$11:$BP$11) -> 0.022900763 | AG8: =AG11/SUM($AC$11:$BP$11) -> 0.039694656 | AH8: =AH11/SUM($AC$11:$BP$11) -> 0.041221374 | AI8: =AI11/SUM($AC$11:$BP$11) -> 0.027480916 | AJ8: =AJ11/SUM($AC$11:$BP$11) -> 0.01221374 | ... BK8: =BK11/SUM($AC$11:$BP$11) -> 0.013740458 | BM8: =BM11/SUM($AC$11:$BP$11) -> 0.032061069 | BN8: =BN11/SUM($AC$11:$BP$11) -> 0.035114504 | BO8: =BO11/SUM($AC$11:$BP$11) -> 0.0061068702 | BP8: =BP11/SUM($AC$11:$BP$11) -> 0.022900763
G9: Question Type | AC9: Algebra | AD9: Algebra | AE9: Algebra | AF9: Algebra | AG9: Algebra | AH9: Fractions / Decimals / PCT | AI9: SETS | AJ9: STATISTICS | AK9: Number Properties | AL9: Number Properties | AM9: Number Properties | AN9: Number Properties | AO9: Number Properties | AP9: Number Properties | AQ9: Number Properties | AR9: Number Properties | AS9: PRIMES | AT9: Word Problem | AU9: Word Problem | AV9: Word Problem | AW9: Word Problem | AX9: Word Problem | AY9: Word Problem | AZ9: Word Problem | BA9: Word Problem | BB9: Word Problem | BC9: Word Problem | BD9: Word Problem | BE9: Combinotronics | BF9: Combinotronics | BG9: Coordinate Plane | BH9: Coordinate Plane | BI9: 3D GEOMETRY | BJ9: 3D GEOMETRY | BK9: 3D GEOMETRY | BL9: 2D GEOMETRY | BM9: 2D GEOMETRY | BN9: 2D GEOMETRY | BO9: 2D GEOMETRY | BP9: 2D GEOMETRY
AC10: Algebra | AD10: Inequalities | AE10: Absolute Value | AF10: Roots | AG10: Exponents | AH10: Fractions / Decimals / PCT | AI10: Sets | AJ10: Statistics | AK10: Digits | AL10: Factorials | AM10: Number Properties | AN10: Factors | AO10: Divisibility | AP10: Remainders | AQ10: EVEN / ODD | AR10: Primes | AS10: POS / NEG | AT10: Ratio | AU10: Word Problem | AV10: Profit | AW10: Discount | AX10: Rate / Distance | AY10: Work | AZ10: Interest | BA10: Growth Rates | BB10: MAX / MIN | BC10: Weighted Avg | BD10: Overlapping Sets | BE10: Probability | BF10: Combinotronics | BG10: Functions / Graphs | BH10: Coordinate Plane | BI10: Cylinders | BJ10: Spheres | BK10: Cubes/ Prisms | BL10: Lines & Angles | BM10: Circles | BN10: Quadrilaterals | BO10: Polygons | BP10: Triangles
D11: Time Limit | AC11: =COUNTA(AC24:AC956) -> 35 | AD11: =COUNTA(AD24:AD956) -> 18 | AE11: =COUNTA(AE24:AE956) -> 14 | AF11: =COUNTA(AF24:AF956) -> 15 | AG11: =COUNTA(AG24:AG956) -> 26 | AH11: =COUNTA(AH24:AH956) -> 27 | AI11: =COUNTA(AI24:AI956) -> 18 | AJ11: =COUNTA(AJ24:AJ956) -> 8 | ... BP11: =COUNTA(BP24:BP956) -> 15
B12: LEVEL | C12: Minutes | D12: 1.5x | E12: Regular | F12: Total Qs by Diff | G12: Pct C by Diff | AB12: correct | AC12: =IFERROR(COUNTIF(AC24:AC956,"1C"),"NA") -> 19 | AD12: =IFERROR(COUNTIF(AD24:AD956,"1C"),"NA") -> 9 | AE12: =IFERROR(COUNTIF(AE24:AE956,"1C"),"NA") -> 12 | AF12: =IFERROR(COUNTIF(AF24:AF956,"1C"),"NA") -> 6 | AG12: =IFERROR(COUNTIF(AG24:AG956,"1C"),"NA") -> 18 | AH12: =IFERROR(COUNTIF(AH24:AH956,"1C"),"NA") -> 19 | AI12: =IFERROR(COUNTIF(AI24:AI956,"1C"),"NA") -> 17 | AJ12: =IFERROR(COUNTIF(AJ24:AJ956,"1C"),"NA") -> 4 | ... BP12: =IFERROR(COUNTIF(BP24:BP956,"1C"),"NA") -> 3
B13: 700 | C13: =IFERROR(AVERAGEIF($C$24:$C$568,B13,$D$24:$D$568),"NA") -> 3.5159569 | E13: 1.9375 | F13: =COUNTIFS($C$24:$C$671,$B13) -> 111 | G13: =COUNTIFS($C$24:$C$671,$B13,$F$24:$F$671,"C")/F13 -> 0.40540541 | H13: 0.54 | AB13: wrong | AC13: =IFERROR(COUNTIF(AC25:AC956,"1W"),"NA") -> 16 | AD13: =IFERROR(COUNTIF(AD25:AD956,"1W"),"NA") -> 9 | AE13: =IFERROR(COUNTIF(AE25:AE956,"1W"),"NA") -> 2 | AF13: =IFERROR(COUNTIF(AF25:AF956,"1W"),"NA") -> 9 | AG13: =IFERROR(COUNTIF(AG25:AG956,"1W"),"NA") -> 8 | AH13: =IFERROR(COUNTIF(AH25:AH956,"1W"),"NA") -> 8 | AI13: =IFERROR(COUNTIF(AI25:AI956,"1W"),"NA") -> 1 | AJ13: =IFERROR(COUNTIF(AJ25:AJ956,"1W"),"NA") -> 4 | ... BP13: =IFERROR(COUNTIF(BP25:BP956,"1W"),"NA") -> 12
B14: 600-700 | C14: =IFERROR(AVERAGEIF($C$24:$C$568,B14,$D$24:$D$568),"NA") -> 3.2524291 | D14: =E14*1.5 -> 2.90625 | E14: 1.9375 | F14: =COUNTIFS($C$24:$C$671,$B14) -> 414 | G14: =COUNTIFS($C$24:$C$671,$B14,$F$24:$F$671,"C")/F14 -> 0.64492754 | H14: 0.26
B15: sub-600 | C15: =IFERROR(AVERAGEIF($C$24:$C$568,B15,$D$24:$D$568),"NA") -> 2.2075716 | D15: =E15*1.5 -> 2.90625 | E15: 1.9375 | F15: =COUNTIFS($C$24:$C$671,$B15) -> 88 | G15: =COUNTIFS($C$24:$C$671,$B15,$F$24:$F$671,"C")/F15 -> 0.77272727 | H15: 0.35 | AC15: =IFERROR(AC12/AC11,"NA") -> 0.54285714 | AD15: =IFERROR(AD12/AD11,"NA") -> 0.5 | AE15: =IFERROR(AE12/AE11,"NA") -> 0.85714286 | AF15: =IFERROR(AF12/AF11,"NA") -> 0.4 | AG15: =IFERROR(AG12/AG11,"NA") -> 0.69230769 | AH15: =IFERROR(AH12/AH11,"NA") -> 0.7037037 | AI15: =IFERROR(AI12/AI11,"NA") -> 0.94444444 | AJ15: =IFERROR(AJ12/AJ11,"NA") -> 0.5 | ... BP15: =IFERROR(BP12/BP11,"NA") -> 0.2
B16: Cut off Time: | Z16: METHOD | AC16: =IFERROR(AC13/AC$5,"NA") -> NA | AD16: =IFERROR(AD13/AD$5,"NA") -> NA | AE16: =IFERROR(AE13/AE$5,"NA") -> NA | AF16: =IFERROR(AF13/AF$5,"NA") -> NA | AG16: =IFERROR(AG13/AG$5,"NA") -> NA | AH16: =IFERROR(AH13/AH$5,"NA") -> NA | AI16: =IFERROR(AI13/AI$5,"NA") -> NA | AJ16: =IFERROR(AJ13/AJ$5,"NA") -> NA | ... BP16: =IFERROR(BP13/BP$5,"NA") -> NA | CP16: sub-600 | CQ16: 600-700 | CR16: 700
B17: pct of time correct if take longer than [ ] Minutes | G17: ="PCT of "&B13&" Lvl Q correct" -> PCT of 700 Lvl Q correct | Z17: EMPLOYED | AC17: =IFERROR(COUNTIFS(AC$24:AC$4686,"1C",$C$24:$C$4686,$B13)/(COUNTIFS(AC$24:AC$4686,"1C",$C$24:$C$4686,$B13)+COUNTIFS(AC$24:AC$4686,"1W",$C$24:$C$4686,$B13)),"NA") -> 0.5 | AD17: =IFERROR(COUNTIFS(AD$24:AD$4686,"1C",$C$24:$C$4686,$B13)/(COUNTIFS(AD$24:AD$4686,"1C",$C$24:$C$4686,$B13)+COUNTIFS(AD$24:AD$4686,"1W",$C$24:$C$4686,$B13)),"NA") -> 0.2 | AE17: =IFERROR(COUNTIFS(AE$24:AE$4686,"1C",$C$24:$C$4686,$B13)/(COUNTIFS(AE$24:AE$4686,"1C",$C$24:$C$4686,$B13)+COUNTIFS(AE$24:AE$4686,"1W",$C$24:$C$4686,$B13)),"NA") -> 1 | AF17: =IFERROR(COUNTIFS(AF$24:AF$4686,"1C",$C$24:$C$4686,$B13)/(COUNTIFS(AF$24:AF$4686,"1C",$C$24:$C$4686,$B13)+COUNTIFS(AF$24:AF$4686,"1W",$C$24:$C$4686,$B13)),"NA") -> 0 | AG17: =IFERROR(COUNTIFS(AG$24:AG$4686,"1C",$C$24:$C$4686,$B13)/(COUNTIFS(AG$24:AG$4686,"1C",$C$24:$C$4686,$B13)+COUNTIFS(AG$24:AG$4686,"1W",$C$24:$C$4686,$B13)),"NA") -> 1 | AH17: =IFERROR(COUNTIFS(AH$24:AH$4686,"1C",$C$24:$C$4686,$B13)/(COUNTIFS(AH$24:AH$4686,"1C",$C$24:$C$4686,$B13)+COUNTIFS(AH$24:AH$4686,"1W",$C$24:$C$4686,$B13)),"NA") -> 0.5 | AI17: =IFERROR(COUNTIFS(AI$24:AI$4686,"1C",$C$24:$C$4686,$B13)/(COUNTIFS(AI$24:AI$4686,"1C",$C$24:$C$4686,$B13)+COUNTIFS(AI$24:AI$4686,"1W",$C$24:$C$4686,$B13)),"NA") -> 0.5 | AJ17: =IFERROR(COUNTIFS(AJ$24:AJ$4686,"1C",$C$24:$C$4686,$B13)/(COUNTIFS(AJ$24:AJ$4686,"1C",$C$24:$C$4686,$B13)+COUNTIFS(AJ$24:AJ$4686,"1W",$C$24:$C$4686,$B13)),"NA") -> 0.25 | ... BP17: =IFERROR(COUNTIFS(BP$24:BP$4686,"1C",$C$24:$C$4686,$B13)/(COUNTIFS(BP$24:BP$4686,"1C",$C$24:$C$4686,$B13)+COUNTIFS(BP$24:BP$4686,"1W",$C$24:$C$4686,$B13)),"NA") -> 0
B18: (mins) / level | C18: =B13 -> 700 | D18: =B14 -> 600-700 | E18: =B15 -> sub-600 | G18: ="PCT of "&B14&" Lvl Q correct" -> PCT of 600-700 Lvl Q correct | AC18: =IFERROR(COUNTIFS(AC$24:AC$4686,"1C",$C$24:$C$4686,$B14)/(COUNTIFS(AC$24:AC$4686,"1C",$C$24:$C$4686,$B14)+COUNTIFS(AC$24:AC$4686,"1W",$C$24:$C$4686,$B14)),"NA") -> 0.52380952 | AD18: =IFERROR(COUNTIFS(AD$24:AD$4686,"1C",$C$24:$C$4686,$B14)/(COUNTIFS(AD$24:AD$4686,"1C",$C$24:$C$4686,$B14)+COUNTIFS(AD$24:AD$4686,"1W",$C$24:$C$4686,$B14)),"NA") -> 0.61538462 | AE18: =IFERROR(COUNTIFS(AE$24:AE$4686,"1C",$C$24:$C$4686,$B14)/(COUNTIFS(AE$24:AE$4686,"1C",$C$24:$C$4686,$B14)+COUNTIFS(AE$24:AE$4686,"1W",$C$24:$C$4686,$B14)),"NA") -> 0.81818182 | AF18: =IFERROR(COUNTIFS(AF$24:AF$4686,"1C",$C$24:$C$4686,$B14)/(COUNTIFS(AF$24:AF$4686,"1C",$C$24:$C$4686,$B14)+COUNTIFS(AF$24:AF$4686,"1W",$C$24:$C$4686,$B14)),"NA") -> 0.28571429 | AG18: =IFERROR(COUNTIFS(AG$24:AG$4686,"1C",$C$24:$C$4686,$B14)/(COUNTIFS(AG$24:AG$4686,"1C",$C$24:$C$4686,$B14)+COUNTIFS(AG$24:AG$4686,"1W",$C$24:$C$4686,$B14)),"NA") -> 0.83333333 | AH18: =IFERROR(COUNTIFS(AH$24:AH$4686,"1C",$C$24:$C$4686,$B14)/(COUNTIFS(AH$24:AH$4686,"1C",$C$24:$C$4686,$B14)+COUNTIFS(AH$24:AH$4686,"1W",$C$24:$C$4686,$B14)),"NA") -> 0.71428571 | AI18: =IFERROR(COUNTIFS(AI$24:AI$4686,"1C",$C$24:$C$4686,$B14)/(COUNTIFS(AI$24:AI$4686,"1C",$C$24:$C$4686,$B14)+COUNTIFS(AI$24:AI$4686,"1W",$C$24:$C$4686,$B14)),"NA") -> 1 | AJ18: =IFERROR(COUNTIFS(AJ$24:AJ$4686,"1C",$C$24:$C$4686,$B14)/(COUNTIFS(AJ$24:AJ$4686,"1C",$C$24:$C$4686,$B14)+COUNTIFS(AJ$24:AJ$4686,"1W",$C$24:$C$4686,$B14)),"NA") -> 0.66666667 | ... BP18: =IFERROR(COUNTIFS(BP$24:BP$4686,"1C",$C$24:$C$4686,$B14)/(COUNTIFS(BP$24:BP$4686,"1C",$C$24:$C$4686,$B14)+COUNTIFS(BP$24:BP$4686,"1W",$C$24:$C$4686,$B14)),"NA") -> 0.2
B19: 1 | C19: =IFERROR(COUNTIFS($C$24:$C$6190,C$18,$D$24:$D$6190,">="&$B19,$F$24:$F$6190,"C")/COUNTIFS($C$24:$C$6190,C$18,$D$24:$D$6190,">="&$B19),"NA") -> 0.45255474 | D19: =IFERROR(COUNTIFS($C$24:$C$6190,D$18,$D$24:$D$6190,">="&$B19,$F$24:$F$6190,"C")/COUNTIFS($C$24:$C$6190,D$18,$D$24:$D$6190,">="&$B19),"NA") -> 0.66067416 | E19: =IFERROR(COUNTIFS($C$24:$C$6190,E$18,$D$24:$D$6190,">="&$B19,$F$24:$F$6190,"C")/COUNTIFS($C$24:$C$6190,E$18,$D$24:$D$6190,">="&$B19),"NA") -> 0.72222222 | G19: ="PCT of "&B15&" Lvl Q correct" -> PCT of sub-600 Lvl Q correct | AC19: =IFERROR(COUNTIFS(AC$24:AC$4686,"1C",$C$24:$C$4686,$B15)/(COUNTIFS(AC$24:AC$4686,"1C",$C$24:$C$4686,$B15)+COUNTIFS(AC$24:AC$4686,"1W",$C$24:$C$4686,$B15)),"NA") -> 0.66666667 | AD19: =IFERROR(COUNTIFS(AD$24:AD$4686,"1C",$C$24:$C$4686,$B15)/(COUNTIFS(AD$24:AD$4686,"1C",$C$24:$C$4686,$B15)+COUNTIFS(AD$24:AD$4686,"1W",$C$24:$C$4686,$B15)),"NA") -> NA | AE19: =IFERROR(COUNTIFS(AE$24:AE$4686,"1C",$C$24:$C$4686,$B15)/(COUNTIFS(AE$24:AE$4686,"1C",$C$24:$C$4686,$B15)+COUNTIFS(AE$24:AE$4686,"1W",$C$24:$C$4686,$B15)),"NA") -> 1 | AF19: =IFERROR(COUNTIFS(AF$24:AF$4686,"1C",$C$24:$C$4686,$B15)/(COUNTIFS(AF$24:AF$4686,"1C",$C$24:$C$4686,$B15)+COUNTIFS(AF$24:AF$4686,"1W",$C$24:$C$4686,$B15)),"NA") -> 0.8 | AG19: =IFERROR(COUNTIFS(AG$24:AG$4686,"1C",$C$24:$C$4686,$B15)/(COUNTIFS(AG$24:AG$4686,"1C",$C$24:$C$4686,$B15)+COUNTIFS(AG$24:AG$4686,"1W",$C$24:$C$4686,$B15)),"NA") -> 0.63157895 | AH19: =IFERROR(COUNTIFS(AH$24:AH$4686,"1C",$C$24:$C$4686,$B15)/(COUNTIFS(AH$24:AH$4686,"1C",$C$24:$C$4686,$B15)+COUNTIFS(AH$24:AH$4686,"1W",$C$24:$C$4686,$B15)),"NA") -> 1 | AI19: =IFERROR(COUNTIFS(AI$24:AI$4686,"1C",$C$24:$C$4686,$B15)/(COUNTIFS(AI$24:AI$4686,"1C",$C$24:$C$4686,$B15)+COUNTIFS(AI$24:AI$4686,"1W",$C$24:$C$4686,$B15)),"NA") -> 1 | AJ19: =IFERROR(COUNTIFS(AJ$24:AJ$4686,"1C",$C$24:$C$4686,$B15)/(COUNTIFS(AJ$24:AJ$4686,"1C",$C$24:$C$4686,$B15)+COUNTIFS(AJ$24:AJ$4686,"1W",$C$24:$C$4686,$B15)),"NA") -> 1 | ... BP19: =IFERROR(COUNTIFS(BP$24:BP$4686,"1C",$C$24:$C$4686,$B15)/(COUNTIFS(BP$24:BP$4686,"1C",$C$24:$C$4686,$B15)+COUNTIFS(BP$24:BP$4686,"1W",$C$24:$C$4686,$B15)),"NA") -> 1 | CO19: 0.025 | CP19: =IFERROR(COUNTIFS($C$24:$C$48400,CP$16,$D$24:$D$48400,">="&$CO19,$F$24:$F$48400,"C")/COUNTIFS($C$24:$C$48400,CP$16,$D$24:$D$48400,">="&$CO19),"NA") -> 0.78350515 | CQ19: =IFERROR(COUNTIFS($C$24:$C$48400,CQ$16,$D$24:$D$48400,">="&$CO19,$F$24:$F$48400,"C")/COUNTIFS($C$24:$C$48400,CQ$16,$D$24:$D$48400,">="&$CO19),"NA") -> 0.65889831 | CR19: =IFERROR(COUNTIFS($C$24:$C$48400,CR$16,$D$24:$D$48400,">="&$CO19,$F$24:$F$48400,"C")/COUNTIFS($C$24:$C$48400,CR$16,$D$24:$D$48400,">="&$CO19),"NA") -> 0.44055944
B20: =B19+0.5 -> 1.5 | C20: =IFERROR(COUNTIFS($C$24:$C$6190,C$18,$D$24:$D$6190,">="&$B20,$F$24:$F$6190,"C")/COUNTIFS($C$24:$C$6190,C$18,$D$24:$D$6190,">="&$B20),"NA") -> 0.448 | D20: =IFERROR(COUNTIFS($C$24:$C$6190,D$18,$D$24:$D$6190,">="&$B20,$F$24:$F$6190,"C")/COUNTIFS($C$24:$C$6190,D$18,$D$24:$D$6190,">="&$B20),"NA") -> 0.6484375 | E20: =IFERROR(COUNTIFS($C$24:$C$6190,E$18,$D$24:$D$6190,">="&$B20,$F$24:$F$6190,"C")/COUNTIFS($C$24:$C$6190,E$18,$D$24:$D$6190,">="&$B20),"NA") -> 0.67857143 | G20: Average Time Per Q | Y20: (elim math problems) | Z20: WHAT AS | AC20: =IFERROR(AVERAGEIF($E$24:$E$902,AC$23,$D$24:$D$902),"NA") -> 3.034878 | AD20: =IFERROR(AVERAGEIF($E$24:$E$902,AD$23,$D$24:$D$902),"NA") -> 2.4964286 | AE20: =IFERROR(AVERAGEIF($E$24:$E$902,AE$23,$D$24:$D$902),"NA") -> 2.9866667 | AF20: =IFERROR(AVERAGEIF($E$24:$E$902,AF$23,$D$24:$D$902),"NA") -> 2.7711111 | AG20: =IFERROR(AVERAGEIF($E$24:$E$902,AG$23,$D$24:$D$902),"NA") -> 2.8958333 | AH20: =IFERROR(AVERAGEIF($E$24:$E$902,AH$23,$D$24:$D$902),"NA") -> 2.7153761 | AI20: =IFERROR(AVERAGEIF($E$24:$E$902,AI$23,$D$24:$D$902),"NA") -> 3.0638704 | AJ20: =IFERROR(AVERAGEIF($E$24:$E$902,AJ$23,$D$24:$D$902),"NA") -> 2.5833333 | ... BP20: =IFERROR(AVERAGEIF($E$24:$E$902,BP$23,$D$24:$D$902),"NA") -> 3.5177778 | CO20: =CO19+0.25 -> 0.275 | CP20: =IFERROR(COUNTIFS($C$24:$C$48400,CP$16,$D$24:$D$48400,">="&$CO20,$F$24:$F$48400,"C")/COUNTIFS($C$24:$C$48400,CP$16,$D$24:$D$48400,">="&$CO20),"NA") -> 0.77894737 | CQ20: =IFERROR(COUNTIFS($C$24:$C$48400,CQ$16,$D$24:$D$48400,">="&$CO20,$F$24:$F$48400,"C")/COUNTIFS($C$24:$C$48400,CQ$16,$D$24:$D$48400,">="&$CO20),"NA") -> 0.66236559 | CR20: =IFERROR(COUNTIFS($C$24:$C$48400,CR$16,$D$24:$D$48400,">="&$CO20,$F$24:$F$48400,"C")/COUNTIFS($C$24:$C$48400,CR$16,$D$24:$D$48400,">="&$CO20),"NA") -> 0.44285714
B21: =B20+0.5 -> 2 | C21: =IFERROR(COUNTIFS($C$24:$C$6190,C$18,$D$24:$D$6190,">="&$B21,$F$24:$F$6190,"C")/COUNTIFS($C$24:$C$6190,C$18,$D$24:$D$6190,">="&$B21),"NA") -> 0.44444444 | D21: =IFERROR(COUNTIFS($C$24:$C$6190,D$18,$D$24:$D$6190,">="&$B21,$F$24:$F$6190,"C")/COUNTIFS($C$24:$C$6190,D$18,$D$24:$D$6190,">="&$B21),"NA") -> 0.63173653 | E21: =IFERROR(COUNTIFS($C$24:$C$6190,E$18,$D$24:$D$6190,">="&$B21,$F$24:$F$6190,"C")/COUNTIFS($C$24:$C$6190,E$18,$D$24:$D$6190,">="&$B21),"NA") -> 0.6 | G21: Avg time if C | J21: IF A FORMULA | K21: REWRITE | L21: IDENTIFY | M21: READ | N21: Write Down | O21: LOGIC OUT THE Q | P21: Talk out Q | Q21: Draw | R21: Check | S21: EMPLOY | T21: CONFIRM | U21: CHECK MATH | V21: DID I | W21: DID YOU EXPAND? | X21: DID YOU PAUSE | Y21: AFTER EVERY NEW VARIABLE | Z21: LESSON | AC21: =IFERROR(AVERAGEIFS($D$24:$D$902,$E$24:$E$128,AC$23,$F$24:$F$902,"C"),"NA") -> NA | AD21: =IFERROR(AVERAGEIFS($D$24:$D$902,$E$24:$E$128,AD$23,$F$24:$F$902,"C"),"NA") -> NA | AE21: =IFERROR(AVERAGEIFS($D$24:$D$902,$E$24:$E$128,AE$23,$F$24:$F$902,"C"),"NA") -> NA | AF21: =IFERROR(AVERAGEIFS($D$24:$D$902,$E$24:$E$128,AF$23,$F$24:$F$902,"C"),"NA") -> NA | AG21: =IFERROR(AVERAGEIFS($D$24:$D$902,$E$24:$E$128,AG$23,$F$24:$F$902,"C"),"NA") -> NA | AH21: =IFERROR(AVERAGEIFS($D$24:$D$902,$E$24:$E$128,AH$23,$F$24:$F$902,"C"),"NA") -> NA | AI21: =IFERROR(AVERAGEIFS($D$24:$D$902,$E$24:$E$128,AI$23,$F$24:$F$902,"C"),"NA") -> NA | AJ21: =IFERROR(AVERAGEIFS($D$24:$D$902,$E$24:$E$128,AJ$23,$F$24:$F$902,"C"),"NA") -> NA | ... BP21: =IFERROR(AVERAGEIFS($D$24:$D$902,$E$24:$E$128,BP$23,$F$24:$F$902,"C"),"NA") -> NA | CO21: =CO20+0.25 -> 0.525 | CP21: =IFERROR(COUNTIFS($C$24:$C$48400,CP$16,$D$24:$D$48400,">="&$CO21,$F$24:$F$48400,"C")/COUNTIFS($C$24:$C$48400,CP$16,$D$24:$D$48400,">="&$CO21),"NA") -> 0.77173913 | CQ21: =IFERROR(COUNTIFS($C$24:$C$48400,CQ$16,$D$24:$D$48400,">="&$CO21,$F$24:$F$48400,"C")/COUNTIFS($C$24:$C$48400,CQ$16,$D$24:$D$48400,">="&$CO21),"NA") -> 0.66304348 | CR21: =IFERROR(COUNTIFS($C$24:$C$48400,CR$16,$D$24:$D$48400,">="&$CO21,$F$24:$F$48400,"C")/COUNTIFS($C$24:$C$48400,CR$16,$D$24:$D$48400,">="&$CO21),"NA") -> 0.44604317
B22: =B21+0.5 -> 2.5 | C22: =IFERROR(COUNTIFS($C$24:$C$6190,C$18,$D$24:$D$6190,">="&$B22,$F$24:$F$6190,"C")/COUNTIFS($C$24:$C$6190,C$18,$D$24:$D$6190,">="&$B22),"NA") -> 0.44444444 | D22: =IFERROR(COUNTIFS($C$24:$C$6190,D$18,$D$24:$D$6190,">="&$B22,$F$24:$F$6190,"C")/COUNTIFS($C$24:$C$6190,D$18,$D$24:$D$6190,">="&$B22),"NA") -> 0.59245283 | E22: =IFERROR(COUNTIFS($C$24:$C$6190,E$18,$D$24:$D$6190,">="&$B22,$F$24:$F$6190,"C")/COUNTIFS($C$24:$C$6190,E$18,$D$24:$D$6190,">="&$B22),"NA") -> 0.53125 | G22: Avg time if W | J22: QUESTION | K22: QUESTION | L22: TOPIC? | M22: FULL | N22: Given | O22: VERBALLY | P22: & Steps Needed | Q22: Diagram | R22: Units | S22: TEST | T22: ANSWERING | U22: CHECK MATH | V22: SIMPLIFY | W22: PROPERLY??? | X22: AFTER MATH | Y22: IS SOLVED, STOP & | Z22: LEARNEd | AC22: =IFERROR(AVERAGEIFS($D$24:$D$902,$E$24:$E$128,AC$23,$F$24:$F$902,"W"),"NA") -> NA | AD22: =IFERROR(AVERAGEIFS($D$24:$D$902,$E$24:$E$128,AD$23,$F$24:$F$902,"W"),"NA") -> NA | AE22: =IFERROR(AVERAGEIFS($D$24:$D$902,$E$24:$E$128,AE$23,$F$24:$F$902,"W"),"NA") -> NA | AF22: =IFERROR(AVERAGEIFS($D$24:$D$902,$E$24:$E$128,AF$23,$F$24:$F$902,"W"),"NA") -> NA | AG22: =IFERROR(AVERAGEIFS($D$24:$D$902,$E$24:$E$128,AG$23,$F$24:$F$902,"W"),"NA") -> NA | AH22: =IFERROR(AVERAGEIFS($D$24:$D$902,$E$24:$E$128,AH$23,$F$24:$F$902,"W"),"NA") -> NA | AI22: =IFERROR(AVERAGEIFS($D$24:$D$902,$E$24:$E$128,AI$23,$F$24:$F$902,"W"),"NA") -> NA | AJ22: =IFERROR(AVERAGEIFS($D$24:$D$902,$E$24:$E$128,AJ$23,$F$24:$F$902,"W"),"NA") -> NA | ... BP22: =IFERROR(AVERAGEIFS($D$24:$D$902,$E$24:$E$128,BP$23,$F$24:$F$902,"W"),"NA") -> NA | CO22: =CO21+0.25 -> 0.775 | CP22: =IFERROR(COUNTIFS($C$24:$C$48400,CP$16,$D$24:$D$48400,">="&$CO22,$F$24:$F$48400,"C")/COUNTIFS($C$24:$C$48400,CP$16,$D$24:$D$48400,">="&$CO22),"NA") -> 0.75308642 | CQ22: =IFERROR(COUNTIFS($C$24:$C$48400,CQ$16,$D$24:$D$48400,">="&$CO22,$F$24:$F$48400,"C")/COUNTIFS($C$24:$C$48400,CQ$16,$D$24:$D$48400,">="&$CO22),"NA") -> 0.66445916 | CR22: =IFERROR(COUNTIFS($C$24:$C$48400,CR$16,$D$24:$D$48400,">="&$CO22,$F$24:$F$48400,"C")/COUNTIFS($C$24:$C$48400,CR$16,$D$24:$D$48400,">="&$CO22),"NA") -> 0.44927536
B23: Date | C23: Level | D23: Time (mins) | E23: TOPIC | F23: CORRECT/ WRONG | G23: link | J23: USE SMART #s | M23: PROMPT | N23: Info | P23: To Answer | Q23: If needed | R23: If needed | S23: STRAT | T23: RIGHT Q | U23: CHECK MATH | V23: INEQUALITIES?? | X23: AND CONFI ANSWERING? | Y23: SAY WHAT THIS # REPRESENTS | AA23: WHY WRONG | AC23: =AC10 -> Algebra | AD23: =AD10 -> Inequalities | AE23: =AE10 -> Absolute Value | AF23: =AF10 -> Roots | AG23: =AG10 -> Exponents | AH23: =AH10 -> Fractions / Decimals / PCT | AI23: =AI10 -> Sets | AJ23: =AJ10 -> Statistics | ... BP23: =BP10 -> Triangles | CO23: =CO22+0.25 -> 1.025 | CP23: =IFERROR(COUNTIFS($C$24:$C$48400,CP$16,$D$24:$D$48400,">="&$CO23,$F$24:$F$48400,"C")/COUNTIFS($C$24:$C$48400,CP$16,$D$24:$D$48400,">="&$CO23),"NA") -> 0.71212121 | CQ23: =IFERROR(COUNTIFS($C$24:$C$48400,CQ$16,$D$24:$D$48400,">="&$CO23,$F$24:$F$48400,"C")/COUNTIFS($C$24:$C$48400,CQ$16,$D$24:$D$48400,">="&$CO23),"NA") -> 0.66132723 | CR23: =IFERROR(COUNTIFS($C$24:$C$48400,CR$16,$D$24:$D$48400,">="&$CO23,$F$24:$F$48400,"C")/COUNTIFS($C$24:$C$48400,CR$16,$D$24:$D$48400,">="&$CO23),"NA") -> 0.45112782
B24: 44487 | C24: 600-700 | D24: 2 | E24: Overlapping Sets | F24: C | G24: The books on a bookshelf are either hardcover or paperback. Sixty perc : Problem Solving (PS) (gmatclub.com) | K24: Y | L24: Y | M24: Y | N24: Y | O24: Y | P24: Y | Q24: Y | R24: Y | S24: N | T24: Y | U24: N | BD24: 1C | BS24: =IF(COUNTA(AC24:BP24)=1,"CORRECT","EMPTY") -> CORRECT | CO24: =CO23+0.25 -> 1.275 | CP24: =IFERROR(COUNTIFS($C$24:$C$48400,CP$16,$D$24:$D$48400,">="&$CO24,$F$24:$F$48400,"C")/COUNTIFS($C$24:$C$48400,CP$16,$D$24:$D$48400,">="&$CO24),"NA") -> 0.70491803 | CQ24: =IFERROR(COUNTIFS($C$24:$C$48400,CQ$16,$D$24:$D$48400,">="&$CO24,$F$24:$F$48400,"C")/COUNTIFS($C$24:$C$48400,CQ$16,$D$24:$D$48400,">="&$CO24),"NA") -> 0.65594059 | CR24: =IFERROR(COUNTIFS($C$24:$C$48400,CR$16,$D$24:$D$48400,">="&$CO24,$F$24:$F$48400,"C")/COUNTIFS($C$24:$C$48400,CR$16,$D$24:$D$48400,">="&$CO24),"NA") -> 0.45669291
B25: 44487 | C25: 600-700 | D25: n/a | E25: word problem | F25: C | G25: Mimi spent $21.60 on 9 boxes of cereal A and $25.20 on 6 boxes of cere : Problem Solving (PS) (gmatclub.com) | K25: Y | L25: Y | M25: Y | N25: Y | O25: Y | P25: Y | Q25: Y | R25: Y | S25: N | T25: Y | U25: N | AU25: 1C | BS25: =IF(COUNTA(AC25:BP25)=1,"CORRECT","EMPTY") -> CORRECT | CO25: =CO24+0.25 -> 1.525 | CP25: =IFERROR(COUNTIFS($C$24:$C$48400,CP$16,$D$24:$D$48400,">="&$CO25,$F$24:$F$48400,"C")/COUNTIFS($C$24:$C$48400,CP$16,$D$24:$D$48400,">="&$CO25),"NA") -> 0.64 | CQ25: =IFERROR(COUNTIFS($C$24:$C$48400,CQ$16,$D$24:$D$48400,">="&$CO25,$F$24:$F$48400,"C")/COUNTIFS($C$24:$C$48400,CQ$16,$D$24:$D$48400,">="&$CO25),"NA") -> 0.64456233 | CR25: =IFERROR(COUNTIFS($C$24:$C$48400,CR$16,$D$24:$D$48400,">="&$CO25,$F$24:$F$48400,"C")/COUNTIFS($C$24:$C$48400,CR$16,$D$24:$D$48400,">="&$CO25),"NA") -> 0.44354839
B26: 44487 | C26: 600-700 | D26: 3.75 | E26: Rate / Distance | F26: C | G26: Car X left Town T traveling at an average speed of 40 miles per hour. : Problem Solving (PS) (gmatclub.com) | K26: Y | L26: Y | M26: Y | N26: Y | O26: Y | P26: Y | Q26: Y | R26: Y | S26: N | T26: Y | U26: N | AX26: 1C | BS26: =IF(COUNTA(AC26:BP26)=1,"CORRECT","EMPTY") -> CORRECT | CO26: =CO25+0.25 -> 1.775 | CP26: =IFERROR(COUNTIFS($C$24:$C$48400,CP$16,$D$24:$D$48400,">="&$CO26,$F$24:$F$48400,"C")/COUNTIFS($C$24:$C$48400,CP$16,$D$24:$D$48400,">="&$CO26),"NA") -> 0.60465116 | CQ26: =IFERROR(COUNTIFS($C$24:$C$48400,CQ$16,$D$24:$D$48400,">="&$CO26,$F$24:$F$48400,"C")/COUNTIFS($C$24:$C$48400,CQ$16,$D$24:$D$48400,">="&$CO26),"NA") -> 0.64305949 | CR26: =IFERROR(COUNTIFS($C$24:$C$48400,CR$16,$D$24:$D$48400,">="&$CO26,$F$24:$F$48400,"C")/COUNTIFS($C$24:$C$48400,CR$16,$D$24:$D$48400,">="&$CO26),"NA") -> 0.43697479
B27: 44487 | C27: 600-700 | D27: 3 | E27: Overlapping Sets | F27: W | G27: Three of the events at a track meet were the 100 m dash, the 200 m das : Problem Solving (PS) (gmatclub.com) | K27: Y | L27: Y | M27: Y | N27: Y | O27: Y | P27: Y | Q27: Y | R27: Y | S27: N | T27: Y | U27: N | AA27: Added the (at least 2 groups instead of subtracting those and adding 1g) | BD27: 1W | BS27: =IF(COUNTA(AC27:BP27)=1,"CORRECT","EMPTY") -> CORRECT | CO27: =CO26+0.25 -> 2.025 | CP27: =IFERROR(COUNTIFS($C$24:$C$48400,CP$16,$D$24:$D$48400,">="&$CO27,$F$24:$F$48400,"C")/COUNTIFS($C$24:$C$48400,CP$16,$D$24:$D$48400,">="&$CO27),"NA") -> 0.55882353 | CQ27: =IFERROR(COUNTIFS($C$24:$C$48400,CQ$16,$D$24:$D$48400,">="&$CO27,$F$24:$F$48400,"C")/COUNTIFS($C$24:$C$48400,CQ$16,$D$24:$D$48400,">="&$CO27),"NA") -> 0.62903226 | CR27: =IFERROR(COUNTIFS($C$24:$C$48400,CR$16,$D$24:$D$48400,">="&$CO27,$F$24:$F$48400,"C")/COUNTIFS($C$24:$C$48400,CR$16,$D$24:$D$48400,">="&$CO27),"NA") -> 0.44827586
B28: 44487 | C28: 600-700 | D28: 3 | E28: Growth Rates | F28: C | G28: In 1966 the operative mortality rate in open heart surgery at a certai : Problem Solving (PS) (gmatclub.com) | K28: Y | L28: Y | M28: Y | N28: Y | O28: Y | P28: Y | Q28: Y | R28: Y | S28: N | T28: Y | U28: N | BA28: 1C | BS28: =IF(COUNTA(AC28:BP28)=1,"CORRECT","EMPTY") -> CORRECT | CO28: =CO27+0.25 -> 2.275 | CP28: =IFERROR(COUNTIFS($C$24:$C$48400,CP$16,$D$24:$D$48400,">="&$CO28,$F$24:$F$48400,"C")/COUNTIFS($C$24:$C$48400,CP$16,$D$24:$D$48400,">="&$CO28),"NA") -> 0.53125 | CQ28: =IFERROR(COUNTIFS($C$24:$C$48400,CQ$16,$D$24:$D$48400,">="&$CO28,$F$24:$F$48400,"C")/COUNTIFS($C$24:$C$48400,CQ$16,$D$24:$D$48400,">="&$CO28),"NA") -> 0.58928571 | CR28: =IFERROR(COUNTIFS($C$24:$C$48400,CR$16,$D$24:$D$48400,">="&$CO28,$F$24:$F$48400,"C")/COUNTIFS($C$24:$C$48400,CR$16,$D$24:$D$48400,">="&$CO28),"NA") -> 0.43809524
B29: 44487 | C29: 600-700 | D29: 8 | E29: Growth Rates | F29: C | G29: Each year for 4 years, a farmer increased the number of trees in a : Problem Solving (PS) (gmatclub.com) | K29: Y | L29: Y | M29: Y | N29: Y | O29: Y | P29: Y | Q29: Y | R29: Y | S29: N | T29: Y | U29: N | BA29: 1C | BS29: =IF(COUNTA(AC29:BP29)=1,"CORRECT","EMPTY") -> CORRECT | CO29: =CO28+0.25 -> 2.525 | CP29: =IFERROR(COUNTIFS($C$24:$C$48400,CP$16,$D$24:$D$48400,">="&$CO29,$F$24:$F$48400,"C")/COUNTIFS($C$24:$C$48400,CP$16,$D$24:$D$48400,">="&$CO29),"NA") -> 0.5 | CQ29: =IFERROR(COUNTIFS($C$24:$C$48400,CQ$16,$D$24:$D$48400,">="&$CO29,$F$24:$F$48400,"C")/COUNTIFS($C$24:$C$48400,CQ$16,$D$24:$D$48400,">="&$CO29),"NA") -> 0.59126984 | CR29: =IFERROR(COUNTIFS($C$24:$C$48400,CR$16,$D$24:$D$48400,">="&$CO29,$F$24:$F$48400,"C")/COUNTIFS($C$24:$C$48400,CR$16,$D$24:$D$48400,">="&$CO29),"NA") -> 0.45263158
B30: 44487 | C30: 600-700 | D30: 5 | E30: Overlapping Sets | F30: C | G30: Last year 26 members of a certain club traveled to England, 26 members : Problem Solving (PS) (gmatclub.com) | K30: Y | L30: Y | M30: Y | N30: Y | O30: Y | P30: Y | Q30: Y | R30: Y | S30: N | T30: Y | U30: N | BD30: 1C | BS30: =IF(COUNTA(AC30:BP30)=1,"CORRECT","EMPTY") -> CORRECT | CO30: =CO29+0.25 -> 2.775 | CP30: =IFERROR(COUNTIFS($C$24:$C$48400,CP$16,$D$24:$D$48400,">="&$CO30,$F$24:$F$48400,"C")/COUNTIFS($C$24:$C$48400,CP$16,$D$24:$D$48400,">="&$CO30),"NA") -> 0.5 | CQ30: =IFERROR(COUNTIFS($C$24:$C$48400,CQ$16,$D$24:$D$48400,">="&$CO30,$F$24:$F$48400,"C")/COUNTIFS($C$24:$C$48400,CQ$16,$D$24:$D$48400,">="&$CO30),"NA") -> 0.57081545 | CR30: =IFERROR(COUNTIFS($C$24:$C$48400,CR$16,$D$24:$D$48400,">="&$CO30,$F$24:$F$48400,"C")/COUNTIFS($C$24:$C$48400,CR$16,$D$24:$D$48400,">="&$CO30),"NA") -> 0.46153846
B31: 44485 | C31: 600-700 | D31: 5 | E31: Growth Rates | F31: W | G31: Wes works at a science lab that conducts experiments on bacteria. The : Problem Solving (PS) (gmatclub.com) | K31: Y | L31: Y | M31: Y | N31: Y | O31: Y | P31: Y | Q31: Y | R31: Y | S31: N | T31: Y | U31: N | BA31: 1W | BS31: =IF(COUNTA(AC31:BP31)=1,"CORRECT","EMPTY") -> CORRECT | CO31: =CO30+0.25 -> 3.025 | CP31: =IFERROR(COUNTIFS($C$24:$C$48400,CP$16,$D$24:$D$48400,">="&$CO31,$F$24:$F$48400,"C")/COUNTIFS($C$24:$C$48400,CP$16,$D$24:$D$48400,">="&$CO31),"NA") -> 0.54545455 | CQ31: =IFERROR(COUNTIFS($C$24:$C$48400,CQ$16,$D$24:$D$48400,">="&$CO31,$F$24:$F$48400,"C")/COUNTIFS($C$24:$C$48400,CQ$16,$D$24:$D$48400,">="&$CO31),"NA") -> 0.58031088 | CR31: =IFERROR(COUNTIFS($C$24:$C$48400,CR$16,$D$24:$D$48400,">="&$CO31,$F$24:$F$48400,"C")/COUNTIFS($C$24:$C$48400,CR$16,$D$24:$D$48400,">="&$CO31),"NA") -> 0.44155844
B32: 44487 | C32: 600-700 | D32: 1.25 | E32: word problem | F32: C | G32: Stephanie has 9/4 cups of milk on hand and makes 2 batches of cookies, : Problem Solving (PS) (gmatclub.com) | K32: Y | L32: Y | M32: Y | N32: Y | O32: Y | P32: Y | Q32: Y | R32: Y | S32: N | T32: Y | U32: N | AU32: 1C | BS32: =IF(COUNTA(AC32:BP32)=1,"CORRECT","EMPTY") -> CORRECT | CO32: =CO31+0.25 -> 3.275 | CP32: =IFERROR(COUNTIFS($C$24:$C$48400,CP$16,$D$24:$D$48400,">="&$CO32,$F$24:$F$48400,"C")/COUNTIFS($C$24:$C$48400,CP$16,$D$24:$D$48400,">="&$CO32),"NA") -> 0.5 | CQ32: =IFERROR(COUNTIFS($C$24:$C$48400,CQ$16,$D$24:$D$48400,">="&$CO32,$F$24:$F$48400,"C")/COUNTIFS($C$24:$C$48400,CQ$16,$D$24:$D$48400,">="&$CO32),"NA") -> 0.55029586 | CR32: =IFERROR(COUNTIFS($C$24:$C$48400,CR$16,$D$24:$D$48400,">="&$CO32,$F$24:$F$48400,"C")/COUNTIFS($C$24:$C$48400,CR$16,$D$24:$D$48400,">="&$CO32),"NA") -> 0.42647059
B33: 44487 | C33: 600-700 | D33: 5 | E33: word problem | F33: W | G33: A store currently charges the same price for each towel that : Problem Solving (PS) (gmatclub.com) | K33: Y | L33: Y | M33: Y | N33: Y | O33: Y | P33: Y | Q33: Y | R33: Y | S33: N | T33: Y | U33: N | AA33: DIDN’T WB | AU33: 1W | BS33: =IF(COUNTA(AC33:BP33)=1,"CORRECT","EMPTY") -> CORRECT | CO33: =CO32+0.25 -> 3.525 | CP33: =IFERROR(COUNTIFS($C$24:$C$48400,CP$16,$D$24:$D$48400,">="&$CO33,$F$24:$F$48400,"C")/COUNTIFS($C$24:$C$48400,CP$16,$D$24:$D$48400,">="&$CO33),"NA") -> 0.44444444 | CQ33: =IFERROR(COUNTIFS($C$24:$C$48400,CQ$16,$D$24:$D$48400,">="&$CO33,$F$24:$F$48400,"C")/COUNTIFS($C$24:$C$48400,CQ$16,$D$24:$D$48400,">="&$CO33),"NA") -> 0.52597403 | CR33: =IFERROR(COUNTIFS($C$24:$C$48400,CR$16,$D$24:$D$48400,">="&$CO33,$F$24:$F$48400,"C")/COUNTIFS($C$24:$C$48400,CR$16,$D$24:$D$48400,">="&$CO33),"NA") -> 0.36666667
B34: 44487 | C34: 600-700 | D34: 5 | E34: word problem | F34: W | G34: Jennifer has 60 dollars more than Brian. If she were to give : Problem Solving (PS) (gmatclub.com) | K34: Y | L34: Y | M34: Y | N34: Y | O34: Y | P34: Y | Q34: Y | R34: Y | S34: N | T34: Y | U34: N | AA34: Incorrectly applied the fraction to Jennifer's money - did not add the 4/5 | AU34: 1W | BS34: =IF(COUNTA(AC34:BP34)=1,"CORRECT","EMPTY") -> CORRECT | CO34: =CO33+0.25 -> 3.775 | CP34: =IFERROR(COUNTIFS($C$24:$C$48400,CP$16,$D$24:$D$48400,">="&$CO34,$F$24:$F$48400,"C")/COUNTIFS($C$24:$C$48400,CP$16,$D$24:$D$48400,">="&$CO34),"NA") -> 0.44444444 | CQ34: =IFERROR(COUNTIFS($C$24:$C$48400,CQ$16,$D$24:$D$48400,">="&$CO34,$F$24:$F$48400,"C")/COUNTIFS($C$24:$C$48400,CQ$16,$D$24:$D$48400,">="&$CO34),"NA") -> 0.51824818 | CR34: =IFERROR(COUNTIFS($C$24:$C$48400,CR$16,$D$24:$D$48400,">="&$CO34,$F$24:$F$48400,"C")/COUNTIFS($C$24:$C$48400,CR$16,$D$24:$D$48400,">="&$CO34),"NA") -> 0.35087719
B35: 44487 | C35: 600-700 | D35: 3.5 | E35: Growth Rates | F35: C | G35: A nation’s population triples every 100 years : Problem Solving (PS) (gmatclub.com) | K35: Y | L35: Y | M35: Y | N35: Y | O35: Y | P35: y | Q35: y | R35: y | S35: Y | T35: y | U35: N | BA35: 1C | BS35: =IF(COUNTA(AC35:BP35)=1,"CORRECT","EMPTY") -> CORRECT | CO35: =CO34+0.25 -> 4.025 | CP35: =IFERROR(COUNTIFS($C$24:$C$48400,CP$16,$D$24:$D$48400,">="&$CO35,$F$24:$F$48400,"C")/COUNTIFS($C$24:$C$48400,CP$16,$D$24:$D$48400,">="&$CO35),"NA") -> 0.45454545 | CQ35: =IFERROR(COUNTIFS($C$24:$C$48400,CQ$16,$D$24:$D$48400,">="&$CO35,$F$24:$F$48400,"C")/COUNTIFS($C$24:$C$48400,CQ$16,$D$24:$D$48400,">="&$CO35),"NA") -> 0.54 | CR35: =IFERROR(COUNTIFS($C$24:$C$48400,CR$16,$D$24:$D$48400,">="&$CO35,$F$24:$F$48400,"C")/COUNTIFS($C$24:$C$48400,CR$16,$D$24:$D$48400,">="&$CO35),"NA") -> 0.34042553
B36: 44487 | C36: 600-700 | D36: 2.75 | E36: word problem | F36: C | G36: Half of Company A's 150 workers live in Glenview, while one-sixth live : Problem Solving (PS) (gmatclub.com) | K36: Y | L36: Y | M36: Y | N36: Y | O36: Y | P36: y | Q36: y | R36: y | S36: Y | T36: y | U36: N | AU36: 1C | BS36: =IF(COUNTA(AC36:BP36)=1,"CORRECT","EMPTY") -> CORRECT | CO36: =CO35+0.25 -> 4.275 | CP36: =IFERROR(COUNTIFS($C$24:$C$48400,CP$16,$D$24:$D$48400,">="&$CO36,$F$24:$F$48400,"C")/COUNTIFS($C$24:$C$48400,CP$16,$D$24:$D$48400,">="&$CO36),"NA") -> 0.33333333 | CQ36: =IFERROR(COUNTIFS($C$24:$C$48400,CQ$16,$D$24:$D$48400,">="&$CO36,$F$24:$F$48400,"C")/COUNTIFS($C$24:$C$48400,CQ$16,$D$24:$D$48400,">="&$CO36),"NA") -> 0.53932584 | CR36: =IFERROR(COUNTIFS($C$24:$C$48400,CR$16,$D$24:$D$48400,">="&$CO36,$F$24:$F$48400,"C")/COUNTIFS($C$24:$C$48400,CR$16,$D$24:$D$48400,">="&$CO36),"NA") -> 0.31578947
B37: 44487 | C37: 600-700 | D37: 2.5 | E37: word problem | F37: C | G37: Crystal made a budget for her vacation. If she traveled by plane, airf : Problem Solving (PS) (gmatclub.com) | K37: Y | L37: Y | M37: Y | N37: Y | O37: Y | P37: y | Q37: y | R37: y | S37: Y | T37: y | U37: N | AU37: 1C | BS37: =IF(COUNTA(AC37:BP37)=1,"CORRECT","EMPTY") -> CORRECT | CO37: =CO36+0.25 -> 4.525 | CP37: =IFERROR(COUNTIFS($C$24:$C$48400,CP$16,$D$24:$D$48400,">="&$CO37,$F$24:$F$48400,"C")/COUNTIFS($C$24:$C$48400,CP$16,$D$24:$D$48400,">="&$CO37),"NA") -> 0.33333333 | CQ37: =IFERROR(COUNTIFS($C$24:$C$48400,CQ$16,$D$24:$D$48400,">="&$CO37,$F$24:$F$48400,"C")/COUNTIFS($C$24:$C$48400,CQ$16,$D$24:$D$48400,">="&$CO37),"NA") -> 0.5308642 | CR37: =IFERROR(COUNTIFS($C$24:$C$48400,CR$16,$D$24:$D$48400,">="&$CO37,$F$24:$F$48400,"C")/COUNTIFS($C$24:$C$48400,CR$16,$D$24:$D$48400,">="&$CO37),"NA") -> 0.31578947
B38: 44487 | C38: 600-700 | D38: 4 | E38: word problem | F38: C | G38: On a certain day, a delivery driver must make 4 deliveries. He departs : Problem Solving (PS) (gmatclub.com) | K38: Y | L38: Y | M38: Y | N38: Y | O38: Y | P38: y | Q38: y | R38: y | S38: N | T38: y | U38: N | AU38: 1C | BS38: =IF(COUNTA(AC38:BP38)=1,"CORRECT","EMPTY") -> CORRECT | CO38: =CO37+0.25 -> 4.775 | CP38: =IFERROR(COUNTIFS($C$24:$C$48400,CP$16,$D$24:$D$48400,">="&$CO38,$F$24:$F$48400,"C")/COUNTIFS($C$24:$C$48400,CP$16,$D$24:$D$48400,">="&$CO38),"NA") -> 0.33333333 | CQ38: =IFERROR(COUNTIFS($C$24:$C$48400,CQ$16,$D$24:$D$48400,">="&$CO38,$F$24:$F$48400,"C")/COUNTIFS($C$24:$C$48400,CQ$16,$D$24:$D$48400,">="&$CO38),"NA") -> 0.52631579 | CR38: =IFERROR(COUNTIFS($C$24:$C$48400,CR$16,$D$24:$D$48400,">="&$CO38,$F$24:$F$48400,"C")/COUNTIFS($C$24:$C$48400,CR$16,$D$24:$D$48400,">="&$CO38),"NA") -> 0.32258065
B39: 44487 | C39: 600-700 | D39: 10 | E39: Rate / Distance | F39: W | G39: When a car traveled from Town A to Town B without stopping, the : Problem Solving (PS) (gmatclub.com) | K39: Y | L39: Y | M39: Y | N39: Y | O39: Y | P39: Y | Q39: N | R39: y | S39: Y | T39: Y | U39: N | AA39: way too long, was not sure how to approach | AX39: 1W | BS39: =IF(COUNTA(AC39:BP39)=1,"CORRECT","EMPTY") -> CORRECT | CO39: =CO38+0.25 -> 5.025 | CP39: =IFERROR(COUNTIFS($C$24:$C$48400,CP$16,$D$24:$D$48400,">="&$CO39,$F$24:$F$48400,"C")/COUNTIFS($C$24:$C$48400,CP$16,$D$24:$D$48400,">="&$CO39),"NA") -> 0.25 | CQ39: =IFERROR(COUNTIFS($C$24:$C$48400,CQ$16,$D$24:$D$48400,">="&$CO39,$F$24:$F$48400,"C")/COUNTIFS($C$24:$C$48400,CQ$16,$D$24:$D$48400,">="&$CO39),"NA") -> 0.49122807 | CR39: =IFERROR(COUNTIFS($C$24:$C$48400,CR$16,$D$24:$D$48400,">="&$CO39,$F$24:$F$48400,"C")/COUNTIFS($C$24:$C$48400,CR$16,$D$24:$D$48400,">="&$CO39),"NA") -> 0.37037037
B40: 44487 | C40: 600-700 | D40: 1.5 | E40: Overlapping Sets | F40: C | G40: There are 50 children in 2nd grade at Venn Middle School. 40% of those : Problem Solving (PS) (gmatclub.com) | K40: Y | L40: Y | M40: Y | N40: Y | O40: Y | P40: Y | Q40: Y | R40: Y | S40: Y | T40: Y | U40: N | BD40: 1C | BS40: =IF(COUNTA(AC40:BP40)=1,"CORRECT","EMPTY") -> CORRECT | CO40: =CO39+0.25 -> 5.275 | CP40: =IFERROR(COUNTIFS($C$24:$C$48400,CP$16,$D$24:$D$48400,">="&$CO40,$F$24:$F$48400,"C")/COUNTIFS($C$24:$C$48400,CP$16,$D$24:$D$48400,">="&$CO40),"NA") -> 0.25 | CQ40: =IFERROR(COUNTIFS($C$24:$C$48400,CQ$16,$D$24:$D$48400,">="&$CO40,$F$24:$F$48400,"C")/COUNTIFS($C$24:$C$48400,CQ$16,$D$24:$D$48400,">="&$CO40),"NA") -> 0.48076923 | CR40: =IFERROR(COUNTIFS($C$24:$C$48400,CR$16,$D$24:$D$48400,">="&$CO40,$F$24:$F$48400,"C")/COUNTIFS($C$24:$C$48400,CR$16,$D$24:$D$48400,">="&$CO40),"NA") -> 0.43478261
B41: 44487 | C41: 600-700 | D41: =1+11/60 -> 1.1833333 | E41: Rate / Distance | F41: C | G41: The speed of a train pulling out of a station is given by the equation : Problem Solving (PS) (gmatclub.com) | K41: Y | L41: Y | M41: Y | N41: Y | O41: Y | P41: Y | Q41: Y | R41: Y | S41: Y | T41: Y | U41: N | AX41: 1C | BS41: =IF(COUNTA(AC41:BP41)=1,"CORRECT","EMPTY") -> CORRECT | CO41: =CO40+0.25 -> 5.525 | CP41: =IFERROR(COUNTIFS($C$24:$C$48400,CP$16,$D$24:$D$48400,">="&$CO41,$F$24:$F$48400,"C")/COUNTIFS($C$24:$C$48400,CP$16,$D$24:$D$48400,">="&$CO41),"NA") -> 0.25 | CQ41: =IFERROR(COUNTIFS($C$24:$C$48400,CQ$16,$D$24:$D$48400,">="&$CO41,$F$24:$F$48400,"C")/COUNTIFS($C$24:$C$48400,CQ$16,$D$24:$D$48400,">="&$CO41),"NA") -> 0.45652174 | CR41: =IFERROR(COUNTIFS($C$24:$C$48400,CR$16,$D$24:$D$48400,">="&$CO41,$F$24:$F$48400,"C")/COUNTIFS($C$24:$C$48400,CR$16,$D$24:$D$48400,">="&$CO41),"NA") -> 0.47368421
B42: 44487 | C42: 600-700 | D42: 1.5 | E42: Rate / Distance | F42: C | G42: If Bill traveled 15 miles per hour faster and it took him 1/3 less tim : Problem Solving (PS) (gmatclub.com) | K42: Y | L42: Y | M42: Y | N42: Y | O42: Y | P42: Y | Q42: Y | R42: Y | S42: Y | T42: Y | U42: N | AX42: 1C | BS42: =IF(COUNTA(AC42:BP42)=1,"CORRECT","EMPTY") -> CORRECT | CO42: =CO41+0.25 -> 5.775 | CP42: =IFERROR(COUNTIFS($C$24:$C$48400,CP$16,$D$24:$D$48400,">="&$CO42,$F$24:$F$48400,"C")/COUNTIFS($C$24:$C$48400,CP$16,$D$24:$D$48400,">="&$CO42),"NA") -> 0.14285714 | CQ42: =IFERROR(COUNTIFS($C$24:$C$48400,CQ$16,$D$24:$D$48400,">="&$CO42,$F$24:$F$48400,"C")/COUNTIFS($C$24:$C$48400,CQ$16,$D$24:$D$48400,">="&$CO42),"NA") -> 0.46666667 | CR42: =IFERROR(COUNTIFS($C$24:$C$48400,CR$16,$D$24:$D$48400,">="&$CO42,$F$24:$F$48400,"C")/COUNTIFS($C$24:$C$48400,CR$16,$D$24:$D$48400,">="&$CO42),"NA") -> 0.44444444
B43: 44487 | C43: 600-700 | D43: =5/6+1 -> 1.8333333 | E43: word problem | F43: C | G43: A stockbroker worked 10 hours a day on Monday, Wednesday, and Friday, : Problem Solving (PS) (gmatclub.com) | K43: Y | L43: Y | M43: Y | N43: Y | O43: Y | P43: Y | Q43: Y | R43: Y | S43: Y | T43: Y | U43: N | AU43: 1C | BS43: =IF(COUNTA(AC43:BP43)=1,"CORRECT","EMPTY") -> CORRECT | CO43: =CO42+0.25 -> 6.025 | CP43: =IFERROR(COUNTIFS($C$24:$C$48400,CP$16,$D$24:$D$48400,">="&$CO43,$F$24:$F$48400,"C")/COUNTIFS($C$24:$C$48400,CP$16,$D$24:$D$48400,">="&$CO43),"NA") -> 0.25 | CQ43: =IFERROR(COUNTIFS($C$24:$C$48400,CQ$16,$D$24:$D$48400,">="&$CO43,$F$24:$F$48400,"C")/COUNTIFS($C$24:$C$48400,CQ$16,$D$24:$D$48400,">="&$CO43),"NA") -> 0.53333333 | CR43: =IFERROR(COUNTIFS($C$24:$C$48400,CR$16,$D$24:$D$48400,">="&$CO43,$F$24:$F$48400,"C")/COUNTIFS($C$24:$C$48400,CR$16,$D$24:$D$48400,">="&$CO43),"NA") -> 0.5
B44: 44487 | C44: 600-700 | D44: 0.83333 | E44: word problem | F44: C | G44: Maurice gets paid $6.00 per hour. If Maurice works more than 8 hours : Problem Solving (PS) (gmatclub.com) | K44: Y | L44: Y | M44: Y | N44: Y | O44: Y | P44: Y | Q44: Y | R44: Y | S44: Y | T44: Y | U44: N | AU44: 1C | BS44: =IF(COUNTA(AC44:BP44)=1,"CORRECT","EMPTY") -> CORRECT | CO44: =CO43+0.25 -> 6.275 | CP44: =IFERROR(COUNTIFS($C$24:$C$48400,CP$16,$D$24:$D$48400,">="&$CO44,$F$24:$F$48400,"C")/COUNTIFS($C$24:$C$48400,CP$16,$D$24:$D$48400,">="&$CO44),"NA") -> 0.25 | CQ44: =IFERROR(COUNTIFS($C$24:$C$48400,CQ$16,$D$24:$D$48400,">="&$CO44,$F$24:$F$48400,"C")/COUNTIFS($C$24:$C$48400,CQ$16,$D$24:$D$48400,">="&$CO44),"NA") -> 0.53333333 | CR44: =IFERROR(COUNTIFS($C$24:$C$48400,CR$16,$D$24:$D$48400,">="&$CO44,$F$24:$F$48400,"C")/COUNTIFS($C$24:$C$48400,CR$16,$D$24:$D$48400,">="&$CO44),"NA") -> 0.46153846
B45: 44487 | C45: 600-700 | D45: 4 | E45: word problem | F45: C | G45: In a production lot, 20% of widgets are blue and the rest are black. : Problem Solving (PS) (gmatclub.com) | K45: Y | L45: Y | M45: Y | N45: Y | O45: Y | P45: Y | Q45: Y | R45: Y | S45: Y | T45: Y | U45: N | AU45: 1C | BS45: =IF(COUNTA(AC45:BP45)=1,"CORRECT","EMPTY") -> CORRECT | CO45: =CO44+0.25 -> 6.525 | CP45: =IFERROR(COUNTIFS($C$24:$C$48400,CP$16,$D$24:$D$48400,">="&$CO45,$F$24:$F$48400,"C")/COUNTIFS($C$24:$C$48400,CP$16,$D$24:$D$48400,">="&$CO45),"NA") -> 0.25 | CQ45: =IFERROR(COUNTIFS($C$24:$C$48400,CQ$16,$D$24:$D$48400,">="&$CO45,$F$24:$F$48400,"C")/COUNTIFS($C$24:$C$48400,CQ$16,$D$24:$D$48400,">="&$CO45),"NA") -> 0.40909091 | CR45: =IFERROR(COUNTIFS($C$24:$C$48400,CR$16,$D$24:$D$48400,">="&$CO45,$F$24:$F$48400,"C")/COUNTIFS($C$24:$C$48400,CR$16,$D$24:$D$48400,">="&$CO45),"NA") -> 0.46153846
B46: 44487 | C46: 600-700 | D46: 10 | E46: Work | F46: C | G46: $x is enough for Bob to survive 45 days, while for Amy $x is enough to : Problem Solving (PS) (gmatclub.com) | K46: Y | L46: Y | M46: Y | N46: Y | O46: Y | P46: Y | Q46: Y | R46: Y | S46: Y | T46: Y | U46: N | AA46: DIFFCULTLY WITH SETTING UP PROBLEM --> NEEDED TO MAKE TABLE | AY46: 1C | BS46: =IF(COUNTA(AC46:BP46)=1,"CORRECT","EMPTY") -> CORRECT | CO46: =CO45+0.25 -> 6.775 | CP46: =IFERROR(COUNTIFS($C$24:$C$48400,CP$16,$D$24:$D$48400,">="&$CO46,$F$24:$F$48400,"C")/COUNTIFS($C$24:$C$48400,CP$16,$D$24:$D$48400,">="&$CO46),"NA") -> 0 | CQ46: =IFERROR(COUNTIFS($C$24:$C$48400,CQ$16,$D$24:$D$48400,">="&$CO46,$F$24:$F$48400,"C")/COUNTIFS($C$24:$C$48400,CQ$16,$D$24:$D$48400,">="&$CO46),"NA") -> 0.40909091 | CR46: =IFERROR(COUNTIFS($C$24:$C$48400,CR$16,$D$24:$D$48400,">="&$CO46,$F$24:$F$48400,"C")/COUNTIFS($C$24:$C$48400,CR$16,$D$24:$D$48400,">="&$CO46),"NA") -> 0.4
B47: 44487 | C47: 600-700 | D47: 6.5 | E47: Rate / Distance | F47: C | G47: If Caroline drove 211 miles between 9: 30 a.m. and 12: 45 p.m. of the : Problem Solving (PS) (gmatclub.com) | K47: Y | L47: Y | M47: Y | N47: Y | O47: Y | P47: Y | Q47: Y | R47: Y | S47: Y | T47: Y | U47: N | AA47: DIFFCULTLY WITH SETTING UP PROBLEM --> NEEDED TO MAKE TABLE | AX47: 1C | BS47: =IF(COUNTA(AC47:BP47)=1,"CORRECT","EMPTY") -> CORRECT | CO47: =CO46+0.25 -> 7.025 | CP47: =IFERROR(COUNTIFS($C$24:$C$48400,CP$16,$D$24:$D$48400,">="&$CO47,$F$24:$F$48400,"C")/COUNTIFS($C$24:$C$48400,CP$16,$D$24:$D$48400,">="&$CO47),"NA") -> NA | CQ47: =IFERROR(COUNTIFS($C$24:$C$48400,CQ$16,$D$24:$D$48400,">="&$CO47,$F$24:$F$48400,"C")/COUNTIFS($C$24:$C$48400,CQ$16,$D$24:$D$48400,">="&$CO47),"NA") -> 0.42857143 | CR47: =IFERROR(COUNTIFS($C$24:$C$48400,CR$16,$D$24:$D$48400,">="&$CO47,$F$24:$F$48400,"C")/COUNTIFS($C$24:$C$48400,CR$16,$D$24:$D$48400,">="&$CO47),"NA") -> 0.5
B48: 44487 | C48: 600-700 | D48: 6 | E48: Weighted Avg | F48: W | G48: A big bowl of nuts is prepared for a party. Brand P’s mixed nuts are 2 : Problem Solving (PS) (gmatclub.com) | K48: Y | L48: Y | M48: Y | N48: Y | O48: Y | P48: Y | Q48: Y | R48: Y | S48: N | T48: Y | U48: N | AA48: messed up the desired mixture charg | BC48: 1W | BS48: =IF(COUNTA(AC48:BP48)=1,"CORRECT","EMPTY") -> CORRECT | CO48: =CO47+0.25 -> 7.275 | CP48: =IFERROR(COUNTIFS($C$24:$C$48400,CP$16,$D$24:$D$48400,">="&$CO48,$F$24:$F$48400,"C")/COUNTIFS($C$24:$C$48400,CP$16,$D$24:$D$48400,">="&$CO48),"NA") -> NA | CQ48: =IFERROR(COUNTIFS($C$24:$C$48400,CQ$16,$D$24:$D$48400,">="&$CO48,$F$24:$F$48400,"C")/COUNTIFS($C$24:$C$48400,CQ$16,$D$24:$D$48400,">="&$CO48),"NA") -> 0.42857143 | CR48: =IFERROR(COUNTIFS($C$24:$C$48400,CR$16,$D$24:$D$48400,">="&$CO48,$F$24:$F$48400,"C")/COUNTIFS($C$24:$C$48400,CR$16,$D$24:$D$48400,">="&$CO48),"NA") -> 0.6
B49: 44487 | C49: 700 | D49: 3 | E49: Overlapping Sets | F49: W | G49: Of a group of people, 10 play piano, 11 play guitar, 14 play violin, 3 : Problem Solving (PS) (gmatclub.com) | K49: Y | L49: Y | M49: Y | N49: Y | O49: Y | P49: Y | Q49: Y | R49: Y | S49: Y | T49: Y | U49: N | AA49: DID NOT DIVIDE EXACLTy 2 GROUPS by 2 (because they're double counted due to overlap) | BD49: 1W | BS49: =IF(COUNTA(AC49:BP49)=1,"CORRECT","EMPTY") -> CORRECT | CO49: =CO48+0.25 -> 7.525 | CP49: =IFERROR(COUNTIFS($C$24:$C$48400,CP$16,$D$24:$D$48400,">="&$CO49,$F$24:$F$48400,"C")/COUNTIFS($C$24:$C$48400,CP$16,$D$24:$D$48400,">="&$CO49),"NA") -> NA | CQ49: =IFERROR(COUNTIFS($C$24:$C$48400,CQ$16,$D$24:$D$48400,">="&$CO49,$F$24:$F$48400,"C")/COUNTIFS($C$24:$C$48400,CQ$16,$D$24:$D$48400,">="&$CO49),"NA") -> 0.42857143 | CR49: =IFERROR(COUNTIFS($C$24:$C$48400,CR$16,$D$24:$D$48400,">="&$CO49,$F$24:$F$48400,"C")/COUNTIFS($C$24:$C$48400,CR$16,$D$24:$D$48400,">="&$CO49),"NA") -> 0.6
B50: 44487 | C50: 600-700 | D50: 2.5 | E50: Overlapping Sets | F50: C | G50: According to a survey, 7 percent of teenagers have not used a computer : Problem Solving (PS) (gmatclub.com) | K50: Y | L50: Y | M50: Y | N50: Y | O50: Y | P50: Y | Q50: Y | R50: Y | S50: Y | T50: Y | U50: N | BD50: 1C | BS50: =IF(COUNTA(AC50:BP50)=1,"CORRECT","EMPTY") -> CORRECT | CO50: =CO49+0.25 -> 7.775 | CP50: =IFERROR(COUNTIFS($C$24:$C$48400,CP$16,$D$24:$D$48400,">="&$CO50,$F$24:$F$48400,"C")/COUNTIFS($C$24:$C$48400,CP$16,$D$24:$D$48400,">="&$CO50),"NA") -> NA | CQ50: =IFERROR(COUNTIFS($C$24:$C$48400,CQ$16,$D$24:$D$48400,">="&$CO50,$F$24:$F$48400,"C")/COUNTIFS($C$24:$C$48400,CQ$16,$D$24:$D$48400,">="&$CO50),"NA") -> 0.38461538 | CR50: =IFERROR(COUNTIFS($C$24:$C$48400,CR$16,$D$24:$D$48400,">="&$CO50,$F$24:$F$48400,"C")/COUNTIFS($C$24:$C$48400,CR$16,$D$24:$D$48400,">="&$CO50),"NA") -> 0.6
B51: 44487 | C51: 600-700 | D51: 3 | E51: Overlapping Sets | F51: w | G51: A box contains 70 marbles. Some marbles are big, and the rest are smal : Problem Solving (PS) (gmatclub.com) | K51: Y | L51: Y | M51: Y | N51: Y | O51: Y | P51: Y | Q51: Y | R51: Y | S51: Y | T51: Y | U51: N | AA51: SOLVED FOR WRONG VARIABLE - MISTAKE | BD51: 1w | BS51: =IF(COUNTA(AC51:BP51)=1,"CORRECT","EMPTY") -> CORRECT | CO51: =CO50+0.25 -> 8.025 | CP51: =IFERROR(COUNTIFS($C$24:$C$48400,CP$16,$D$24:$D$48400,">="&$CO51,$F$24:$F$48400,"C")/COUNTIFS($C$24:$C$48400,CP$16,$D$24:$D$48400,">="&$CO51),"NA") -> NA | CQ51: =IFERROR(COUNTIFS($C$24:$C$48400,CQ$16,$D$24:$D$48400,">="&$CO51,$F$24:$F$48400,"C")/COUNTIFS($C$24:$C$48400,CQ$16,$D$24:$D$48400,">="&$CO51),"NA") -> 0.4 | CR51: =IFERROR(COUNTIFS($C$24:$C$48400,CR$16,$D$24:$D$48400,">="&$CO51,$F$24:$F$48400,"C")/COUNTIFS($C$24:$C$48400,CR$16,$D$24:$D$48400,">="&$CO51),"NA") -> 0.66666667
B52: 44487 | C52: 600-700 | D52: 10 | E52: Overlapping Sets | F52: C | G52: In a state bar exam with two sections, 35% of candidates failed one : Problem Solving (PS) (gmatclub.com) | K52: Y | L52: Y | M52: Y | N52: Y | O52: Y | P52: Y | Q52: Y | R52: Y | S52: Y | T52: Y | U52: N | AA52: STRUGGLED TO SET UP PROB | BD52: 1C | BS52: =IF(COUNTA(AC52:BP52)=1,"CORRECT","EMPTY") -> CORRECT | CO52: =CO51+0.25 -> 8.275 | CP52: =IFERROR(COUNTIFS($C$24:$C$48400,CP$16,$D$24:$D$48400,">="&$CO52,$F$24:$F$48400,"C")/COUNTIFS($C$24:$C$48400,CP$16,$D$24:$D$48400,">="&$CO52),"NA") -> NA | CQ52: =IFERROR(COUNTIFS($C$24:$C$48400,CQ$16,$D$24:$D$48400,">="&$CO52,$F$24:$F$48400,"C")/COUNTIFS($C$24:$C$48400,CQ$16,$D$24:$D$48400,">="&$CO52),"NA") -> 0.4 | CR52: =IFERROR(COUNTIFS($C$24:$C$48400,CR$16,$D$24:$D$48400,">="&$CO52,$F$24:$F$48400,"C")/COUNTIFS($C$24:$C$48400,CR$16,$D$24:$D$48400,">="&$CO52),"NA") -> 0.66666667
B53: 44487 | C53: 700 | D53: 4 | E53: Weighted Avg | F53: W | G53: A patient is given exactly 750 milliliters of a mixture of two medicat : Problem Solving (PS) (gmatclub.com) | K53: Y | L53: Y | M53: Y | N53: Y | O53: Y | P53: Y | Q53: Y | R53: Y | S53: N | T53: Y | U53: N | AA53: STRUGGLED TO SET UP PROB | BC53: 1W | BS53: =IF(COUNTA(AC53:BP53)=1,"CORRECT","EMPTY") -> CORRECT | CO53: =CO52+0.25 -> 8.525 | CP53: =IFERROR(COUNTIFS($C$24:$C$48400,CP$16,$D$24:$D$48400,">="&$CO53,$F$24:$F$48400,"C")/COUNTIFS($C$24:$C$48400,CP$16,$D$24:$D$48400,">="&$CO53),"NA") -> NA | CQ53: =IFERROR(COUNTIFS($C$24:$C$48400,CQ$16,$D$24:$D$48400,">="&$CO53,$F$24:$F$48400,"C")/COUNTIFS($C$24:$C$48400,CQ$16,$D$24:$D$48400,">="&$CO53),"NA") -> 0.4 | CR53: =IFERROR(COUNTIFS($C$24:$C$48400,CR$16,$D$24:$D$48400,">="&$CO53,$F$24:$F$48400,"C")/COUNTIFS($C$24:$C$48400,CR$16,$D$24:$D$48400,">="&$CO53),"NA") -> 0.5
B54: 44487 | C54: 700 | D54: 8 | E54: Overlapping Sets | F54: W | G54: In a class of 50 students, 20 play Hockey, 15 play Cricket and 11 play : Problem Solving (PS) (gmatclub.com) | K54: Y | L54: Y | M54: Y | N54: Y | O54: Y | P54: Y | Q54: Y | R54: Y | S54: N | T54: Y | U54: N | AA54: STRUGGLED WITH VENN DIAGRAM MATH | BD54: 1W | BS54: =IF(COUNTA(AC54:BP54)=1,"CORRECT","EMPTY") -> CORRECT | CO54: =CO53+0.25 -> 8.775 | CP54: =IFERROR(COUNTIFS($C$24:$C$48400,CP$16,$D$24:$D$48400,">="&$CO54,$F$24:$F$48400,"C")/COUNTIFS($C$24:$C$48400,CP$16,$D$24:$D$48400,">="&$CO54),"NA") -> NA | CQ54: =IFERROR(COUNTIFS($C$24:$C$48400,CQ$16,$D$24:$D$48400,">="&$CO54,$F$24:$F$48400,"C")/COUNTIFS($C$24:$C$48400,CQ$16,$D$24:$D$48400,">="&$CO54),"NA") -> 0.44444444 | CR54: =IFERROR(COUNTIFS($C$24:$C$48400,CR$16,$D$24:$D$48400,">="&$CO54,$F$24:$F$48400,"C")/COUNTIFS($C$24:$C$48400,CR$16,$D$24:$D$48400,">="&$CO54),"NA") -> 0
B55: 44487 | C55: 700 | D55: 3 | E55: Overlapping Sets | F55: C | G55: One night a certain hotel rented 3/4 of its rooms. including : Problem Solving (PS) (gmatclub.com) | K55: Y | L55: Y | M55: Y | N55: Y | O55: Y | P55: Y | Q55: Y | R55: Y | S55: Y | T55: Y | U55: N | BD55: 1C | BS55: =IF(COUNTA(AC55:BP55)=1,"CORRECT","EMPTY") -> CORRECT | CO55: =CO54+0.25 -> 9.025 | CP55: =IFERROR(COUNTIFS($C$24:$C$48400,CP$16,$D$24:$D$48400,">="&$CO55,$F$24:$F$48400,"C")/COUNTIFS($C$24:$C$48400,CP$16,$D$24:$D$48400,">="&$CO55),"NA") -> NA | CQ55: =IFERROR(COUNTIFS($C$24:$C$48400,CQ$16,$D$24:$D$48400,">="&$CO55,$F$24:$F$48400,"C")/COUNTIFS($C$24:$C$48400,CQ$16,$D$24:$D$48400,">="&$CO55),"NA") -> 0.44444444 | CR55: =IFERROR(COUNTIFS($C$24:$C$48400,CR$16,$D$24:$D$48400,">="&$CO55,$F$24:$F$48400,"C")/COUNTIFS($C$24:$C$48400,CR$16,$D$24:$D$48400,">="&$CO55),"NA") -> 0
B56: 44487 | C56: 600-700 | D56: 2 | E56: Weighted Avg | F56: C | G56: In calvin’s chemistry class, her final grade : Problem Solving (PS) (gmatclub.com) | K56: Y | L56: Y | M56: Y | N56: Y | O56: Y | P56: Y | Q56: Y | R56: Y | S56: Y | T56: Y | U56: N | BC56: 1C | BS56: =IF(COUNTA(AC56:BP56)=1,"CORRECT","EMPTY") -> CORRECT | CO56: =CO55+0.25 -> 9.275 | CP56: =IFERROR(COUNTIFS($C$24:$C$48400,CP$16,$D$24:$D$48400,">="&$CO56,$F$24:$F$48400,"C")/COUNTIFS($C$24:$C$48400,CP$16,$D$24:$D$48400,">="&$CO56),"NA") -> NA | CQ56: =IFERROR(COUNTIFS($C$24:$C$48400,CQ$16,$D$24:$D$48400,">="&$CO56,$F$24:$F$48400,"C")/COUNTIFS($C$24:$C$48400,CQ$16,$D$24:$D$48400,">="&$CO56),"NA") -> 0.5 | CR56: =IFERROR(COUNTIFS($C$24:$C$48400,CR$16,$D$24:$D$48400,">="&$CO56,$F$24:$F$48400,"C")/COUNTIFS($C$24:$C$48400,CR$16,$D$24:$D$48400,">="&$CO56),"NA") -> 0
B57: 44487 | C57: 600-700 | D57: =5/6+2 -> 2.8333333 | E57: Weighted Avg | F57: C | G57: Two brands of detergent are to be combined. Detergent X contains 20 pe : Problem Solving (PS) (gmatclub.com) | K57: Y | L57: Y | M57: Y | N57: Y | O57: Y | P57: Y | Q57: Y | R57: Y | S57: Y | T57: Y | U57: N | AA57: TRIED TO USE (MIXTURE PROB) - DIDN'T WORK, USED LOGIC FOR SUCCESS | BC57: 1C | BS57: =IF(COUNTA(AC57:BP57)=1,"CORRECT","EMPTY") -> CORRECT | CO57: =CO56+0.25 -> 9.525 | CP57: =IFERROR(COUNTIFS($C$24:$C$48400,CP$16,$D$24:$D$48400,">="&$CO57,$F$24:$F$48400,"C")/COUNTIFS($C$24:$C$48400,CP$16,$D$24:$D$48400,">="&$CO57),"NA") -> NA | CQ57: =IFERROR(COUNTIFS($C$24:$C$48400,CQ$16,$D$24:$D$48400,">="&$CO57,$F$24:$F$48400,"C")/COUNTIFS($C$24:$C$48400,CQ$16,$D$24:$D$48400,">="&$CO57),"NA") -> 0.5 | CR57: =IFERROR(COUNTIFS($C$24:$C$48400,CR$16,$D$24:$D$48400,">="&$CO57,$F$24:$F$48400,"C")/COUNTIFS($C$24:$C$48400,CR$16,$D$24:$D$48400,">="&$CO57),"NA") -> 0
B58: 44487 | C58: 600-700 | D58: 4 | E58: Overlapping Sets | F58: C | G58: Of the 84 parents who attended a meeting at a school, 35 volunteered : Problem Solving (PS) (gmatclub.com) | K58: Y | L58: Y | M58: Y | N58: Y | O58: Y | P58: Y | Q58: Y | R58: Y | S58: Y | T58: Y | U58: N | BD58: 1C | BS58: =IF(COUNTA(AC58:BP58)=1,"CORRECT","EMPTY") -> CORRECT | CO58: =CO57+0.25 -> 9.775 | CP58: =IFERROR(COUNTIFS($C$24:$C$48400,CP$16,$D$24:$D$48400,">="&$CO58,$F$24:$F$48400,"C")/COUNTIFS($C$24:$C$48400,CP$16,$D$24:$D$48400,">="&$CO58),"NA") -> NA | CQ58: =IFERROR(COUNTIFS($C$24:$C$48400,CQ$16,$D$24:$D$48400,">="&$CO58,$F$24:$F$48400,"C")/COUNTIFS($C$24:$C$48400,CQ$16,$D$24:$D$48400,">="&$CO58),"NA") -> 0.5 | CR58: =IFERROR(COUNTIFS($C$24:$C$48400,CR$16,$D$24:$D$48400,">="&$CO58,$F$24:$F$48400,"C")/COUNTIFS($C$24:$C$48400,CR$16,$D$24:$D$48400,">="&$CO58),"NA") -> 0
B59: 44487 | C59: 600-700 | D59: 1.99 | E59: Weighted Avg | F59: W | G59: By weight, liquid X makes up 0.8 percent of solution A and 1.8 percent : Problem Solving (PS) (gmatclub.com) | K59: Y | L59: Y | M59: Y | N59: Y | O59: Y | P59: Y | Q59: Y | R59: N | S59: N | T59: N | U59: N | AA59: DID NOT CHECK UNITS - WRONG DECIMAL PLACE | BC59: 1W | BS59: =IF(COUNTA(AC59:BP59)=1,"CORRECT","EMPTY") -> CORRECT | CO59: =CO58+0.25 -> 10.025 | CP59: =IFERROR(COUNTIFS($C$24:$C$48400,CP$16,$D$24:$D$48400,">="&$CO59,$F$24:$F$48400,"C")/COUNTIFS($C$24:$C$48400,CP$16,$D$24:$D$48400,">="&$CO59),"NA") -> NA | CQ59: =IFERROR(COUNTIFS($C$24:$C$48400,CQ$16,$D$24:$D$48400,">="&$CO59,$F$24:$F$48400,"C")/COUNTIFS($C$24:$C$48400,CQ$16,$D$24:$D$48400,">="&$CO59),"NA") -> 0.25 | CR59: =IFERROR(COUNTIFS($C$24:$C$48400,CR$16,$D$24:$D$48400,">="&$CO59,$F$24:$F$48400,"C")/COUNTIFS($C$24:$C$48400,CR$16,$D$24:$D$48400,">="&$CO59),"NA") -> NA
B60: 44487 | C60: 600-700 | D60: 5 | E60: Overlapping Sets | F60: C | G60: There are 816 students in enrolled at a certain high school. Each of : Problem Solving (PS) (gmatclub.com) | K60: Y | L60: Y | M60: Y | N60: Y | O60: Y | P60: Y | Q60: Y | R60: Y | S60: Y | T60: Y | U60: N | BD60: 1C | BS60: =IF(COUNTA(AC60:BP60)=1,"CORRECT","EMPTY") -> CORRECT | CO60: =CO59+0.25 -> 10.275 | CP60: =IFERROR(COUNTIFS($C$24:$C$48400,CP$16,$D$24:$D$48400,">="&$CO60,$F$24:$F$48400,"C")/COUNTIFS($C$24:$C$48400,CP$16,$D$24:$D$48400,">="&$CO60),"NA") -> NA | CQ60: =IFERROR(COUNTIFS($C$24:$C$48400,CQ$16,$D$24:$D$48400,">="&$CO60,$F$24:$F$48400,"C")/COUNTIFS($C$24:$C$48400,CQ$16,$D$24:$D$48400,">="&$CO60),"NA") -> 0.25 | CR60: =IFERROR(COUNTIFS($C$24:$C$48400,CR$16,$D$24:$D$48400,">="&$CO60,$F$24:$F$48400,"C")/COUNTIFS($C$24:$C$48400,CR$16,$D$24:$D$48400,">="&$CO60),"NA") -> NA
B61: 44487 | C61: 700 | D61: 3 | E61: Weighted Avg | F61: C | G61: There are 2 bars of gold-silver alloy; one piece has 2 parts : Problem Solving (PS) (gmatclub.com) | K61: Y | L61: Y | M61: Y | N61: Y | O61: Y | P61: Y | Q61: Y | R61: Y | S61: Y | T61: Y | U61: N | BC61: 1C | BS61: =IF(COUNTA(AC61:BP61)=1,"CORRECT","EMPTY") -> CORRECT
B62: 44487 | C62: 600-700 | D62: 5 | E62: Weighted Avg | F62: C | G62: A bartender wants to blend Drink A, which is 0% alcohol, with Drink B, : Problem Solving (PS) (gmatclub.com) | K62: Y | L62: Y | M62: Y | N62: Y | O62: Y | P62: Y | Q62: Y | R62: Y | S62: Y | T62: Y | U62: N | BC62: 1C | BS62: =IF(COUNTA(AC62:BP62)=1,"CORRECT","EMPTY") -> CORRECT
B63: 44487 | C63: 600-700 | D63: =(54/60) -> 0.9 | E63: Weighted Avg | F63: C | G63: Rice mixture A is 25 percent brown rice and 75 percent wild rice by we : Problem Solving (PS) (gmatclub.com) | K63: Y | L63: Y | M63: Y | N63: Y | O63: Y | P63: Y | Q63: Y | R63: Y | S63: Y | T63: Y | U63: N | BC63: 1C | BS63: =IF(COUNTA(AC63:BP63)=1,"CORRECT","EMPTY") -> CORRECT
B64: 44487 | C64: 600-700 | D64: =(1/6)+1 -> 1.1666667 | E64: Weighted Avg | F64: C | G64: Seed mixture X is 40 percent ryegrass and 60 percent bluegrass by weig : Problem Solving (PS) (gmatclub.com) | K64: Y | L64: Y | M64: Y | N64: Y | O64: Y | P64: Y | Q64: Y | R64: Y | S64: Y | T64: Y | U64: N | BC64: 1C | BS64: =IF(COUNTA(AC64:BP64)=1,"CORRECT","EMPTY") -> CORRECT
B65: 44488 | C65: 600-700 | D65: 4 | E65: Weighted Avg | F65: W | G65: How many gallons of milk that is 2% butterfat must be mixed with milk : Problem Solving (PS) (gmatclub.com) | K65: Y | L65: Y | M65: Y | N65: Y | O65: Y | P65: Y | Q65: Y | R65: Y | S65: Y | T65: Y | U65: N | Z65: the algebraic way to set up mixture probs is not terrible | AA65: DID NOT PROPERLY SET UP - USING EQUATION | BC65: 1W | BS65: =IF(COUNTA(AC65:BP65)=1,"CORRECT","EMPTY") -> CORRECT
B66: 44488 | C66: 600-700 | D66: 2 | E66: Weighted Avg | F66: W | G66: How many liters of pure alcohol must be added to a 100-liter : Problem Solving (PS) (gmatclub.com) | K66: Y | L66: Y | M66: Y | N66: Y | O66: Y | P66: Y | Q66: Y | R66: Y | S66: N | T66: N | U66: N | Z66: CHECK THAT MATH IS CORRECT AND HANDWRITING IS LEGIBLE | AA66: MATH ERROR | BC66: 1W | BS66: =IF(COUNTA(AC66:BP66)=1,"CORRECT","EMPTY") -> CORRECT
B67: 44488 | C67: 600-700 | D67: 3 | E67: Weighted Avg | F67: W | G67: A diet contains 300 grams of a mixture of two foods, food X : Problem Solving (PS) (gmatclub.com) | K67: Y | L67: Y | M67: Y | N67: Y | O67: Y | P67: Y | Q67: Y | R67: Y | S67: N | T67: N | U67: N | Z67: the algebraic way to set up mixture probs is not terrible | AA67: DID NOT PROPERLY SET UP - USING EQUATION | BC67: 1W | BS67: =IF(COUNTA(AC67:BP67)=1,"CORRECT","EMPTY") -> CORRECT
B68: 44488 | C68: sub-600 | D68: 4 | E68: Combinotronics | F68: W | G68: The I Eta Pi fraternity must choose a delegation of 3 senior members : Problem Solving (PS) (gmatclub.com) | K68: N | L68: N | M68: N | N68: N | O68: N | P68: N | Q68: N | R68: N | S68: N | T68: N | U68: N | Z68: COMB NOT PERM WHEN THERES NO DELINATION BETWEEN CHOICES | AA68: COMB NOT PERM WHEN THERES NO DELINATION BETWEEN CHOICES | BF68: 1W | BS68: =IF(COUNTA(AC68:BP68)=1,"CORRECT","EMPTY") -> CORRECT
B69: 44488 | C69: sub-600 | D69: 0.75 | E69: Combinotronics | F69: C | G69: Nick is enrolling in classes for next quarter. He must choose a math c : Problem Solving (PS) (gmatclub.com) | K69: Y | L69: Y | M69: Y | N69: Y | O69: Y | P69: Y | Q69: Y | R69: Y | S69: Y | T69: Y | U69: N | Z69: just multiply when # of dif groups | BF69: 1C | BS69: =IF(COUNTA(AC69:BP69)=1,"CORRECT","EMPTY") -> CORRECT
B70: 44488 | C70: sub-600 | D70: 1 | E70: Combinotronics | F70: C | G70: How many 4-digit numbers can be formed from the digits 2, 3, 5, 6, 7 : Problem Solving (PS) (gmatclub.com) | K70: Y | L70: Y | M70: Y | N70: Y | O70: Y | P70: Y | Q70: Y | R70: Y | S70: Y | T70: Y | U70: N | Z70: given contained clue to # of options | BF70: 1C | BS70: =IF(COUNTA(AC70:BP70)=1,"CORRECT","EMPTY") -> CORRECT
B71: 44488 | C71: sub-600 | D71: 0.5 | E71: Combinotronics | F71: C | G71: A caterer must choose 3 canapés to serve from 12 possible selections. : Problem Solving (PS) (gmatclub.com) | K71: Y | L71: Y | M71: Y | N71: Y | O71: Y | P71: Y | Q71: Y | R71: Y | S71: Y | T71: Y | U71: N | Z71: simple math - helps | BF71: 1C | BS71: =IF(COUNTA(AC71:BP71)=1,"CORRECT","EMPTY") -> CORRECT
B72: 44488 | C72: sub-600 | D72: 1.5 | E72: Combinotronics | F72: C | G72: In how many ways can 3 red marbles, 2 blue marbles, and 5 yellow marbl : Problem Solving (PS) (gmatclub.com) | K72: Y | L72: Y | M72: Y | N72: Y | O72: Y | P72: Y | Q72: Y | R72: Y | S72: Y | T72: Y | U72: N | Z72: logic on these is very helpful! | BF72: 1C | BS72: =IF(COUNTA(AC72:BP72)=1,"CORRECT","EMPTY") -> CORRECT
B73: 44488 | C73: sub-600 | D73: 2 | E73: Combinotronics | F73: C | G73: A chemist is testing 6 different liquids. For each test, the chemist c : Problem Solving (PS) (gmatclub.com) | K73: Y | L73: Y | M73: Y | N73: Y | O73: Y | P73: Y | Q73: Y | R73: Y | S73: Y | T73: Y | U73: N | Z73: logic on these is very helpful! | BF73: 1C | BS73: =IF(COUNTA(AC73:BP73)=1,"CORRECT","EMPTY") -> CORRECT
B74: 44488 | C74: 600-700 | D74: =(1/6)+2 -> 2.1666667 | E74: Combinotronics | F74: C | G74: A jazz ensemble is holding auditions for new musicians. 11 total music : Problem Solving (PS) (gmatclub.com) | K74: Y | L74: Y | M74: Y | N74: Y | O74: Y | P74: Y | Q74: Y | R74: Y | S74: Y | T74: Y | U74: N | Z74: broke down given | BF74: 1C | BS74: =IF(COUNTA(AC74:BP74)=1,"CORRECT","EMPTY") -> CORRECT
B75: 44488 | C75: 600-700 | D75: 1 | E75: Combinotronics | F75: W | G75: How many 4 digit even numbers such that the digits are 2, 4, 5 and 8? : Problem Solving (PS) (gmatclub.com) | K75: Y | L75: Y | M75: Y | N75: Y | O75: Y | P75: N | Q75: N | R75: Y | S75: Y | T75: N | U75: N | Z75: (understood given was saying that UNIT DIGIT HAD TO BE even, and 1 of them (5) couldn’t fit there, but incorrectly aplpied the math - DIDN’T LOGIC OUT | AA75: DID NOT LOGIC OUT | BF75: 1W | BS75: =IF(COUNTA(AC75:BP75)=1,"CORRECT","EMPTY") -> CORRECT
B76: 44488 | C76: 600-700 | D76: =(54/60) -> 0.9 | E76: Combinotronics | F76: C | G76: How many five digit numbers can be formed with the digits 0, 1, 2, 3 : Problem Solving (PS) (gmatclub.com) | K76: Y | L76: Y | M76: Y | N76: Y | O76: Y | P76: Y | Q76: Y | R76: Y | S76: Y | T76: Y | U76: N | Z76: logic on these is very helpful! | BF76: 1C | BS76: =IF(COUNTA(AC76:BP76)=1,"CORRECT","EMPTY") -> CORRECT
B77: 44488 | C77: 600-700 | D77: 2.5 | E77: Combinotronics | F77: C | G77: In a horse show, nine of the horses competing were awarded ribbons. Th : Problem Solving (PS) (gmatclub.com) | K77: Y | L77: Y | M77: Y | N77: Y | O77: Y | P77: Y | Q77: Y | R77: Y | S77: Y | T77: Y | U77: N | Z77: LOGIC it OUT | BF77: 1C | BS77: =IF(COUNTA(AC77:BP77)=1,"CORRECT","EMPTY") -> CORRECT
B78: 44488 | C78: 600-700 | D78: 1.333 | E78: Combinotronics | F78: C | G78: How many 5-digit numbers can be formed from the digits 2, 3, 5, 6, 8, : Problem Solving (PS) (gmatclub.com) | K78: Y | L78: Y | M78: Y | N78: Y | O78: Y | P78: Y | Q78: Y | R78: Y | S78: Y | T78: Y | U78: N | Z78: LOGIC it OUT | BF78: 1C | BS78: =IF(COUNTA(AC78:BP78)=1,"CORRECT","EMPTY") -> CORRECT
B79: 44488 | C79: 600-700 | D79: 2.5 | E79: Combinotronics | F79: W | G79: Four men and four women are to be seated alternately at a round table. : Problem Solving (PS) (gmatclub.com) | K79: Y | L79: Y | M79: Y | N79: Y | O79: Y | P79: Y | Q79: Y | R79: Y | S79: Y | T79: Y | U79: N | Z79: seating ppl in a circle = (N-1)! Of ways, if 2 groups, 1st group is (n-1)! Ways x N! ways for second group | AA79: COMB NOT PERM WHEN THERES NO DELINATION BETWEEN CHOICES | BF79: 1W | BS79: =IF(COUNTA(AC79:BP79)=1,"CORRECT","EMPTY") -> CORRECT
B80: 44488 | C80: 600-700 | D80: 1.333 | E80: Weighted Avg | F80: C | G80: Bob just filled his car's gas tank with 20 gallons of gasohol, a mixtu : Problem Solving (PS) (gmatclub.com) | K80: Y | L80: Y | M80: Y | N80: Y | O80: Y | P80: Y | Q80: Y | R80: Y | S80: Y | T80: Y | U80: N | Z80: LOGIC it OUT | BC80: 1C | BS80: =IF(COUNTA(AC80:BP80)=1,"CORRECT","EMPTY") -> CORRECT
B81: 44488 | C81: 600-700 | D81: 1.66666 | E81: Overlapping Sets | F81: C | G81: On a certain transatlantic crossing, 20 percent of a ship's passengers : Problem Solving (PS) (gmatclub.com) | K81: Y | L81: Y | M81: Y | N81: Y | O81: Y | P81: Y | Q81: Y | R81: Y | S81: Y | T81: Y | U81: Y | Z81: overlapping sets - draw table and outline what solving for! - helps to limit work time and focus attn | BD81: 1C | BS81: =IF(COUNTA(AC81:BP81)=1,"CORRECT","EMPTY") -> CORRECT
B82: 44488 | C82: 600-700 | D82: 1.85 | E82: Overlapping Sets | F82: W | G82: In a class of 40 students, 12 enrolled for both English and German. 22 : Problem Solving (PS) (gmatclub.com) | K82: Y | L82: Y | M82: Y | N82: Y | O82: N | P82: N | Q82: Y | R82: N | S82: N | T82: N | U82: N | Z82: 2 circle VENN, TOTAL = only A + over lap + only B | AA82: CONFUSED SELF AND UNSURE OF WHERE TO GO TO SOLVE - TWO AVENUES | BD82: 1W | BS82: =IF(COUNTA(AC82:BP82)=1,"CORRECT","EMPTY") -> CORRECT
B83: 44488 | C83: 600-700 | D83: 1.65 | E83: Overlapping Sets | F83: C | G83: In a nationwide poll, N people were interviewed. If 1/4 of : Problem Solving (PS) (gmatclub.com) | K83: Y | L83: Y | M83: Y | N83: Y | O83: Y | P83: Y | Q83: Y | R83: Y | S83: Y | T83: Y | U83: Y | BD83: 1C | BS83: =IF(COUNTA(AC83:BP83)=1,"CORRECT","EMPTY") -> CORRECT
B84: 44488 | C84: 600-700 | D84: 3 | E84: Overlapping Sets | F84: W | G84: In a group of 68 students, each student is registered for at : Problem Solving (PS) (gmatclub.com) | K84: Y | L84: Y | M84: Y | N84: Y | O84: Y | P84: Y | Q84: Y | R84: Y | S84: Y | T84: Y | U84: Y | Z84: NEED TO FULLY REFRESH THE 3 OVERLAPPING SET F(X) | AA84: PROBLEM WITH TIS FUCKING FORMULA | BD84: 1W | BS84: =IF(COUNTA(AC84:BP84)=1,"CORRECT","EMPTY") -> CORRECT
B85: 44488 | C85: 600-700 | D85: 1.5 | E85: Weighted Avg | F85: C | G85: Jackie has two solutions that are 2 percent sulfuric acid : Problem Solving (PS) (gmatclub.com) | K85: Y | L85: Y | M85: Y | N85: Y | O85: Y | P85: Y | Q85: Y | R85: Y | S85: Y | T85: Y | U85: Y | BC85: 1C | BS85: =IF(COUNTA(AC85:BP85)=1,"CORRECT","EMPTY") -> CORRECT
B86: 44488 | C86: 600-700 | D86: 3 | E86: Overlapping Sets | F86: W | G86: Workers are grouped by their areas of expertise, and are : Problem Solving (PS) (gmatclub.com) | K86: Y | L86: Y | M86: Y | N86: Y | O86: Y | P86: Y | Q86: Y | R86: Y | S86: Y | T86: Y | U86: N | Z86: wrong - formula | AA86: wrong - formula | BC86: 1W | BS86: =IF(COUNTA(AC86:BP86)=1,"CORRECT","EMPTY") -> CORRECT
B87: 44488 | C87: 600-700 | D87: 4 | E87: Weighted Avg | F87: W | G87: Bob just filled his car's gas tank with 20 gallons of gasohol, a mixtu : Problem Solving (PS) (gmatclub.com) | K87: Y | L87: Y | M87: Y | N87: Y | O87: Y | P87: Y | Q87: Y | R87: Y | S87: Y | T87: Y | U87: Y | Z87: USE THE CHANGE IN RATIO FORMULA AS DETAILED IN COMMENTS ON THIS | AA87: didn't know what I was doing | BC87: 1W | BS87: =IF(COUNTA(AC87:BP87)=1,"CORRECT","EMPTY") -> CORRECT
B88: 44488 | C88: 600-700 | D88: 5 | E88: Weighted Avg | F88: W | G88: 10kg of a mixture contains 30% sand and 70% clay. In order t : Problem Solving (PS) (gmatclub.com) | K88: Y | L88: Y | M88: Y | N88: Y | O88: Y | P88: Y | Q88: Y | R88: Y | S88: Y | T88: Y | U88: N | Z88: wrong - formula | AA88: wrong - formula | BC88: 1W | BS88: =IF(COUNTA(AC88:BP88)=1,"CORRECT","EMPTY") -> CORRECT
B89: 44488 | C89: 600-700 | D89: 3.5 | E89: Overlapping Sets | F89: C | G89: In a corporation, 50 percent of the male employees and 40 : Problem Solving (PS) (gmatclub.com) | K89: Y | L89: Y | M89: Y | N89: Y | O89: Y | P89: Y | Q89: Y | R89: Y | S89: Y | T89: Y | U89: Y | Z89: 2 set matrix is down pat | BD89: 1C | BS89: =IF(COUNTA(AC89:BP89)=1,"CORRECT","EMPTY") -> CORRECT
B90: 44488 | C90: 600-700 | D90: 3 | E90: Overlapping Sets | F90: C | G90: In the city of San Durango, 60 people own cats, dogs, or rab : Problem Solving (PS) (gmatclub.com) | K90: Y | L90: Y | M90: Y | N90: Y | O90: Y | P90: Y | Q90: Y | R90: Y | S90: Y | T90: Y | U90: Y | Z90: I GOT IT RIGHT!!!! - FORMUL A is a+b+c-(2* atleast 2) +all 3 | BD90: 1C | BS90: =IF(COUNTA(AC90:BP90)=1,"CORRECT","EMPTY") -> CORRECT
B91: 44489 | C91: sub-600 | D91: 1.75 | E91: POS / NEG | F91: C | G91: If p/q < 1, and p and q are positive integers, which of the : Problem Solving (PS) (gmatclub.com) | K91: Y | L91: Y | M91: Y | N91: Y | O91: Y | P91: Y | Q91: Y | R91: Y | S91: Y | T91: Y | U91: Y | Z91: WB / SMART #s | AA91: IF MUST BE TRUE - start with E | AS91: 1C | BS91: =IF(COUNTA(AC91:BP91)=1,"CORRECT","EMPTY") -> CORRECT
B92: 44489 | C92: sub-600 | D92: 0.75 | E92: Primes | F92: C | G92: The sum of prime numbers that are greater than 60 but less : Problem Solving (PS) (gmatclub.com) | K92: Y | L92: Y | M92: Y | N92: Y | O92: Y | P92: Y | Q92: Y | R92: Y | S92: Y | T92: Y | U92: Y | Z92: Logic out, knew primes | AR92: 1C | BS92: =IF(COUNTA(AC92:BP92)=1,"CORRECT","EMPTY") -> CORRECT
B93: 44489 | C93: sub-600 | D93: 3.25 | E93: Digits | F93: C | G93: Find the unit's digit in the product 2467^153*341^72 : Problem Solving (PS) (gmatclub.com) | K93: Y | L93: Y | M93: Y | N93: Y | O93: Y | P93: Y | Q93: Y | R93: Y | S93: Y | T93: Y | U93: Y | AA93: FOR UNITS DIGITS: 1: determine number of endings in pattern 2.divide exponent by number of uni digs in patter - look at unit digit of that exponent 3. that’s the unit digit to use | AK93: 1C | BS93: =IF(COUNTA(AC93:BP93)=1,"CORRECT","EMPTY") -> CORRECT
B94: 44489 | C94: sub-600 | D94: 2 | E94: factorials | F94: C | G94: What is the largest power of 3 contained in 200! : Problem Solving (PS) (gmatclub.com) | K94: Y | L94: Y | M94: Y | N94: Y | O94: Y | P94: Y | Q94: Y | R94: Y | S94: Y | T94: Y | U94: Y | Z94: used simplified # of 3s in the factorial! Trick | AA94: used simplified # of 3s in the factorial! Trick | AL94: 1C | BS94: =IF(COUNTA(AC94:BP94)=1,"CORRECT","EMPTY") -> CORRECT
B95: 44489 | C95: sub-600 | D95: 2 | E95: Number properties | F95: C | G95: A positive integer n is a perfect number provided that the sum of all : Problem Solving (PS) (gmatclub.com) | K95: Y | L95: Y | M95: Y | N95: Y | O95: Y | P95: Y | Q95: Y | R95: Y | S95: Y | T95: Y | U95: Y | Z95: LOGIC IT OUT | AM95: 1C | BS95: =IF(COUNTA(AC95:BP95)=1,"CORRECT","EMPTY") -> CORRECT
B96: 44489 | C96: sub-600 | D96: 4 | E96: Number properties | F96: C | G96: The decimal d is formed by writing in succession all the pos : Problem Solving (PS) (gmatclub.com) | K96: Y | L96: Y | M96: Y | N96: Y | O96: Y | P96: Y | Q96: Y | R96: Y | S96: Y | T96: Y | U96: Y | Z96: LOGIC IT OUT / DREW DIAGRAM | AM96: 1C | BS96: =IF(COUNTA(AC96:BP96)=1,"CORRECT","EMPTY") -> CORRECT
B97: 44489 | C97: sub-600 | D97: 1 | E97: Sets | F97: C | G97: The sum of the first 50 positive even integers is 2550. What is the : Problem Solving (PS) (gmatclub.com) | K97: Y | L97: Y | M97: Y | N97: Y | O97: Y | P97: Y | Q97: Y | R97: Y | S97: Y | T97: Y | U97: Y | Z97: LOGIC IT OUT / DREW DIAGRAM | AI97: 1C | BS97: =IF(COUNTA(AC97:BP97)=1,"CORRECT","EMPTY") -> CORRECT
B98: 44489 | C98: sub-600 | D98: 1.25 | E98: factors | F98: W | G98: What is the smallest positive integer K such that the : Problem Solving (PS) (gmatclub.com) | K98: Y | L98: Y | M98: Y | N98: Y | O98: Y | P98: Y | Q98: Y | R98: Y | S98: Y | T98: Y | U98: Y | Z98: tried to work backwards and applied improper logic | AA98: NEEDED TO FACTOR - MAKE SURE TO FACTOR THE BIG NUMBER - GIVES US CLUES!!!!! | AN98: 1W | BS98: =IF(COUNTA(AC98:BP98)=1,"CORRECT","EMPTY") -> CORRECT
B99: 44489 | C99: sub-600 | D99: 1.5 | E99: Sets | F99: C | G99: If a equals the sum of the even integers from 2 to 20, inclusive, and : Problem Solving (PS) (gmatclub.com) | K99: Y | L99: Y | M99: Y | N99: Y | O99: Y | P99: Y | Q99: Y | R99: Y | S99: Y | T99: Y | U99: Y | Z99: LOGIC IT OUT / DREW DIAGRAM | AI99: 1C | BS99: =IF(COUNTA(AC99:BP99)=1,"CORRECT","EMPTY") -> CORRECT
B100: 44489 | C100: 600-700 | D100: 1 | E100: MAX / MIN | F100: C | G100: A builder wants to build a building with the following two properties: : Problem Solving (PS) (gmatclub.com) | K100: Y | L100: Y | M100: Y | N100: Y | O100: Y | P100: Y | Q100: Y | R100: Y | S100: Y | T100: Y | U100: Y | Z100: LOGIC IT OUT / DREW DIAGRAM | AA100: visually writing out helps a lot | BB100: 1C | BS100: =IF(COUNTA(AC100:BP100)=1,"CORRECT","EMPTY") -> CORRECT
B101: 44489 | C101: 600-700 | D101: =(48/60)+1 -> 1.8 | E101: MAX / MIN | F101: C | G101: There were 5 candidates (Alexa, Bill, Charlie, Dan, and Ernie) vying : Problem Solving (PS) (gmatclub.com) | K101: Y | L101: Y | M101: Y | N101: Y | O101: Y | P101: Y | Q101: Y | R101: Y | S101: Y | T101: Y | U101: Y | Z101: LOGIC IT OUT / DREW DIAGRAM | AA101: visually writing out helps a lot | BB101: 1C | BS101: =IF(COUNTA(AC101:BP101)=1,"CORRECT","EMPTY") -> CORRECT
B102: 44489 | C102: 600-700 | D102: =1+(3/60) -> 1.05 | E102: MAX / MIN | F102: W | G102: There were 5 candidates (Alexa, Bill, Charlie, Dan, and Ernie) vying : Problem Solving (PS) (gmatclub.com) | K102: Y | L102: Y | M102: Y | N102: Y | O102: Y | P102: Y | Q102: Y | R102: Y | S102: Y | T102: Y | U102: Y | Z102: LOGIC IT OUT / DREW DIAGRAM | AA102: SQRT 5 = 2.2 !!!! | BB102: 1W | BS102: =IF(COUNTA(AC102:BP102)=1,"CORRECT","EMPTY") -> CORRECT
B103: 44489 | C103: 600-700 | D103: =2+(18/60) -> 2.3 | E103: MAX / MIN | F103: W | G103: A person plans to visit the National Museum once each month in a year. : Problem Solving (PS) (gmatclub.com) | K103: Y | L103: Y | M103: Y | N103: Y | O103: Y | P103: Y | Q103: Y | R103: Y | S103: Y | T103: Y | U103: N | Z103: LOGIC IT OUT / DREW DIAGRAM | AA103: MATH ERROR (had 13 months!!! | BB103: 1W | BS103: =IF(COUNTA(AC103:BP103)=1,"CORRECT","EMPTY") -> CORRECT
B104: 44489 | C104: 600-700 | D104: 3 | E104: MAX / MIN | F104: C | G104: The number of identical books bought by David is one more than the pri : Problem Solving (PS) (gmatclub.com) | K104: Y | L104: Y | M104: Y | N104: Y | O104: Y | P104: Y | Q104: Y | R104: Y | S104: Y | T104: Y | U104: Y | Z104: ALGEBRA | AA104: CHECKED NEXT PERFECT SQUARE(ADDED TIME) | BB104: 1C | BS104: =IF(COUNTA(AC104:BP104)=1,"CORRECT","EMPTY") -> CORRECT
B105: 44489 | C105: 600-700 | D105: 1.75 | E105: MAX / MIN | F105: C | G105: What is the smallest positive integer for which x – 5 > 5 is true? : Problem Solving (PS) (gmatclub.com) | K105: Y | L105: Y | M105: Y | N105: Y | O105: Y | P105: Y | Q105: Y | R105: Y | S105: Y | T105: Y | U105: Y | Z105: ALGEBRA | AA105: CHECKED MATH AT END | BB105: 1C | BS105: =IF(COUNTA(AC105:BP105)=1,"CORRECT","EMPTY") -> CORRECT
...

Sheet Scatter Plots Time vs PCT Right

Sheet consolid QUANT
A1: Consolidated Math output
D2: pct seen breakdown by topic | E2: =E6/SUM($E$6:$AR$6) -> 0.073873874 | F2: =F6/SUM($E$6:$AR$6) -> 0.065765766 | G2: =G6/SUM($E$6:$AR$6) -> 0.028828829 | H2: =H6/SUM($E$6:$AR$6) -> 0.027027027 | I2: =I6/SUM($E$6:$AR$6) -> 0.038738739 | J2: =J6/SUM($E$6:$AR$6) -> 0.038738739 | K2: =K6/SUM($E$6:$AR$6) -> 0.027027027 | L2: =L6/SUM($E$6:$AR$6) -> 0.017117117 | ... AR2: =AR6/SUM($E$6:$AR$6) -> 0.022522523
D3: TOPICS | E3: ='PROB SOLV MATH TRACKER'!AC10 -> Algebra | F3: ='PROB SOLV MATH TRACKER'!AD10 -> Inequalities | G3: ='PROB SOLV MATH TRACKER'!AE10 -> Absolute Value | H3: ='PROB SOLV MATH TRACKER'!AF10 -> Roots | I3: ='PROB SOLV MATH TRACKER'!AG10 -> Exponents | J3: ='PROB SOLV MATH TRACKER'!AH10 -> Fractions / Decimals / PCT | K3: ='PROB SOLV MATH TRACKER'!AI10 -> Sets | L3: ='PROB SOLV MATH TRACKER'!AJ10 -> Statistics | ... AR3: ='PROB SOLV MATH TRACKER'!BP10 -> Triangles
D4: DS # Q Seen | E4: ='DATA SUFF MATH TRACKER'!AB11 -> 47 | F4: ='DATA SUFF MATH TRACKER'!AC11 -> 55 | G4: ='DATA SUFF MATH TRACKER'!AD11 -> 18 | H4: ='DATA SUFF MATH TRACKER'!AE11 -> 15 | I4: ='DATA SUFF MATH TRACKER'!AF11 -> 17 | J4: ='DATA SUFF MATH TRACKER'!AG11 -> 16 | K4: ='DATA SUFF MATH TRACKER'!AH11 -> 12 | L4: ='DATA SUFF MATH TRACKER'!AI11 -> 11 | ... AR4: ='DATA SUFF MATH TRACKER'!BO11 -> 10
D5: PS # Q Seen | E5: ='PROB SOLV MATH TRACKER'!AC11 -> 35 | F5: ='PROB SOLV MATH TRACKER'!AD11 -> 18 | G5: ='PROB SOLV MATH TRACKER'!AE11 -> 14 | H5: ='PROB SOLV MATH TRACKER'!AF11 -> 15 | I5: ='PROB SOLV MATH TRACKER'!AG11 -> 26 | J5: ='PROB SOLV MATH TRACKER'!AH11 -> 27 | K5: ='PROB SOLV MATH TRACKER'!AI11 -> 18 | L5: ='PROB SOLV MATH TRACKER'!AJ11 -> 8 | ... AR5: ='PROB SOLV MATH TRACKER'!BP11 -> 15
B6: overall percent correct | D6: TOTAL Q SEEN | E6: =SUM(E4:E5) -> 82 | F6: =SUM(F4:F5) -> 73 | G6: =SUM(G4:G5) -> 32 | H6: =SUM(H4:H5) -> 30 | I6: =SUM(I4:I5) -> 43 | J6: =SUM(J4:J5) -> 43 | K6: =SUM(K4:K5) -> 30 | L6: =SUM(L4:L5) -> 19 | ... AR6: =SUM(AR4:AR5) -> 25
B7: =SUM(E10:AR10)/SUM(E6:AR6) -> 0.64054054
D8: DS # Q Correct | E8: ='DATA SUFF MATH TRACKER'!AB12 -> 28 | F8: ='DATA SUFF MATH TRACKER'!AC12 -> 39 | G8: ='DATA SUFF MATH TRACKER'!AD12 -> 10 | H8: ='DATA SUFF MATH TRACKER'!AE12 -> 10 | I8: ='DATA SUFF MATH TRACKER'!AF12 -> 8 | J8: ='DATA SUFF MATH TRACKER'!AG12 -> 10 | K8: ='DATA SUFF MATH TRACKER'!AH12 -> 10 | L8: ='DATA SUFF MATH TRACKER'!AI12 -> 10 | ... AR8: ='DATA SUFF MATH TRACKER'!BO12 -> 6
D9: PS # Q Correct | E9: ='PROB SOLV MATH TRACKER'!AC12 -> 19 | F9: ='PROB SOLV MATH TRACKER'!AD12 -> 9 | G9: ='PROB SOLV MATH TRACKER'!AE12 -> 12 | H9: ='PROB SOLV MATH TRACKER'!AF12 -> 6 | I9: ='PROB SOLV MATH TRACKER'!AG12 -> 18 | J9: ='PROB SOLV MATH TRACKER'!AH12 -> 19 | K9: ='PROB SOLV MATH TRACKER'!AI12 -> 17 | L9: ='PROB SOLV MATH TRACKER'!AJ12 -> 4 | ... AR9: ='PROB SOLV MATH TRACKER'!BP12 -> 3
D10: TOTAL Q CORRECT | E10: =SUM(E8:E9) -> 47 | F10: =SUM(F8:F9) -> 48 | G10: =SUM(G8:G9) -> 22 | H10: =SUM(H8:H9) -> 16 | I10: =SUM(I8:I9) -> 26 | J10: =SUM(J8:J9) -> 29 | K10: =SUM(K8:K9) -> 27 | L10: =SUM(L8:L9) -> 14 | ... AR10: =SUM(AR8:AR9) -> 9
D12: DS # Q Wrong | E12: ='DATA SUFF MATH TRACKER'!AB13 -> 19 | F12: ='DATA SUFF MATH TRACKER'!AC13 -> 16 | G12: ='DATA SUFF MATH TRACKER'!AD13 -> 8 | H12: ='DATA SUFF MATH TRACKER'!AE13 -> 5 | I12: ='DATA SUFF MATH TRACKER'!AF13 -> 9 | J12: ='DATA SUFF MATH TRACKER'!AG13 -> 6 | K12: ='DATA SUFF MATH TRACKER'!AH13 -> 2 | L12: ='DATA SUFF MATH TRACKER'!AI13 -> 1 | ... AR12: ='DATA SUFF MATH TRACKER'!BO13 -> 4
D13: PS # Q Wrong | E13: ='PROB SOLV MATH TRACKER'!AC13 -> 16 | F13: ='PROB SOLV MATH TRACKER'!AD13 -> 9 | G13: ='PROB SOLV MATH TRACKER'!AE13 -> 2 | H13: ='PROB SOLV MATH TRACKER'!AF13 -> 9 | I13: ='PROB SOLV MATH TRACKER'!AG13 -> 8 | J13: ='PROB SOLV MATH TRACKER'!AH13 -> 8 | K13: ='PROB SOLV MATH TRACKER'!AI13 -> 1 | L13: ='PROB SOLV MATH TRACKER'!AJ13 -> 4 | ... AR13: ='PROB SOLV MATH TRACKER'!BP13 -> 12
D14: TOTAL Q WRONG | E14: =SUM(E12:E13) -> 35 | F14: =SUM(F12:F13) -> 25 | G14: =SUM(G12:G13) -> 10 | H14: =SUM(H12:H13) -> 14 | I14: =SUM(I12:I13) -> 17 | J14: =SUM(J12:J13) -> 14 | K14: =SUM(K12:K13) -> 3 | L14: =SUM(L12:L13) -> 5 | ... AR14: =SUM(AR12:AR13) -> 16
E15: =IF(SUM(E14,E10)=E6,"","ERROR") | F15: =IF(SUM(F14,F10)=F6,"","ERROR") | G15: =IF(SUM(G14,G10)=G6,"","ERROR") | H15: =IF(SUM(H14,H10)=H6,"","ERROR") | I15: =IF(SUM(I14,I10)=I6,"","ERROR") | J15: =IF(SUM(J14,J10)=J6,"","ERROR") | K15: =IF(SUM(K14,K10)=K6,"","ERROR") | L15: =IF(SUM(L14,L10)=L6,"","ERROR") | ... AR15: =IF(SUM(AR14,AR10)=AR6,"","ERROR")
D16: PCT CORRECT | E16: =IFERROR(E10/E6,"NA") -> 0.57317073 | F16: =IFERROR(F10/F6,"NA") -> 0.65753425 | G16: =IFERROR(G10/G6,"NA") -> 0.6875 | H16: =IFERROR(H10/H6,"NA") -> 0.53333333 | I16: =IFERROR(I10/I6,"NA") -> 0.60465116 | J16: =IFERROR(J10/J6,"NA") -> 0.6744186 | K16: =IFERROR(K10/K6,"NA") -> 0.9 | L16: =IFERROR(L10/L6,"NA") -> 0.73684211 | ... AR16: =IFERROR(AR10/AR6,"NA") -> 0.36
D17: PCT WRONG | E17: =IFERROR(E14/E6,"NA") -> 0.42682927 | F17: =IFERROR(F14/F6,"NA") -> 0.34246575 | G17: =IFERROR(G14/G6,"NA") -> 0.3125 | H17: =IFERROR(H14/H6,"NA") -> 0.46666667 | I17: =IFERROR(I14/I6,"NA") -> 0.39534884 | J17: =IFERROR(J14/J6,"NA") -> 0.3255814 | K17: =IFERROR(K14/K6,"NA") -> 0.1 | L17: =IFERROR(L14/L6,"NA") -> 0.26315789 | ... AR17: =IFERROR(AR14/AR6,"NA") -> 0.64
D19: 700
D20: 600-700
D21: sub 600
